Workbook
Name CL: 'C'!$B$2:$B$250
Name LN: L!$D$1:$M$1
Name Metal: 'Smelter List'!$W$3:$Z$3
Name MetalSmelter: 'Smelter Look-up'!#REF!
Name SL: Declaration!$P$3
Name SmelterID: 'Smelter Look-up'!#REF!
Name SmelterIdetifiedForMetal: 'Smelter List'!$B$5:$B$2504
Name SN: OFFSET('Smelter Look-up'!$B$4,MATCH(!$B1,'Smelter Look-up'!$A:$A,0)-4,0,COUNTIF('Smelter Look-up'!$A:$A,!$B1),1)

Sheet Revision
B2: DOCUMENT TITLE
B3: Conflict Minerals Reporting Template
B4: SHEET
B5: 1 of 8
B9: REVISION HISTORY
B10: A change in the first digit of the revision number (e.g., 1.0 to 2.0) signifies a set of major improvements have occurred which will likely include different data reporting requirements. Changes to the first or second decimal place (e.g., “2.01” to “2.02”) indicate only minor changes have been made to the template which are not expected to result in substantial changes to the data being reported. The addition of a letter (e.g., “a”, or “b”, or “c”) following the revision number indicate that only the standard smelter list has been updated from the prior version.
B12: REVISION | C12: ORIGINATOR | D12: RELEASE DATE | E12: DESCRIPTION OF FUNCTIONAL CHANGE | F12: UPDATES TO SMELTER LIST
B13: 1 | C13: Jared Connors, Intel | D13: July 19th, 2011 | E13: New Release
B14: 2 | C14: Jared Connors, Intel | D14: Aug 29th, 2012 | E14: Major update to functionality including: addition of the known smelter list, addition of declaration scope including product tab, and added and modified multiple questions and / or their responses. | F14: New.
B15: 2.01 | C15: Jared Connors, Intel | D15: Dec 21st, 2012 | E15: List of changes to the template functionality: 1. Modified Smelter List tab to prevent smelter rows from wrapping text. This was being caused by the hidden formula in column A which allows for a software vendor to easily grab the smelter IDs. 2. Changed protection settings on the Smelter List tab to allow users to delete rows. This allows users to delete rows with incorrect entries within the smelter tab. Ensured that columns could not be mistakenly deleted in the process. | F15: 1. Added “CV DS Jaya Abadi” an alias to “PT Stanindo Inti Perkasa” 2. Added “Mentok” as an alias to “PT Tambang Timah” 3. Corrected spelling of "Duoluoshan" id # 3CHN001 4. Corrected spelling of "Mitsubishi Materials Corporation" id # 1JPN039 5. Changed “Gejiu Non-ferrous” to its proper name “Geiju Non-Ferrous Metal Processing Co. Ltd.” 6. Changed “Mitsubishi Material” to its proper name “Mitsubishi Materials Corporation” 7. Changed “Niotan” to “Kemet Blue Powder” 8. Added “Nihon Material Co. LTD” as a gold refiner 9. Added “Aida Chemical Industries Co. Ltd.” as a gold refiner 10. Added “Asaka Riken Co Ltd” as a gold refiner
F16: 11. Added “Kojima Chemical” as a gold refiner 12. Added “Sabin” as a gold refiner 13. Added “United Precious Metal Refining Inc.” as a gold refiner 14. Added “Yokohama Metal Co Ltd” as a gold refiner 15. Added “CNMC (Guangxi) PGMA Co., Ltd.” as a tin refiner 16. Added “Conghua Tantalum and Niobium Smeltry” as a tantalum refiner 17. Removed “Tantalite Resources” as a refinery 18. Added “Minmetals Ganzhou Tin Co. Ltd.” as a tin refinery 19. Updated “ATI Metalworking Products” to its proper full name “ATI Tungsten Materials” 20. Updated “China Minmetals Corp.” to its proper full name “China Minmetals Nonferrous Metals Co Ltd”
F17: 21. Removed “Ganzhou Huaxing Tungsten” as a smelter 22. Removed “Ganzhou Nonferrous Metals Smelting Co Ltd.” as a smelter 23. Removed “Sichuan Metals & Materials Imp & Exp Co as a tungsten smelter 24. Added “Ganzhou Grand Sea W & Mo Group Co., Ltd.” as a tungsten smelter 25. Added “Hunan Chenzhou Mining Group Co” as a tungsten smelter 26. Added “Japan New Metals Co Ltd” as a tungsten smelter 27. Added “Zhuzhou Cemented Carbide Group Co Ltd” as a tungsten smelter
B18: 2.02 | C18: Jared Connors, Intel | D18: March 29th, 2013 | E18: 1. Added new selection to the metals dropdown lists of smelter list tab “Smelter not yet identified” 2. Moved “smelter not listed” to the bottom of each metals dropdown list 3. Fixed error in Checker sheet to eliminate display of text “one or more smelters have been added to smelter list” when rows are deleted 4. Rewrite of T&Cs 5. Adding Italian translation 6. Allow for deletion of rows in Smelter List tab 7. Removed hover over text in column C of Smelter List tab 8. Inserted additional rows for data entry on the Smelter List tab up to 2,500 rows 9. Made smelter ID numbers visible in Smelter List tab 10. Made template revision history tab visible | F18: 1. Added the following aliases to Ohio Precious Metals “OPM Metals”, “USPM”, “United States Precious Metals” 2. Added “ALMT” as tungsten smelter 3. Added “Suzhou Xingrui Noble” as gold smelter 4. Added “Shangdong Zhaojin Group” as an alias of “Shandong Zhaojin Gold & Silver Refinery Co., Ltd” 5. Added “Shandong Zhaoyuan Gold Argentine refining company limited” as an alias of “Zhongyuan Gold Smelter of Zhongjin Gold Corporation” 6. Added “SEMPSA” as an alias for “SEMPSA Joyeria Plateria SA” 7. Added “Umicore Brazil Ltd” as an alias for “Umicore Brasil Ltda” 8. Added “Pan Pacific Copper Co., LTD.” as a gold smelter 9. Added “White Solder Metalurgia” as a tin smelter 10. Added “JiuJiang JinXin Nonferrous Metals Co. Ltd.” as a tantalum smelter
E19: 11. Removed language selection from individual tabs, all controlled on Declaration tab 12. Updated template to prevent users from adding tabs to the worksheet 13. Added statement at the top of the revision history tab clarifying purpose of .0x revision updates | F19: 11. Corrected spelling of “jiujiang Tanbre” to “JiuJiang Tambre Co. Ltd.” 12. Added Torecom as a gold smelter 15. Added “PT Tinindo Internusa” as alias of “PT Tinindo Inter Nusa” 16. Added “CV Jus Tindo” as alias of “CV JusTindo” 17. Added “PT Bellitin Makmur Lestari” and “BML” as alias of “PT BilliTin Makmur Lestari” 18. Added “Liuzhou China Tin Group Co., Ltd.” as alias of “Liuzhou China Tin” 19. Added “PT Timah (Persero) TBK” and “Banka Tin” as alias of “PT Tambang Timah” 20. Added “Yun Nan Tin Co.,LTD” as alias of “Yunnan Tin Company Limited”
F20: 21. Added “GEJIU ZILI MINING&SMELTING CO.,LTD.” as alias of “Gejiu Zi-Li” 22. Added “Jiangxi Tungsten Co Ltd” as alias of “Jiangxi Tungsten Industry Group Co Ltd” 23. Added “Linwu Xianggui” as a tin smelter 24. Added "IMLI" and “Indra Eramulti Logam” as aliases of “PT Bukit Timah” 25. Added “CV Gita Pesona” as tin smelter 26. Added “PT Tommy Utama” as tin smelter 27. Added “PT Bangka Tin Industry” as tin smelter 28. Added “PT DS Jaya Abadi” as tin smelter 29. Added “PT Panca Mega” as tin smelter 30. Added “PT Seirama Tin investment” as tin smelter
F21: 31. Added “PT Karimun Mining” as tin smelter 32. Added “Cooper Santa” as tin smelter 33. Added “Daejin Indus Co. Ltd” as gold smelter 34. Added “DaeryongENC” as gold smelter 35. Added “Do Sung Corporation” as gold smelter 36. Added “Hwasung CJ Co. Ltd” as gold smelter 37. Added “Korea Metal” as gold smelter 38. Added “SAMWON METALS Corp.” as gold smelter
B22: 2.03 | C22: Akimasa Yamakawa, JEITA / John Plyler, BlackBerry | D22: July 12th, 2013 | E22: 1. Resolved Excel 2003 incompatibility with programming for multiple languages. 2. Minor corrections to row number references in the instructions. 3. Added translation on checker sheet for the Column Name “Hyperlink to Source” 4. Corrected Japanese translation of "authorized representative" and "representative" on Declaration worksheet. 5. Adjusted row spacing of misc cells to allow for different lengths of translated text and comments. 6. Removed the symbols for the metals on the standard smelter list (e.g., "Sn"). 7. Deleted text "If no for all metals, you are done with this survey." from question 1 on the Declaration worksheet. | F22: 1. Added “Fujian Jinxin Tungsten Co., Ltd.” as tungsten refiner 2. Added “Dayu Weiliang Tungsten Co., Ltd.” as tungsten refiner 3. Added “Xinhai Rendan Shaoguan Tungsten Co., Ltd.” as tungsten refiner 4. Added “Hunan Chun-Chang Nonferrous Smelting & Concentrating Co., Ltd.” as tungsten refiner 5. Added “Jiangxi Minmetals Gao'an Non-ferrous Metals Co., Ltd.” as tungsten refiner 6. Corrected the spelling of "Allydne" to "Alldyne" 7. Corrected the spelling of "Allydne Powder Technologies" to "Alldyne Powder Technologies" 8. Corrected the spelling of "Korea Metal" to "Korea Metal Co. Ltd" 9. Added "LMS Brasil S.A." as tantalum smelter 10. Added "QuantumClean" as tantalum smelter
F23: 11. Added "Taki Chemicals" as tantalum smelter 12. Added "Tantalite Resources" as tantalum smelter 13. Corrected naming inconsistency of “Ohio Precious Metals LLC.” on standard smelter list and alias table. 14. Corrected naming inconsistency of “The Refinery of Shandong Gold Mining Co., Ltd” on standard smelter list and alias table. 15. Added "Molycorp Silmet" as tantalum smelter 16. Added "King-Tan Tantalum Industry Ltd" as tantalum smelter 17. Added "CooperMetal" as an alias of "Coopersanta" 18. Corrected the spelling of "Malaysia Smelting Corp" to "Malaysia Smelting Corporation (MSC)" 19. Corrected the spelling of "Asahi Pretec Corp" to "Asahi Pretec Corporation" 20. Corrected the spelling of "United Precious Metal Refining Inc." to “United Precious Metal Refining, Inc.”
F24: 21. Added "Fenix Metals" as tin smelter 22. Changed alias “Bangka Tin” from “PT Tambang Timah” to “PT Timah” 23. Added “Ketapang” as an alias of “PT Bangka Putra Karya” 24. Corrected the Smelter ID of Cooper Santa from “2IDN063” to “2BRA063” 25. Added "Kundur" as an alias of “PT Tambang Timah” 26. Added “TT” as an alias of “PT Tambang Timah” 27. Added "CooperMetal" as an alias of "Coopersanta" 28. Corrected spelling of “CV Prima Timah Utama” to “PT Prima Timah Utama”.
B25: 2.03a | C25: John Plyler, BlackBerry | D25: July 25th, 2013 | E25: No functional change. | F25: 1. Corrected the spelling of "ALMT" to "A.L.M.T. Corp." 2. Added "A.L.M.T. Tungsten Corp", "Allied Material Corp", and "ALMT" as aliases of "A.L.M.T. Corp." 3. Corrected country of "A.L.M.T. Corp." to "Japan" and smelter ID to "4JPN020" 4. Changed alias "Wolfram" for "Wolfram Company CJSC" to "Wolfram [Russia]" 5. Added "Wolfram [Austria]" as an alias of "Wolfram Bergbau und Hütten AG" 6. Added "Kennametal Inc." as a tungsten refiner 7. Added "Kennametal" as an alias of "Kennametal Inc."
B26: 3 | C26: Akimasa Yamakawa, JEITA, and John Plyler, BlackBerry, under the direction of the CFSI Due Diligence Workgroup | D26: April 9th, 2014 | E26: Major update to synchronize the CFSI CMRT with the data fields in the newly published IPC-1755 Standard. Changes include: 1. Addition of new company information fields. 2. Two additional due diligence questions and removal of one. 3. Minor changes to question text throughout. 4. Expansion of instructions and definitions. 5. Updated translations of all modified text. | F26: Added the following gold refiners: 1. Bauer Walser AG 2. C. Hafner GmbH + Co. KG 3. China National Gold Group Corporation 4. Colt Refining 5. Daye Non-Ferrous Metals Mining Ltd. 6. Doduco 7. Eco-System Recycling Co., Ltd. 8. Gansu Seemine Material Hi-Tech Co Ltd 9. Guangdong Jinding Gold Limited 10. Hangzhou Fuchunjiang Smelting Co., Ltd.
F27: 11. Hunan Chenzhou Mining Industry Group 12. Kennecott Utah Copper LLC 13. Lingbao Jinyuan Tonghui Refinery Co. Ltd. 14. Luoyang Zijin Yinhui Metal Smelt Co Ltd 15. Metalor Technologies (Singapore) Pte. Ltd. 16. Ohura Precious Metal Industry Co., Ltd 17. Penglai Penggang Gold Industry Co Ltd 18. So Accurate Group, Inc. 19. Tongling nonferrous Metals Group Co.,Ltd 20. Umicore Precious Metals Thailand
F28: 21. YAMAMOTO PRECIOUS METAL CO., LTD. 22. Yunnan Copper Industry Co Ltd
F29: Added the following tantalum smelters: 1. Changsha South Tantalum Niobium Co Ltd 2. Guangdong Zhiyuan New Material Co., Ltd. 3. Hengyang King Xing Lifeng New Materials Co., LTD 4. Metallurgical Products India (Pvt.) Ltd. 5. Mineração Taboca S.A. 6. Shanghai Jiangxi Metals Co. Ltd 7. Yichun Jin Yang Rare Metal Co., Ltd
F30: Added the following tin smelters: 1. China Rare Metal Materials Company 2. Estanho de Rondônia S.A. 3. Magnu's Minerais Metais e Ligas LTDA 4. O.M. Manufacturing (Thailand) Co., Ltd. 5. Rui Da Hung 6. Soft Metais Ltda.
F31: Added the following tungsten refiners: 1. Ganzhou Jiangwu Ferrotungsten Co., Ltd. 2. Jiangxi Gan Bei Tungsten Co., Ltd. 3. Jiangxi Richsea New Materials Co., Ltd. 4. Jiangxi Tonggu Non-ferrous Metallurgical & Chemical Co., Ltd. 5. Jiangxi Xinsheng Tungsten Industry Co., Ltd. 6. Jiangxi Yaosheng Tungsten Co., Ltd. 7. Malipo Haiyu Tungsten Co., Ltd. 8. Xiamen Tungsten (H.C.) Co., Ltd.
F32: Removed the following as gold refiners: 1. Central Bank of the DPR of Korea 2.Codelco 3. Suzhou Xingrui Noble Removed "Gannon & Scott" as a tantalum smelter
F33: Removed the following as tin smelters: 1. CV Duta Putra Bangka 2. CV Gita Pesona 3. CV JusTindo 4. CV Makmur Jaya 5. CV Nurjanah 6. Gold Bell Group 7. PT Alam Lestari Kencana 8. PT Babel Surya Alam Lestari 9. PT Bangka Kudai Tin 10. PT Bangka Timah Utama Sejahtera
F34: 11. PT BilliTin Makmur Lestari 12. PT Fang Di MulTindo 13. PT HP Metals Indonesia 14. PT Koba Tin 15. PT Panca Mega 16. PT Seirama Tin investment 17. PT Sumber Jaya Indah 18. PT Timah Nusantara 19. PT Tommy Utama 20. PT Yinchendo Mining Industry
F35: Removed the following as tungsten refiners: 1. China Minmetals Nonferrous Metals Co Ltd 2. Ganzhou Grand Sea W & Mo Group Co Ltd
F36: Changed numerous Standard Smelter Names, including: 1. "Pan Pacific Copper Co. LTD" to "JX Nippon Mining & Metals Co., Ltd" 2. "Xstrata Canada Corporation" to "CCR Refinery – Glencore Canada Corporation" 3. "PT Refined Banka Tin" to "PT Refined Bangka Tin" 4. "ATI Tungsten Materials" to "Kennametal Huntsville" 5. "Jiangxi Rare Earth & Rare Metals Tungsten Group Corp" to "Ganzhou Non-ferrous Metals Smelting Co., Ltd." 6. "Kennametal Inc." to "Kennametal Fallon" 7. "Chaozhou Xianglu Tungsten Industry Co Ltd" to "Guangdong Xianglu Tungsten Industry Co., Ltd." Changed numerous "Alias" names of smelters and refiners.
B37: 3.01 | C37: Akimasa Yamakawa, JEITA, and John Plyler, BlackBerry, under the direction of the CFSI Due Diligence Workgroup | D37: May 30th, 2014 | E37: 1. Removed the ability to overwrite the “Declaration Scope or Class” field. Users are restricted to only use the drop-down options. 2. Addressed issue with Checker incorrectly showing “Description of Scope” as missing data when a user selects “B. Product (or List of Products)” as the Declaration Scope. 3. Programmed Checker to show missing data when response to question B is "Yes", unless a url is entered the corresponding "Comments" field. | F37: 1. Added the tin smelter "Melt Metais e Ligas S/A" 2. Added the tungsten refiner "Vietnam Youngsun Tungsten Industry Co., Ltd" 3. Corrected the name of tin smelter "Liuzhou China Tin" to "China Tin Group Co., Ltd." 4. Corrected the name of tin smelter "PT Timah" to "PT Timah (Persero), Tbk"
B38: 3.02 | C38: John Plyler, BlackBerry, under the direction of the CFSI Due Diligence Data Collection Workgroup | D38: Nov 7th, 2014 | E38: 1. Revisions to the German language translation throughout. 2. Correction of the Japanese language translation for Question 4 on the Declaration worksheet. | F38: This version incorporates numerous changes to the smelter list as reflected in the Standard Smelter List as of November 7, 2014. The latest version of the Standard Smelter List is available at: http://www.conflictfreesourcing.org.
B39: 4 | C39: CFSI Due Diligence Data Collection Workgroup | D39: Apr 30th, 2015 | E39: Replaced the Standard Smelter Names tab with the Smelter Reference List tab, displaying common alternate names for smelters as well as location information. Major update to synchronize the CFSI CMRT with the data fields in the newly revised IPC-1755 Standard. Changes include: 1. Changes to question text throughout. 2.Expansion of instructions and definitions. 3. Updated translations of all modified text. | F39: This version incorporates numerous changes to the smelter list as reflected in the Standard Smelter List as of April 17, 2015. The latest version of the Standard Smelter List is available at: http://www.conflictfreesourcing.org.
B40: 4.01 | C40: CFSI Due Diligence Data Collection Workgroup | D40: June 12th, 2015 | E40: Minor revisions to correct reported issues including those related to error checking on the "Checker" and “Smelter List” tabs. | F40: This version incorporates a few changes to the smelter list as reflected in the Standard Smelter List as of June 12, 2015. The latest version of the Standard Smelter List is available at: http://www.conflictfreesourcing.org.
B41: 4.01a | C41: CFSI Due Diligence Data Collection Workgroup | D41: August 6th, 2015 | E41: No functional change. Elemetal CID corrected to read CID001322. | F41: This version incorporates a few changes to the smelter list as reflected in the Standard Smelter List as of August 5, 2015. The latest version of the Standard Smelter List is available at: http://www.conflictfreesourcing.org.
B42: 4.01b | C42: CFSI Due Diligence Data Collection Workgroup | D42: November 16th, 2015 | E42: No functional change. | F42: This version incorporates a few changes to the smelter list as reflected in the Standard Smelter List as of November 6, 2015. The latest version of the Standard Smelter List is available at: http://www.conflictfreesourcing.org.
B43: 4.1 | C43: CFSI CMRT Team | D43: 42867 | E43: 1. Corrections to all bugs and errors 2. Enhancements which do not conflict with IPC-1755 a. Additions and clarifications in the instructions and definitions b. Smelter List Tab: Re-introduction of “smelter not yet identified” c. Smelter List Tab: Inclusion of drop down menu for smelter ID that triggers auto-population of columns B to J 3. Translation improvements and addition of Turkish language 4. Updates to the Smelter Reference List and Standard Smelter List a. Updated lists and corrections b. ASCII character set alignment | F43: This version incorporates a few changes to the smelter list as reflected in the Standard Smelter List as of March 23, 2016. The latest version of the Standard Smelter List is available at: http://www.conflictfreesourcing.org.
B44: 4.2 | C44: CFSI CMRT Team | D44: 42704 | E44: 1. Corrections to all bugs and errors 2. Enhancements which do not conflict with IPC-1755 a. Additions and clarifications in the instructions and definitions b. Update to ISO short names for countries 3. Translation improvements 4. Updates to the Smelter Reference List and Standard Smelter List | F44: This version incorporates a few changes to the smelter list as reflected in the Standard Smelter List as of October 6, 2016. The latest version of the Standard Smelter List is available at: http://www.conflictfreesourcing.org/conflict-free-smelter-program/exports/cmrt-export/.
B45: 5 | C45: CFSI CMRT Team | D45: 42867 | E45: 1. Corrections to all bugs and errors 2. Conformance to IPC-1755 in the wording of the following questions: Q. 1, Q. 2, Q. 5, A, F, I (formerly J); removal of former question G a. Additions and clarifications in the instructions and definitions b. Update to ISO short names for countries 3. Conformance to IPC-1755 use of ASCII character set for Standard Smelter Name in hidden column R on the smelter list 4. Addition of ISO Country Codes and State/Province Codes in hidden columns S and T on the smelter list 5. Renaming of "Smelter Reference List" to "Smelter Look-up" 6. Updates to translations for all modified text 7. Updates to the Smelter Look-up List and Standard Smelter List | F45: This version incorporates a few changes to the smelter list as reflected in the Standard Smelter List as of March 17, 2017. The latest version of the Standard Smelter List is available at: http://www.conflictfreesourcing.org/conflict-free-smelter-program/exports/cmrt-export/.
B46: 5.01 | C46: CFSI CMRT Team | D46: 42907 | E46: 1. Corrections to checker tab errors | F46: This version incorporates a few changes to the smelter list as reflected in the Standard Smelter List as of March 17, 2017. The latest version of the Standard Smelter List is available at: http://www.conflictfreesourcing.org/conflict-free-smelter-program/exports/cmrt-export/.
B47: 5.1 | C47: CFSI CMRT Team | D47: 43070 | E47: 1. Corrections to all bugs and errors 2. Enhancements which do not conflict with IPC-1755 a. Update to ISO short names for countries, states / provinces 3. Updates to the Smelter Reference List and Standard Smelter List 4. Change to .xlsx format | F47: This version incorporates a few changes to the smelter list as reflected in the Standard Smelter List as of September 29, 2017. The latest version of the Standard Smelter List is available at: http://www.conflictfreesourcing.org/conflict-free-smelter-program/exports/cmrt-export/.
B48: 5.11 | C48: RMI MRT Team | D48: 43217 | E48: 1. Corrections to all bugs and errors 2. Enhancements which do not conflict with IPC-1755 a. Update to ISO short names for countries, states / provinces 3. Updates to the Smelter Reference List and Standard Smelter List | F48: This version incorporates a few changes to the smelter list as reflected in the Standard Smelter List as of March 6, 2018. The latest version of the Standard Smelter List is available at: http://www.responsiblemineralsinitiative.org/responsible-minerals-assurance-process/exports/cmrt-export/.
B49: 5.12 | C49: RMI MRT Team | D49: 43581 | E49: 1. Corrections to all bugs and errors 2. Enhancements which do not conflict with IPC-1755 a. Update to ISO short names for countries, states / provinces 3. Updates to the Smelter Reference List and Standard Smelter List | F49: This version incorporates a few changes to the smelter list as reflected in the Standard Smelter List as of February 27, 2019. The latest version of the Standard Smelter List is available at: http://www.responsiblemineralsinitiative.org/responsible-minerals-assurance-process/exports/cmrt-export/.
B50: 6 | C50: RMI MRT Team | D50: 43964 | E50: 1. Corrections to all bugs and errors 2. Conformance to IPC-1755, which incorporated EU Conflict Minerals Regulation, in the wordings of the following questions: Q 4 (newly added), Q H(formerly Q I), removal of former question C a. Update to ISO short names for countries, states / provinces 3. Updates to the Smelter Reference List and Standard Smelter List | F50: This version incorporates a few changes to the smelter list as reflected in the Standard Smelter List as of March 3, 2020. The latest version of the Standard Smelter List is available at: http://www.responsiblemineralsinitiative.org/responsible-minerals-assurance-process/exports/cmrt-export/.
B51: 6.01 | C51: RMI MRT Team | D51: 43970 | E51: 1. Minor revisions to correct reported issues including those related to “Product List” tab. | F51: This version incorporates a few changes to the smelter list as reflected in the Standard Smelter List as of March 3, 2020. The latest version of the Standard Smelter List is available at: http://www.responsiblemineralsinitiative.org/responsible-minerals-assurance-process/exports/cmrt-export/.
B52: 6.1 | C52: RMI MRT Team | D52: 44314 | E52: 1. Corrections to all bugs and errors 2. Updates to Smelter Reference List and Standard Smelter List 3. Translation improvements | F52: This version incorporates a few changes to the smelter list as reflected in the Standard Smelter List as of February 19, 2021. The latest version of the Standard Smelter List is available at: http://www.responsiblemineralsinitiative.org/responsible-minerals-assurance-process/exports/cmrt-export/.
B53: 6.2 | C53: RMI MRT Team | D53: 44678 | E53: 1. Corrections to all bugs and errors 2. Updates to Smelter Reference List and Standard Smelter List 3. Translation improvements | F53: This version incorporates a few changes to the smelter list as reflected in the Standard Smelter List as of February 24, 2022. The latest version of the Standard Smelter List is available at: http://www.responsiblemineralsinitiative.org/responsible-minerals-assurance-process/exports/cmrt-export/.
B54: 6.21 | C54: RMI MRT Team | D54: 44687 | E54: 1. Minor revisions to correct reported issues including those related to “Smelter List” tab. | F54: This version incorporates a few changes to the smelter list as reflected in the Standard Smelter List as of February 24, 2022. The latest version of the Standard Smelter List is available at: http://www.responsiblemineralsinitiative.org/responsible-minerals-assurance-process/exports/cmrt-export/.
... B60: 6.6 | C60: RMI MRT Team | D60: 46129 | E60: 1. Change to Product List to include "Requester Product Number" and "Requester Product Name" 2. Enhancements which do not conflict with IPC-1755 a. Update to ISO short names for countries, states / provinces 3. Updates to Smelter Reference List and Standard Smelter List | F60: This version incorporates changes to the smelter list as reflected in the Standard Smelter List as of March 11, 2026. The latest version of the Standard Smelter List is available at: https://www.responsiblemineralsinitiative.org/facilities-lists/smelter-reference-lists-export/.
B61: =OFFSET(L!$C$1,MATCH("General"&"Cpy",L!$A:$A,0)-1,SL,,) -> © 2026 Responsible Minerals Initiative. All rights reserved.

Sheet Instructions
A1: =OFFSET(L!$C$1,MATCH("Instructions"&ADDRESS(ROW(),COLUMN(),4),L!$A:$A,0)-1,SL,,) -> RMI website: (www.responsiblemineralsinitiative.org) Training and guidance, template, Responsible Minerals Assurance Process conformant smelter list.
A2: =OFFSET(L!$C$1,MATCH("Instructions"&ADDRESS(ROW(),COLUMN(),4),L!$A:$A,0)-1,SL,,) -> Introduction
A3: =OFFSET(L!$C$1,MATCH("Instructions"&ADDRESS(ROW(),COLUMN(),4),L!$A:$A,0)-1,SL,,) -> This Conflict Minerals Reporting Template (Template) is a free, standardized reporting template created by the Responsible Minerals Initiative (RMI). The Template facilitates the transfer of information through the supply chain regarding mineral country of origin and smelters and refiners being utilized and supports compliance to legislation*. The template also facilitates the identification of new smelters and refiners to potentially undergo an audit via the Responsible Minerals Assurance Process**. The CMRT was designed for downstream companies to disclose information about their supply chains up to but not including the smelter. If you are a 3TG smelter or refiner, in accordance with the RMAP protocols, we recommend you enter your own name in the smelter list tab. When filling out the form, none of the cell entries should start will "=" or "#."
A4: =OFFSET(L!$C$1,MATCH("Instructions"&ADDRESS(ROW(),COLUMN(),4),L!$A:$A,0)-1,SL,,) -> * In 2010, the U.S. Dodd-Frank Wall Street Reform and Consumer Protection Act was passed concerning “conflict minerals” originating from the Democratic Republic of the Congo (DRC) or adjoining countries. The SEC published final rules associated with the disclosure of the source of conflict minerals by U.S. publicly traded companies (see the rules at http://www.sec.gov/rules/final/2012/34-67716.pdf). The rules reference the OECD Due Diligence Guidance for Responsible Supply Chains of Minerals from Conflict-Affected and High-Risk Areas, (http://www.oecd.org/daf/inv/mne/GuidanceEdition2.pdf), which guides suppliers to establish policies, due diligence frameworks and management systems. In 2017, Regulation (EU) 2017/821 of the European Parliament and of the European Council of 17 May 2017 was passed concerning supply chain due diligence obligations for Union importers of tin, tantalum and tungsten, their ores, and gold originating from conflict-affected and high-risk areas (see regulation at https://eur-lex.europa.eu/legal-content/EN/TXT/PDF/?uri=OJ:L:2017:130:FULL&from=EN) ** See information on the Responsible Minerals Initiative (www.responsiblemineralsinitiative.org).
A6: =OFFSET(L!$C$1,MATCH("Instructions"&ADDRESS(ROW(),COLUMN(),4),L!$A:$A,0)-1,SL,,) -> Instructions for completing Company Information questions (rows 8 - 22). Provide comments in ENGLISH only
A7: =OFFSET(L!$C$1,MATCH("Instructions"&ADDRESS(ROW(),COLUMN(),4),L!$A:$A,0)-1,SL,,) -> Note: Entries with (*) are mandatory fields.
A8: =OFFSET(L!$C$1,MATCH("Instructions"&ADDRESS(ROW(),COLUMN(),4),L!$A:$A,0)-1,SL,,) -> 1. Insert your company's Legal Name. Please do not use abbreviations. In this field you have the option to add other commercial names, DBAs, etc.
A9: =OFFSET(L!$C$1,MATCH("Instructions"&ADDRESS(ROW(),COLUMN(),4),L!$A:$A,0)-1,SL,,) -> 2. Select your company's Declaration Scope. The options for scope are: A. Company-wide B. Product (or List of Products) C. User-Defined For "Company-wide", the declaration encompasses the entirety of a company's products or product substances produced by the parent company. Therefore if the user is reporting 3TG data at the company level, they will be reporting conflict minerals data on all products they manufacture. For Scope selection of Product (or List of Products), a link to the worksheet tab for Product List will be displayed. If this scope is chosen, it is mandatory to list the Responder's Product Number of the products covered under the Scope of this Declaration in Column B of the Product List worksheet. It is optional to list the Responder's Product Name in Column C of the Product List worksheet. For Scope selection of "User Defined", it is mandatory that the user describes the scope to which the 3TG disclosure is applicable. The scope of this class shall be defined in a text field by the supplier and should be easily understood by customers or the receivers of the document. As an example, companies may provide a link to clarifying information. This field is mandatory.
A10: =OFFSET(L!$C$1,MATCH("Instructions"&ADDRESS(ROW(),COLUMN(),4),L!$A:$A,0)-1,SL,,) -> 3. Insert your company’s unique identifier number or code (DUNS number, VAT number, customer-specific identifier, etc.)
A11: =OFFSET(L!$C$1,MATCH("Instructions"&ADDRESS(ROW(),COLUMN(),4),L!$A:$A,0)-1,SL,,) -> 4. Insert the source for the unique identifier number or code ("DUNS", "VAT", "Customer", etc).
A12: =OFFSET(L!$C$1,MATCH("Instructions"&ADDRESS(ROW(),COLUMN(),4),L!$A:$A,0)-1,SL,,) -> 5. Insert your full company address (street, city, state, country, postal code). This field is optional.
A13: =OFFSET(L!$C$1,MATCH("Instructions"&ADDRESS(ROW(),COLUMN(),4),L!$A:$A,0)-1,SL,,) -> 6. Insert the name of the person to contact regarding the contents of the declaration information. This field is mandatory.
... A73: =OFFSET(L!$C$1,MATCH("Instructions"&ADDRESS(ROW(),COLUMN(),4),L!$A:$A,0)-1,SL,,) -> If any part of any provision of these Terms and Conditions shall be invalid or unenforceable under applicable law, said part shall be deemed ineffective to the extent of such invalidity or unenforceability only, without in any way affecting the remaining parts of said provision or the remaining provisions of these Terms and Conditions.
A75: =OFFSET(L!$C$1,MATCH("General"&"Cpy",L!$A:$A,0)-1,SL,,) -> © 2026 Responsible Minerals Initiative. All rights reserved.
A76: Return to declaration tab
A77: Revision 6.6 April 17, 2026

Sheet Definitions
B2: =OFFSET(L!$C$1,MATCH("Definitions"&ADDRESS(ROW(),COLUMN(),4),L!$A:$A,0)-1,SL,,) -> ITEM | C2: =OFFSET(L!$C$1,MATCH("Definitions"&ADDRESS(ROW(),COLUMN(),4),L!$A:$A,0)-1,SL,,) -> DEFINITION
B3: =OFFSET(L!$C$1,MATCH("Definitions"&ADDRESS(ROW(),COLUMN(),4),L!$A:$A,0)-1,SL,,) -> 3TG | C3: =OFFSET(L!$C$1,MATCH("Definitions"&ADDRESS(ROW(),COLUMN(),4),L!$A:$A,0)-1,SL,,) -> Tantalum, tin, tungsten, gold
B4: =OFFSET(L!$C$1,MATCH("Definitions"&ADDRESS(ROW(),COLUMN(),4),L!$A:$A,0)-1,SL,,) -> Authorizer | C4: =OFFSET(L!$C$1,MATCH("Definitions"&ADDRESS(ROW(),COLUMN(),4),L!$A:$A,0)-1,SL,,) -> This field identifies the person responsible for the content of the declaration. The authorizer may be a different individual from the contact person. It is not correct to use the words ‘‘same’’ or similar identification to provide the name of the authorizer.
B5: =OFFSET(L!$C$1,MATCH("Definitions"&ADDRESS(ROW(),COLUMN(),4),L!$A:$A,0)-1,SL,,) -> Conflict-Affected and High-Risk Area (CAHRA) | C5: =OFFSET(L!$C$1,MATCH("Definitions"&ADDRESS(ROW(),COLUMN(),4),L!$A:$A,0)-1,SL,,) -> Conflict-affected and high-risk areas are areas in a state of armed conflict, fragile post-conflict areas, as well as areas witnessing weak or non-existing governance and security, such as failed states, and widespread and systematic violations of international law, including human rights abuses.
B6: =OFFSET(L!$C$1,MATCH("Definitions"&ADDRESS(ROW(),COLUMN(),4),L!$A:$A,0)-1,SL,,) -> Conflict Mineral | C6: =OFFSET(L!$C$1,MATCH("Definitions"&ADDRESS(ROW(),COLUMN(),4),L!$A:$A,0)-1,SL,,) -> As defined in 2010 United States legislation, Dodd-Frank Wall Street Reform and Consumer Protection Act, Section 1502(e)(4): CONFLICT MINERAL.—The term ‘‘conflict mineral’’ means— (A) columbite-tantalite (coltan), cassiterite, gold, wolframite, or their derivatives; or (B) any other mineral or its derivatives determined by the Secretary of State to be financing conflict in the Democratic Republic of the Congo or an adjoining country. (available at http://www.sec.gov/about/laws/wallstreetreform-cpa.pdf)
B7: =OFFSET(L!$C$1,MATCH("Definitions"&ADDRESS(ROW(),COLUMN(),4),L!$A:$A,0)-1,SL,,) -> Covered Country(ies) | C7: =OFFSET(L!$C$1,MATCH("Definitions"&ADDRESS(ROW(),COLUMN(),4),L!$A:$A,0)-1,SL,,) -> Covered Country(ies) as defined by the United States Dodd-Frank Wall Street Reform and Consumer Protection Act of 2010. These countries include the Democratic Republic of the Congo and the nine countries with which it shares an internationally recognized border: Angola, Burundi, Central African Republic, Republic of the Congo, Rwanda, South Sudan, Tanzania, Uganda, Zambia.
B8: =OFFSET(L!$C$1,MATCH("Definitions"&ADDRESS(ROW(),COLUMN(),4),L!$A:$A,0)-1,SL,,) -> Declaration Scope or Class | C8: =OFFSET(L!$C$1,MATCH("Definitions"&ADDRESS(ROW(),COLUMN(),4),L!$A:$A,0)-1,SL,,) -> For the purposes of this template, “scope” describes the applicability of the information provided by the reporting company. The scope may encompass the entirety of a company’s services and/or products, or at a company’s discretion, the template may be used to report on a specific product (or products), or, be ‘User defined’. The ‘User defined’ scope selection or class may be used to describe any subset of a company’s operation or product portfolio.
B9: =OFFSET(L!$C$1,MATCH("Definitions"&ADDRESS(ROW(),COLUMN(),4),L!$A:$A,0)-1,SL,,) -> Dodd-Frank | C9: =OFFSET(L!$C$1,MATCH("Definitions"&ADDRESS(ROW(),COLUMN(),4),L!$A:$A,0)-1,SL,,) -> 2010 United States legislation, Dodd-Frank Wall Street Reform and Consumer Protection Act, Section 1502 (“Dodd-Frank”) (http://www.sec.gov/about/laws/wallstreetreform-cpa.pdf)
B10: =OFFSET(L!$C$1,MATCH("Definitions"&ADDRESS(ROW(),COLUMN(),4),L!$A:$A,0)-1,SL,,) -> DRC | C10: =OFFSET(L!$C$1,MATCH("Definitions"&ADDRESS(ROW(),COLUMN(),4),L!$A:$A,0)-1,SL,,) -> Democratic Republic of Congo
B11: =OFFSET(L!$C$1,MATCH("Definitions"&ADDRESS(ROW(),COLUMN(),4),L!$A:$A,0)-1,SL,,) -> DRC conflict-free | C11: =OFFSET(L!$C$1,MATCH("Definitions"&ADDRESS(ROW(),COLUMN(),4),L!$A:$A,0)-1,SL,,) -> Products that do not contain minerals that directly or indirectly finance or benefit armed groups in the Democratic Republic of the Congo or an adjoining country. Source: 2010 United States legislation, Dodd-Frank Wall Street Reform and Consumer Protection Act, Section 1502 (http://www.sec.gov/about/laws/wallstreetreform-cpa.pdf)
B12: =OFFSET(L!$C$1,MATCH("Definitions"&ADDRESS(ROW(),COLUMN(),4),L!$A:$A,0)-1,SL,,) -> Gold (Au) refiner (smelter) | C12: =OFFSET(L!$C$1,MATCH("Definitions"&ADDRESS(ROW(),COLUMN(),4),L!$A:$A,0)-1,SL,,) -> A gold refiner is a metallurgical operation that produces fine gold with a concentration of 99.5% or higher from gold and gold-bearing materials with lower concentrations. Refer to the RMAP assessment standard for this metal for a complete description at: https://www.responsiblemineralsinitiative.org/minerals-due-diligence/standards/.
B13: =OFFSET(L!$C$1,MATCH("Definitions"&ADDRESS(ROW(),COLUMN(),4),L!$A:$A,0)-1,SL,,) -> Independent Third-Party Assessment Firm | C13: =OFFSET(L!$C$1,MATCH("Definitions"&ADDRESS(ROW(),COLUMN(),4),L!$A:$A,0)-1,SL,,) -> With respect to smelter assessments, an “Independent Third-Party Assessment Firm” is a private sector organization competent in evaluating the smelter or refiner’s materials traceability against the standards of the RMAP or equivalent assessment standards. To maintain neutrality and impartiality, such organization and its team members must have no conflicts of interest with the assessment participant.
... B31: =OFFSET(L!$C$1,MATCH("Definitions"&ADDRESS(ROW(),COLUMN(),4),L!$A:$A,0)-1,SL,,) -> Tungsten (W) smelter | C31: =OFFSET(L!$C$1,MATCH("Definitions"&ADDRESS(ROW(),COLUMN(),4),L!$A:$A,0)-1,SL,,) -> A company with one or more facilities that converts W-containing ores (such as wolframite and scheelite), W concentrates, or W-bearing scrap (secondary material) into tungsten containing intermediates such as Ammonium Para-Tungstate (APT), Ammonium Meta-Tungstate (AMT), ferrotungsten, and tungsten oxides for direct sales or further processed into W-containing products (such as W powder or W-carbide powder). Refer to the RMAP assessment standard for this metal for a complete description at: https://www.responsiblemineralsinitiative.org/minerals-due-diligence/standards/.
B32: =OFFSET(L!$C$1,MATCH("General"&"Cpy",L!$A:$A,0)-1,SL,,) -> © 2026 Responsible Minerals Initiative. All rights reserved.

Sheet Declaration
D2: =OFFSET(L!$C$1,MATCH("Declaration"&ADDRESS(ROW(),COLUMN(),4),L!$A:$A,0)-1,SL,,) -> Conflict Minerals Reporting Template (CMRT)
B3: Select Language Preference Here: 请选择你的语言: 사용할 언어를 선택하시오 : 表示言語をここから選択してください: Sélectionner la langue préférée ici: Selecione Preferência de idioma Aqui: Wählen sie hier die Sprache: Seleccione el lenguaje de preferencia aqui: Selezionare la lingua di preferenza qui: Burada Dil Tercihini Belirleyin: | D3: English | J3: Revision 6.6 April 17, 2026 | P3: =MATCH($D$3,LN,0) -> 1
B4: =OFFSET(L!$C$1,MATCH("Declaration"&ADDRESS(ROW(),COLUMN(),4),L!$A:$A,0)-1,SL,,) -> The purpose of this document is to collect sourcing information on tin, tantalum, tungsten and gold used in products | I4: =OFFSET(L!$C$1,MATCH("Declaration"&ADDRESS(ROW(),COLUMN(),4),L!$A:$A,0)-1,SL,,) -> Link to Terms & Conditions
A5: =LEFT(D9,1) -> A
B6: =OFFSET(L!$C$1,MATCH("Declaration"&ADDRESS(ROW(),COLUMN(),4),L!$A:$A,0)-1,SL,,) -> Mandatory fields are noted with an asterisk (*). Consult the instructions tab for guidance on how to answer each question.
B7: =OFFSET(L!$C$1,MATCH("Declaration"&ADDRESS(ROW(),COLUMN(),4),L!$A:$A,0)-1,SL,,) -> Company Information
B8: =OFFSET(L!$C$1,MATCH("Declaration"&ADDRESS(ROW(),COLUMN(),4),L!$A:$A,0)-1,SL,,) -> Company Name (*): | D8: MV-Electronics Inc
B9: =OFFSET(L!$C$1,MATCH("Declaration"&ADDRESS(ROW(),COLUMN(),4),L!$A:$A,0)-1,SL,,) -> Declaration Scope or Class (*): | D9: A. Company | P9: A. Company | Q9: B. Product (or List of Products) | R9: C. User defined [Specify in 'Description of scope']
B10: =OFFSET(L!$C$1,MATCH("Declaration"&ADDRESS(ROW(),COLUMN(),4)&LEFT($D$9,1),L!$A:$A,0)-1,SL,,) -> Description of Scope: | D10: Crystals, XOs (Clock Oscillators), VCXOs (Voltage Controlled Clock Oscillators), TCXO (Temperature Compensated Crystal Oscillators), OCXO (Oven Controlled Crystal Oscillators)
D11: =IF(D9=Q9,OFFSET(L!$C$1,MATCH("Declaration"&ADDRESS(ROW(),COLUMN(),4),L!$A:$A,0)-1,SL,,),"")
B12: =OFFSET(L!$C$1,MATCH("Declaration"&ADDRESS(ROW(),COLUMN(),4),L!$A:$A,0)-1,SL,,) -> Company Unique ID: | D12: 114759888
B13: =OFFSET(L!$C$1,MATCH("Declaration"&ADDRESS(ROW(),COLUMN(),4),L!$A:$A,0)-1,SL,,) -> Company Unique ID Authority: | D13: DUNS
B14: =OFFSET(L!$C$1,MATCH("Declaration"&ADDRESS(ROW(),COLUMN(),4),L!$A:$A,0)-1,SL,,) -> Address: | D14: 4900 Carlisle Pike, #343, Mechanicsburg, PA 17050, USA
B15: =OFFSET(L!$C$1,MATCH("Declaration"&ADDRESS(ROW(),COLUMN(),4),L!$A:$A,0)-1,SL,,) -> Contact Name (*): | D15: Shiraz Vakharia
B16: =OFFSET(L!$C$1,MATCH("Declaration"&ADDRESS(ROW(),COLUMN(),4),L!$A:$A,0)-1,SL,,) -> Email – Contact (*): | D16: ShirazVakharia@MV-Electronics.com
B17: =OFFSET(L!$C$1,MATCH("Declaration"&ADDRESS(ROW(),COLUMN(),4),L!$A:$A,0)-1,SL,,) -> Phone – Contact (*): | D17: +1(717) 691-1582
B18: =OFFSET(L!$C$1,MATCH("Declaration"&ADDRESS(ROW(),COLUMN(),4),L!$A:$A,0)-1,SL,,) -> Authorizer (*): | D18: Shiraz Vakharia
B19: =OFFSET(L!$C$1,MATCH("Declaration"&ADDRESS(ROW(),COLUMN(),4),L!$A:$A,0)-1,SL,,) -> Title - Authorizer: | D19: President
B20: =OFFSET(L!$C$1,MATCH("Declaration"&ADDRESS(ROW(),COLUMN(),4),L!$A:$A,0)-1,SL,,) -> Email - Authorizer (*): | D20: ShirazVakharia@MV-Electronics.com
B21: =OFFSET(L!$C$1,MATCH("Declaration"&ADDRESS(ROW(),COLUMN(),4),L!$A:$A,0)-1,SL,,) -> Phone - Authorizer: | D21: +1(717) 691-1582
B22: =OFFSET(L!$C$1,MATCH("Declaration"&ADDRESS(ROW(),COLUMN(),4),L!$A:$A,0)-1,SL,,) -> Effective Date (*): | D22: 46152
B24: =OFFSET(L!$C$1,MATCH("Declaration"&ADDRESS(ROW(),COLUMN(),4),L!$A:$A,0)-1,SL,,) -> Answer the following questions 1 - 8 based on the declaration scope indicated above
B25: =OFFSET(L!$C$1,MATCH("Declaration"&ADDRESS(ROW(),COLUMN(),4),L!$A:$A,0)-1,SL,,) -> 1) Is any 3TG intentionally added or used in the product(s) or in the production process? (*) | D25: =OFFSET(L!$C$1,MATCH("Declaration"&ADDRESS(ROW(),COLUMN(),4),L!$A:$A,0)-1,SL,,) -> Answer | G25: =OFFSET(L!$C$1,MATCH("Declaration"&ADDRESS(ROW(),COLUMN(),4),L!$A:$A,0)-1,SL,,) -> Comments
B26: =OFFSET(L!$C$1,MATCH("Declaration"&ADDRESS(ROW(),COLUMN(),4),L!$A:$A,0)-1,SL,,)&P26 -> Tantalum | D26: No | P26: =IF(D$26="No","","(*)")
B27: =OFFSET(L!$C$1,MATCH("Declaration"&ADDRESS(ROW(),COLUMN(),4),L!$A:$A,0)-1,SL,,)&P27 -> Tin (*) | D27: Yes | P27: =IF(D$27="No","","(*)") -> (*)
B28: =OFFSET(L!$C$1,MATCH("Declaration"&ADDRESS(ROW(),COLUMN(),4),L!$A:$A,0)-1,SL,,)&P28 -> Gold (*) | D28: Yes | P28: =IF(D$28="No","","(*)") -> (*)
B29: =OFFSET(L!$C$1,MATCH("Declaration"&ADDRESS(ROW(),COLUMN(),4),L!$A:$A,0)-1,SL,,)&P29 -> Tungsten (*) | D29: Yes | P29: =IF(D$29="No","","(*)") -> (*)
B31: =OFFSET(L!$C$1,MATCH("Declaration"&ADDRESS(ROW(),COLUMN(),4),L!$A:$A,0)-1,SL,,)&Q$37 -> 2) Does any 3TG remain in the product(s)? (*) | D31: =D25 -> Answer | G31: =G25 -> Comments | P31: =COUNTIF(D$26:D$29,"No") -> 1 | Q31: =IF(P31=4,""," (*)") -> (*)
B32: =B26 -> Tantalum | P32: =IF(D$32="No","","(*)") -> (*)
B33: =B27 -> Tin (*) | D33: Yes | P33: =IF(D$33="No","","(*)") -> (*)
B34: =B28 -> Gold (*) | D34: Yes | P34: =IF(D$34="No","","(*)") -> (*)
B35: =B29 -> Tungsten (*) | D35: Yes | P35: =IF(D$35="No","","(*)") -> (*)
B37: =OFFSET(L!$C$1,MATCH("Declaration"&ADDRESS(ROW(),COLUMN(),4),L!$A:$A,0)-1,SL,,)&Q$37 -> 3) Do any of the smelters in your supply chain source the 3TG from the covered countries? (SEC term, see definitions tab) (*) | D37: =D25 -> Answer | G37: =G25 -> Comments | P37: =COUNTIF(D$26:D$29,"No")+COUNTIF(D$32:D$35,"No") -> 1 | Q37: =IF(P37>3,""," (*)") -> (*)
B38: =OFFSET(L!$C$1,MATCH("Declaration"&ADDRESS(ROW(),COLUMN(),4),L!$A:$A,0)-1,SL,,)&P38 -> Tantalum | P38: =IF((OR(D$26="No",D$32="No")),"","(*)")
B39: =OFFSET(L!$C$1,MATCH("Declaration"&ADDRESS(ROW(),COLUMN(),4),L!$A:$A,0)-1,SL,,)&P39 -> Tin (*) | D39: No | P39: =IF((OR(D$27="No",D$33="No")),"","(*)") -> (*)
B40: =OFFSET(L!$C$1,MATCH("Declaration"&ADDRESS(ROW(),COLUMN(),4),L!$A:$A,0)-1,SL,,)&P40 -> Gold (*) | D40: No | P40: =IF((OR(D$28="No",D$34="No")),"","(*)") -> (*)
B41: =OFFSET(L!$C$1,MATCH("Declaration"&ADDRESS(ROW(),COLUMN(),4),L!$A:$A,0)-1,SL,,)&P41 -> Tungsten (*) | D41: No | P41: =IF((OR(D$29="No",D$35="No")),"","(*)") -> (*)
B43: =OFFSET(L!$C$1,MATCH("Declaration"&ADDRESS(ROW(),COLUMN(),4),L!$A:$A,0)-1,SL,,)&Q$37 -> 4) Do any of the smelters in your supply chain source the 3TG from conflict-affected and high-risk areas? (*) | D43: =D25 -> Answer | G43: =G25 -> Comments | P43: =COUNTIF(D$26:D$29,"No")+COUNTIF(D$32:D$35,"No") -> 1 | Q43: =IF(P43>3,""," (*)") -> (*)
B44: =OFFSET(L!$C$1,MATCH("Declaration"&ADDRESS(ROW(),COLUMN(),4),L!$A:$A,0)-1,SL,,)&P44 -> Tantalum | P44: =IF((OR(D$26="No",D$32="No")),"","(*)")
B45: =OFFSET(L!$C$1,MATCH("Declaration"&ADDRESS(ROW(),COLUMN(),4),L!$A:$A,0)-1,SL,,)&P45 -> Tin (*) | D45: No | P45: =IF((OR(D$27="No",D$33="No")),"","(*)") -> (*)
B46: =OFFSET(L!$C$1,MATCH("Declaration"&ADDRESS(ROW(),COLUMN(),4),L!$A:$A,0)-1,SL,,)&P46 -> Gold (*) | D46: No | P46: =IF((OR(D$28="No",D$34="No")),"","(*)") -> (*)
B47: =OFFSET(L!$C$1,MATCH("Declaration"&ADDRESS(ROW(),COLUMN(),4),L!$A:$A,0)-1,SL,,)&P47 -> Tungsten (*) | D47: No | P47: =IF((OR(D$29="No",D$35="No")),"","(*)") -> (*)
B49: =OFFSET(L!$C$1,MATCH("Declaration"&ADDRESS(ROW(),COLUMN(),4),L!$A:$A,0)-1,SL,,)&Q$37 -> 5) Does 100 percent of the 3TG (necessary to the functionality or production of your products) originate from recycled or scrap sources? (*) | D49: =D25 -> Answer | G49: =G25 -> Comments
B50: =B38 -> Tantalum
B51: =B39 -> Tin (*) | D51: No
B52: =B40 -> Gold (*) | D52: No
B53: =B41 -> Tungsten (*) | D53: No
B55: =OFFSET(L!$C$1,MATCH("Declaration"&ADDRESS(ROW(),COLUMN(),4),L!$A:$A,0)-1,SL,,)&Q$37 -> 6) What percentage of relevant suppliers have provided a response to your supply chain survey? (*) | D55: =D25 -> Answer | G55: =G25 -> Comments
B56: =B38 -> Tantalum
B57: =B39 -> Tin (*) | D57: 1
B58: =B40 -> Gold (*) | D58: 1
B59: =B41 -> Tungsten (*) | D59: 1
B61: =OFFSET(L!$C$1,MATCH("Declaration"&ADDRESS(ROW(),COLUMN(),4),L!$A:$A,0)-1,SL,,)&Q$37 -> 7) Have you identified all of the smelters supplying the 3TG to your supply chain? (*) | D61: =D25 -> Answer | G61: =G25 -> Comments
B62: =B38 -> Tantalum
B63: =B39 -> Tin (*) | D63: Yes
B64: =B40 -> Gold (*) | D64: Yes
B65: =B41 -> Tungsten (*) | D65: Yes
B67: =OFFSET(L!$C$1,MATCH("Declaration"&ADDRESS(ROW(),COLUMN(),4),L!$A:$A,0)-1,SL,,)&Q$37 -> 8) Has all applicable smelter information received by your company been reported in this declaration? (*) | D67: =D25 -> Answer | G67: =G25 -> Comments | H67: =IF(Q75="(*)","Click here to enter smelter names","")
B68: =B38 -> Tantalum
B69: =B39 -> Tin (*) | D69: Yes
B70: =B40 -> Gold (*) | D70: Yes
B71: =B41 -> Tungsten (*) | D71: Yes
B73: =OFFSET(L!$C$1,MATCH("Declaration"&ADDRESS(ROW(),COLUMN(),4),L!$A:$A,0)-1,SL,,) -> Answer the Following Questions at a Company Level
B74: =OFFSET(L!$C$1,MATCH("Declaration"&ADDRESS(ROW(),COLUMN(),4),L!$A:$A,0)-1,SL,,) -> Question | D74: =D25 -> Answer | G74: =G25 -> Comments | H74: =HLOOKUP(SL,LT,$O74,0) -> #NAME? | I74: =HLOOKUP(SL,LT,$O74,0) -> #NAME?
B75: =OFFSET(L!$C$1,MATCH("Declaration"&ADDRESS(ROW(),COLUMN(),4),L!$A:$A,0)-1,SL,,)&$Q$37 -> A. Have you established a responsible minerals sourcing policy? (*) | D75: Yes
B77: =OFFSET(L!$C$1,MATCH("Declaration"&ADDRESS(ROW(),COLUMN(),4),L!$A:$A,0)-1,SL,,)&$Q$37 -> B. Is your responsible minerals sourcing policy publicly available on your website? (Note – If yes, the user shall specify the URL in the comment field.) (*) | D77: No
B79: =OFFSET(L!$C$1,MATCH("Declaration"&ADDRESS(ROW(),COLUMN(),4),L!$A:$A,0)-1,SL,,)&$Q$37 -> C. Do you require your direct suppliers to source the 3TG from smelters whose due diligence practices have been validated by an independent third party audit program? (*) | D79: Yes
B81: =OFFSET(L!$C$1,MATCH("Declaration"&ADDRESS(ROW(),COLUMN(),4),L!$A:$A,0)-1,SL,,)&$Q$37 -> D. Have you implemented due diligence measures for responsible sourcing? (*) | D81: Yes
B83: =OFFSET(L!$C$1,MATCH("Declaration"&ADDRESS(ROW(),COLUMN(),4),L!$A:$A,0)-1,SL,,)&$Q$37 -> E. Does your company conduct Conflict Minerals survey(s) of your relevant supplier(s)? (*) | D83: Yes, using other format (describe) | G83: We receive guarantee letters from our suppliers confirming no use of restricted materials.
B85: =OFFSET(L!$C$1,MATCH("Declaration"&ADDRESS(ROW(),COLUMN(),4),L!$A:$A,0)-1,SL,,)&$Q$37 -> F. Do you review due diligence information received from your suppliers against your company’s expectations? (*) | D85: Yes
B87: =OFFSET(L!$C$1,MATCH("Declaration"&ADDRESS(ROW(),COLUMN(),4),L!$A:$A,0)-1,SL,,)&$Q$37 -> G. Does your review process include corrective action management? (*) | D87: Yes
B89: =OFFSET(L!$C$1,MATCH("Declaration"&ADDRESS(ROW(),COLUMN(),4),L!$A:$A,0)-1,SL,,)&$Q$37 -> H. Is your company required to file an annual conflict minerals disclosure? (*) | D89: No
B90: =IF(OR($D$8="",$I$3=""),"","Click here to check required fields completion")
A91: =OFFSET(L!$C$1,MATCH("General"&"Cpy",L!$A:$A,0)-1,SL,,) -> © 2026 Responsible Minerals Initiative. All rights reserved.
B96: Yes | D96: =IF(AND(OR($D$26="Yes",$D$26=""),OR($D$32="Yes",$D$32="")),"Yes","") | E96: =IF(AND(OR($D$26="Yes",$D$26=""),OR($D$32="Yes",$D$32="")),"100%","") | G96: =IF(OR($D$26="Yes",$D$26=""),"Yes","")
B97: No | D97: =IF(AND(OR($D$26="Yes",$D$26=""),OR($D$32="Yes",$D$32="")),"No","") | E97: =IF(AND(OR($D$26="Yes",$D$26=""),OR($D$32="Yes",$D$32="")),"Greater than 90%","") | G97: =IF(OR($D$26="Yes",$D$26=""),"No","")
B98: Unknown | D98: =IF(AND(OR($D$26="Yes",$D$26=""),OR($D$32="Yes",$D$32="")),"Unknown","") | E98: =IF(AND(OR($D$26="Yes",$D$26=""),OR($D$32="Yes",$D$32="")),"Greater than 75%","") | G98: =IF(OR($D$27="Yes",$D$27=""),"Yes","") -> Yes
B99: 1 | D99: =IF(AND(OR($D$27="Yes",$D$27=""),OR($D$33="Yes",$D$33="")),"Yes","") -> Yes | E99: =IF(AND(OR($D$26="Yes",$D$26=""),OR($D$32="Yes",$D$32="")),"Greater than 50%","") | G99: =IF(OR($D$27="Yes",$D$27=""),"No","") -> No
B100: Greater than 90% | D100: =IF(AND(OR($D$27="Yes",$D$27=""),OR($D$33="Yes",$D$33="")),"No","") -> No | E100: =IF(AND(OR($D$26="Yes",$D$26=""),OR($D$32="Yes",$D$32="")),"50% or less","") | G100: =IF(OR($D$28="Yes",$D$28=""),"Yes","") -> Yes
B101: Greater than 75% | D101: =IF(AND(OR($D$27="Yes",$D$27=""),OR($D$33="Yes",$D$33="")),"Unknown","") -> Unknown | E101: =IF(AND(OR($D$26="Yes",$D$26=""),OR($D$32="Yes",$D$32="")),"None","") | G101: =IF(OR($D$28="Yes",$D$28=""),"No","") -> No
B102: Greater than 50% | D102: =IF(AND(OR($D$28="Yes",$D$28=""),OR($D$34="Yes",$D$34="")),"Yes","") -> Yes | E102: =IF(AND(OR($D$27="Yes",$D$27=""),OR($D$33="Yes",$D$33="")),"100%","") -> 100% | G102: =IF(OR($D$29="Yes",$D$29=""),"Yes","") -> Yes
B103: 50% or less | D103: =IF(AND(OR($D$28="Yes",$D$28=""),OR($D$34="Yes",$D$34="")),"No","") -> No | E103: =IF(AND(OR($D$27="Yes",$D$27=""),OR($D$33="Yes",$D$33="")),"Greater than 90%","") -> Greater than 90% | G103: =IF(OR($D$29="Yes",$D$29=""),"No","") -> No
B104: None | D104: =IF(AND(OR($D$28="Yes",$D$28=""),OR($D$34="Yes",$D$34="")),"Unknown","") -> Unknown | E104: =IF(AND(OR($D$27="Yes",$D$27=""),OR($D$33="Yes",$D$33="")),"Greater than 75%","") -> Greater than 75%
B105: Yes, in conformance with IPC1755 (e.g., CMRT) | D105: =IF(AND(OR($D$29="Yes",$D$29=""),OR($D$35="Yes",$D$35="")),"Yes","") -> Yes | E105: =IF(AND(OR($D$27="Yes",$D$27=""),OR($D$33="Yes",$D$33="")),"Greater than 50%","") -> Greater than 50%
B106: Yes, using other format (describe) | D106: =IF(AND(OR($D$29="Yes",$D$29=""),OR($D$35="Yes",$D$35="")),"No","") -> No | E106: =IF(AND(OR($D$27="Yes",$D$27=""),OR($D$33="Yes",$D$33="")),"50% or less","") -> 50% or less
B107: No | D107: =IF(AND(OR($D$29="Yes",$D$29=""),OR($D$35="Yes",$D$35="")),"Unknown","") -> Unknown | E107: =IF(AND(OR($D$27="Yes",$D$27=""),OR($D$33="Yes",$D$33="")),"None","") -> None
B108: Yes, with the SEC | E108: =IF(AND(OR($D$28="Yes",$D$28=""),OR($D$34="Yes",$D$34="")),"100%","") -> 100%
B109: Yes, with the EU | E109: =IF(AND(OR($D$28="Yes",$D$28=""),OR($D$34="Yes",$D$34="")),"Greater than 90%","") -> Greater than 90%
B110: Yes, with the SEC and the EU | E110: =IF(AND(OR($D$28="Yes",$D$28=""),OR($D$34="Yes",$D$34="")),"Greater than 75%","") -> Greater than 75%
B111: No | E111: =IF(AND(OR($D$28="Yes",$D$28=""),OR($D$34="Yes",$D$34="")),"Greater than 50%","") -> Greater than 50%
E112: =IF(AND(OR($D$28="Yes",$D$28=""),OR($D$34="Yes",$D$34="")),"50% or less","") -> 50% or less
E113: =IF(AND(OR($D$28="Yes",$D$28=""),OR($D$34="Yes",$D$34="")),"None","") -> None
E114: =IF(AND(OR($D$29="Yes",$D$29=""),OR($D$35="Yes",$D$35="")),"100%","") -> 100%
E115: =IF(AND(OR($D$29="Yes",$D$29=""),OR($D$35="Yes",$D$35="")),"Greater than 90%","") -> Greater than 90%
E116: =IF(AND(OR($D$29="Yes",$D$29=""),OR($D$35="Yes",$D$35="")),"Greater than 75%","") -> Greater than 75%
E117: =IF(AND(OR($D$29="Yes",$D$29=""),OR($D$35="Yes",$D$35="")),"Greater than 50%","") -> Greater than 50%
E118: =IF(AND(OR($D$29="Yes",$D$29=""),OR($D$35="Yes",$D$35="")),"50% or less","") -> 50% or less
E119: =IF(AND(OR($D$29="Yes",$D$29=""),OR($D$35="Yes",$D$35="")),"None","") -> None

Sheet Smelter List
U1: z
B2: =OFFSET(L!$C$1,MATCH("Smelter List"&ADDRESS(ROW(),COLUMN(),4),L!$A:$A,0)-1,SL,,) -> TO BEGIN: | J2: =OFFSET(L!$C$1,MATCH("Smelter List"&ADDRESS(ROW(),COLUMN(),4),L!$A:$A,0)-1,SL,,) -> Link to "RMAP Conformant Smelter List" | AH2: Yes
B3: =OFFSET(L!$C$1,MATCH("Smelter List"&ADDRESS(ROW(),COLUMN(),4),L!$A:$A,0)-1,SL,,) -> Option A: If you know the Smelter Identification Number, input the number in Column A (columns B, C, E, F, G, I and J will auto-populate); D will grey out. Option B: If you have a Metal and Smelter Look-up name combination, complete the following steps: Step 1. Select Metal in column B Step 2. Select from dropdown in column C (wrong combination will trigger RED color) Option C: If you have a Metal and Smelter Name combination, complete the following steps: Step 1. Select Metal in column B Step 2: Select "Smelter Not Listed" in the Smelter Look-up drop down and complete columns D & E Step 3. Enter all available smelter information in columns H through Q (*) Mandatory fields are noted with an asterisk. (1) Entry required when Smelter Look-up = "Smelter not listed" NOTE: A combination of Options A, B and C may be used to complete the Smelter List. Do not alter autopopulated cells. All errors in the Smelter Look-up should be reported to RMI by contacting RMI@responsiblebusiness.org. | G3: =OFFSET(L!$C$1,MATCH("General"&"Cpy",L!$A:$A,0)-1,SL,,) -> © 2026 Responsible Minerals Initiative. All rights reserved. | Q3: Revision 6.6 April 17, 2026 | W3: Tantalum | X3: Tin | Y3: Tungsten | Z3: Gold | AH3: No
A4: =OFFSET(L!$C$1,MATCH("Smelter List"&ADDRESS(ROW(),COLUMN(),4),L!$A:$A,0)-1,SL,,) -> Smelter Identification Number Input Column | B4: =OFFSET(L!$C$1,MATCH("Smelter List"&ADDRESS(ROW(),COLUMN(),4),L!$A:$A,0)-1,SL,,) -> Metal (*) | C4: =OFFSET(L!$C$1,MATCH("Smelter List"&ADDRESS(ROW(),COLUMN(),4),L!$A:$A,0)-1,SL,,) -> Smelter Look-up (*) | D4: =OFFSET(L!$C$1,MATCH("Smelter List"&ADDRESS(ROW(),COLUMN(),4),L!$A:$A,0)-1,SL,,) -> Smelter Name (1) | E4: =OFFSET(L!$C$1,MATCH("Smelter List"&ADDRESS(ROW(),COLUMN(),4),L!$A:$A,0)-1,SL,,) -> Smelter Country (*) | F4: =OFFSET(L!$C$1,MATCH("Smelter List"&ADDRESS(ROW(),COLUMN(),4),L!$A:$A,0)-1,SL,,) -> Smelter Identification | G4: =OFFSET(L!$C$1,MATCH("Smelter List"&ADDRESS(ROW(),COLUMN(),4),L!$A:$A,0)-1,SL,,) -> Source of Smelter Identification Number | H4: =OFFSET(L!$C$1,MATCH("Smelter List"&ADDRESS(ROW(),COLUMN(),4),L!$A:$A,0)-1,SL,,) -> Smelter Street | ... Q4: =OFFSET(L!$C$1,MATCH("Smelter List"&ADDRESS(ROW(),COLUMN(),4),L!$A:$A,0)-1,SL,,) -> Comments | R4: Standard Smelter Name | S4: Country Code | T4: State / Province Code | W4: Smelter not yet identified | X4: Smelter Not Listed | AH4: Unknown
A5: CID000807 | B5: Gold | C5: Ishifuku Metal Industry Co., Ltd. | E5: JAPAN | F5: CID000807 | G5: RMI | H5: 0 | I5: Soka | J5: Saitama | R5: =IF(ISERROR($V5),"",OFFSET('Smelter Look-up'!$C$4,$V5-4,0)&"") -> Ishifuku Metal Industry Co., Ltd. | S5: =IF(B5="","",IF(ISERROR(MATCH($E5,CL,0)),"Unknown",INDIRECT("'C'!$A$"&MATCH($E5,CL,0)+1))) -> JP | T5: =IF(B5="","",IF(ISERROR(MATCH($J5,SorP!$B$1:$B$6261,0)),"",INDIRECT("'SorP'!$A$"&MATCH($S5&$J5,SorP!C:C,0)))) -> JP-11 | V5: =IF(C5="",NA(),IF(OR(C5="Smelter not listed",C5="Smelter not yet identified"),MATCH($B5&$D5,'Smelter Look-up'!$J:$J,0),MATCH($B5&$C5,'Smelter Look-up'!$J:$J,0))) -> 137 | X5: =IF(AND(C5="Smelter not listed",OR(LEN(D5)=0,LEN(E5)=0)),1,0) -> 0 | AB5: =B5&C5 -> GoldIshifuku Metal Industry Co., Ltd.
A6: CID000937 | B6: Gold | C6: JX Nippon Mining & Metals Co., Ltd. | E6: JAPAN | F6: CID000937 | G6: RMI | H6: 0 | I6: Ōita | J6: Ôita | R6: =IF(ISERROR($V6),"",OFFSET('Smelter Look-up'!$C$4,$V6-4,0)&"") -> JX Advanced Metals Corporation | S6: =IF(B6="","",IF(ISERROR(MATCH($E6,CL,0)),"Unknown",INDIRECT("'C'!$A$"&MATCH($E6,CL,0)+1))) -> JP | T6: =IF(B6="","",IF(ISERROR(MATCH($J6,SorP!$B$1:$B$6261,0)),"",INDIRECT("'SorP'!$A$"&MATCH($S6&$J6,SorP!C:C,0)))) -> JP-44 | V6: =IF(C6="",NA(),IF(OR(C6="Smelter not listed",C6="Smelter not yet identified"),MATCH($B6&$D6,'Smelter Look-up'!$J:$J,0),MATCH($B6&$C6,'Smelter Look-up'!$J:$J,0))) -> 152 | X6: =IF(AND(C6="Smelter not listed",OR(LEN(D6)=0,LEN(E6)=0)),1,0) -> 0 | AB6: =B6&C6 -> GoldJX Nippon Mining & Metals Co., Ltd.
A7: CID001875 | B7: Gold | C7: Tanaka Kikinzoku Kogyo K.K. | E7: JAPAN | F7: CID001875 | G7: RMI | H7: 0 | I7: Hiratsuka | J7: Kanagawa | R7: =IF(ISERROR($V7),"",OFFSET('Smelter Look-up'!$C$4,$V7-4,0)&"") -> Tanaka Kikinzoku Kogyo K.K. | S7: =IF(B7="","",IF(ISERROR(MATCH($E7,CL,0)),"Unknown",INDIRECT("'C'!$A$"&MATCH($E7,CL,0)+1))) -> JP | T7: =IF(B7="","",IF(ISERROR(MATCH($J7,SorP!$B$1:$B$6261,0)),"",INDIRECT("'SorP'!$A$"&MATCH($S7&$J7,SorP!C:C,0)))) -> JP-14 | V7: =IF(C7="",NA(),IF(OR(C7="Smelter not listed",C7="Smelter not yet identified"),MATCH($B7&$D7,'Smelter Look-up'!$J:$J,0),MATCH($B7&$C7,'Smelter Look-up'!$J:$J,0))) -> 303 | X7: =IF(AND(C7="Smelter not listed",OR(LEN(D7)=0,LEN(E7)=0)),1,0) -> 0 | AB7: =B7&C7 -> GoldTanaka Kikinzoku Kogyo K.K.
A8: CID001193 | B8: Gold | C8: Mitsui Mining and Smelting Co., Ltd. | E8: JAPAN | F8: CID001193 | G8: RMI | H8: 0 | I8: Takehara | J8: Hiroshima | R8: =IF(ISERROR($V8),"",OFFSET('Smelter Look-up'!$C$4,$V8-4,0)&"") -> Mitsui Mining and Smelting Co., Ltd. | S8: =IF(B8="","",IF(ISERROR(MATCH($E8,CL,0)),"Unknown",INDIRECT("'C'!$A$"&MATCH($E8,CL,0)+1))) -> JP | T8: =IF(B8="","",IF(ISERROR(MATCH($J8,SorP!$B$1:$B$6261,0)),"",INDIRECT("'SorP'!$A$"&MATCH($S8&$J8,SorP!C:C,0)))) -> JP-34 | V8: =IF(C8="",NA(),IF(OR(C8="Smelter not listed",C8="Smelter not yet identified"),MATCH($B8&$D8,'Smelter Look-up'!$J:$J,0),MATCH($B8&$C8,'Smelter Look-up'!$J:$J,0))) -> 206 | X8: =IF(AND(C8="Smelter not listed",OR(LEN(D8)=0,LEN(E8)=0)),1,0) -> 0 | AB8: =B8&C8 -> GoldMitsui Mining and Smelting Co., Ltd.
A9: CID001798 | B9: Gold | C9: Sumitomo Metal Mining Co., Ltd. | E9: JAPAN | F9: CID001798 | G9: RMI | H9: 0 | I9: Saijo | J9: Ehime | R9: =IF(ISERROR($V9),"",OFFSET('Smelter Look-up'!$C$4,$V9-4,0)&"") -> Sumitomo Metal Mining Co., Ltd. | S9: =IF(B9="","",IF(ISERROR(MATCH($E9,CL,0)),"Unknown",INDIRECT("'C'!$A$"&MATCH($E9,CL,0)+1))) -> JP | T9: =IF(B9="","",IF(ISERROR(MATCH($J9,SorP!$B$1:$B$6261,0)),"",INDIRECT("'SorP'!$A$"&MATCH($S9&$J9,SorP!C:C,0)))) -> JP-38 | V9: =IF(C9="",NA(),IF(OR(C9="Smelter not listed",C9="Smelter not yet identified"),MATCH($B9&$D9,'Smelter Look-up'!$J:$J,0),MATCH($B9&$C9,'Smelter Look-up'!$J:$J,0))) -> 290 | X9: =IF(AND(C9="Smelter not listed",OR(LEN(D9)=0,LEN(E9)=0)),1,0) -> 0 | AB9: =B9&C9 -> GoldSumitomo Metal Mining Co., Ltd.
A10: CID002082 | B10: Tungsten | C10: Xiamen Tungsten Co., Ltd. | E10: CHINA | F10: CID002082 | G10: RMI | H10: 0 | I10: Xiamen | J10: Fujian Sheng | R10: =IF(ISERROR($V10),"",OFFSET('Smelter Look-up'!$C$4,$V10-4,0)&"") -> Xiamen Tungsten Co., Ltd. | S10: =IF(B10="","",IF(ISERROR(MATCH($E10,CL,0)),"Unknown",INDIRECT("'C'!$A$"&MATCH($E10,CL,0)+1))) -> CN | T10: =IF(B10="","",IF(ISERROR(MATCH($J10,SorP!$B$1:$B$6261,0)),"",INDIRECT("'SorP'!$A$"&MATCH($S10&$J10,SorP!C:C,0)))) -> CN-FJ | V10: =IF(C10="",NA(),IF(OR(C10="Smelter not listed",C10="Smelter not yet identified"),MATCH($B10&$D10,'Smelter Look-up'!$J:$J,0),MATCH($B10&$C10,'Smelter Look-up'!$J:$J,0))) -> 650 | X10: =IF(AND(C10="Smelter not listed",OR(LEN(D10)=0,LEN(E10)=0)),1,0) -> 0 | AB10: =B10&C10 -> TungstenXiamen Tungsten Co., Ltd.
A11: CID002317 | B11: Tungsten | C11: Jiangxi Xinsheng Tungsten Industry Co., Ltd. | E11: CHINA | F11: CID002317 | G11: RMI | H11: 0 | I11: Ganzhou | J11: Jiangxi Sheng | R11: =IF(ISERROR($V11),"",OFFSET('Smelter Look-up'!$C$4,$V11-4,0)&"") -> Jiangxi Xinsheng Tungsten Industry Co., Ltd. | S11: =IF(B11="","",IF(ISERROR(MATCH($E11,CL,0)),"Unknown",INDIRECT("'C'!$A$"&MATCH($E11,CL,0)+1))) -> CN | T11: =IF(B11="","",IF(ISERROR(MATCH($J11,SorP!$B$1:$B$6261,0)),"",INDIRECT("'SorP'!$A$"&MATCH($S11&$J11,SorP!C:C,0)))) -> CN-JX | V11: =IF(C11="",NA(),IF(OR(C11="Smelter not listed",C11="Smelter not yet identified"),MATCH($B11&$D11,'Smelter Look-up'!$J:$J,0),MATCH($B11&$C11,'Smelter Look-up'!$J:$J,0))) -> 612 | X11: =IF(AND(C11="Smelter not listed",OR(LEN(D11)=0,LEN(E11)=0)),1,0) -> 0 | AB11: =B11&C11 -> TungstenJiangxi Xinsheng Tungsten Industry Co., Ltd.
A12: CID000875 | B12: Tungsten | C12: Ganzhou Huaxing Tungsten Products Co., Ltd. | E12: CHINA | F12: CID000875 | G12: RMI | H12: 0 | I12: Ganzhou | J12: Jiangxi Sheng | R12: =IF(ISERROR($V12),"",OFFSET('Smelter Look-up'!$C$4,$V12-4,0)&"") | S12: =IF(B12="","",IF(ISERROR(MATCH($E12,CL,0)),"Unknown",INDIRECT("'C'!$A$"&MATCH($E12,CL,0)+1))) -> CN | T12: =IF(B12="","",IF(ISERROR(MATCH($J12,SorP!$B$1:$B$6261,0)),"",INDIRECT("'SorP'!$A$"&MATCH($S12&$J12,SorP!C:C,0)))) -> CN-JX | V12: =IF(C12="",NA(),IF(OR(C12="Smelter not listed",C12="Smelter not yet identified"),MATCH($B12&$D12,'Smelter Look-up'!$J:$J,0),MATCH($B12&$C12,'Smelter Look-up'!$J:$J,0))) -> #N/A | X12: =IF(AND(C12="Smelter not listed",OR(LEN(D12)=0,LEN(E12)=0)),1,0) -> 0 | AB12: =B12&C12 -> TungstenGanzhou Huaxing Tungsten Products Co., Ltd.
A13: CID000258 | B13: Tungsten | C13: Chongyi Zhangyuan Tungsten Co., Ltd. | E13: CHINA | F13: CID000258 | G13: RMI | H13: 0 | I13: Ganzhou | J13: Jiangxi Sheng | R13: =IF(ISERROR($V13),"",OFFSET('Smelter Look-up'!$C$4,$V13-4,0)&"") -> Chongyi Zhangyuan Tungsten Co., Ltd. | S13: =IF(B13="","",IF(ISERROR(MATCH($E13,CL,0)),"Unknown",INDIRECT("'C'!$A$"&MATCH($E13,CL,0)+1))) -> CN | T13: =IF(B13="","",IF(ISERROR(MATCH($J13,SorP!$B$1:$B$6261,0)),"",INDIRECT("'SorP'!$A$"&MATCH($S13&$J13,SorP!C:C,0)))) -> CN-JX | V13: =IF(C13="",NA(),IF(OR(C13="Smelter not listed",C13="Smelter not yet identified"),MATCH($B13&$D13,'Smelter Look-up'!$J:$J,0),MATCH($B13&$C13,'Smelter Look-up'!$J:$J,0))) -> 588 | X13: =IF(AND(C13="Smelter not listed",OR(LEN(D13)=0,LEN(E13)=0)),1,0) -> 0 | AB13: =B13&C13 -> TungstenChongyi Zhangyuan Tungsten Co., Ltd.
A14: CID000875 | B14: Tungsten | C14: Ganzhou Huaxing Tungsten Products Co., Ltd. | E14: CHINA | F14: CID000875 | G14: RMI | H14: 0 | I14: Ganzhou | J14: Jiangxi Sheng | R14: =IF(ISERROR($V14),"",OFFSET('Smelter Look-up'!$C$4,$V14-4,0)&"") | S14: =IF(B14="","",IF(ISERROR(MATCH($E14,CL,0)),"Unknown",INDIRECT("'C'!$A$"&MATCH($E14,CL,0)+1))) -> CN | T14: =IF(B14="","",IF(ISERROR(MATCH($J14,SorP!$B$1:$B$6261,0)),"",INDIRECT("'SorP'!$A$"&MATCH($S14&$J14,SorP!C:C,0)))) -> CN-JX | V14: =IF(C14="",NA(),IF(OR(C14="Smelter not listed",C14="Smelter not yet identified"),MATCH($B14&$D14,'Smelter Look-up'!$J:$J,0),MATCH($B14&$C14,'Smelter Look-up'!$J:$J,0))) -> #N/A | X14: =IF(AND(C14="Smelter not listed",OR(LEN(D14)=0,LEN(E14)=0)),1,0) -> 0 | AB14: =B14&C14 -> TungstenGanzhou Huaxing Tungsten Products Co., Ltd.
A15: CID001105 | B15: Tin | C15: Malaysia Smelting Corporation (MSC) | E15: MALAYSIA | F15: CID001105 | G15: RMI | H15: 0 | I15: Butterworth | J15: Pulau Pinang | R15: =IF(ISERROR($V15),"",OFFSET('Smelter Look-up'!$C$4,$V15-4,0)&"") | S15: =IF(B15="","",IF(ISERROR(MATCH($E15,CL,0)),"Unknown",INDIRECT("'C'!$A$"&MATCH($E15,CL,0)+1))) -> MY | T15: =IF(B15="","",IF(ISERROR(MATCH($J15,SorP!$B$1:$B$6261,0)),"",INDIRECT("'SorP'!$A$"&MATCH($S15&$J15,SorP!C:C,0)))) -> MY-07 | V15: =IF(C15="",NA(),IF(OR(C15="Smelter not listed",C15="Smelter not yet identified"),MATCH($B15&$D15,'Smelter Look-up'!$J:$J,0),MATCH($B15&$C15,'Smelter Look-up'!$J:$J,0))) -> #N/A | X15: =IF(AND(C15="Smelter not listed",OR(LEN(D15)=0,LEN(E15)=0)),1,0) -> 0 | AB15: =B15&C15 -> TinMalaysia Smelting Corporation (MSC)
A16: CID000082 | B16: Gold | C16: Asahi Pretec Corp. | E16: JAPAN | F16: CID000082 | G16: RMI | H16: 0 | I16: Kobe | J16: Hyogo | R16: =IF(ISERROR($V16),"",OFFSET('Smelter Look-up'!$C$4,$V16-4,0)&"") -> ASAHI METALFINE, Inc. | S16: =IF(B16="","",IF(ISERROR(MATCH($E16,CL,0)),"Unknown",INDIRECT("'C'!$A$"&MATCH($E16,CL,0)+1))) -> JP | T16: =IF(B16="","",IF(ISERROR(MATCH($J16,SorP!$B$1:$B$6261,0)),"",INDIRECT("'SorP'!$A$"&MATCH($S16&$J16,SorP!C:C,0)))) -> JP-28 | V16: =IF(C16="",NA(),IF(OR(C16="Smelter not listed",C16="Smelter not yet identified"),MATCH($B16&$D16,'Smelter Look-up'!$J:$J,0),MATCH($B16&$C16,'Smelter Look-up'!$J:$J,0))) -> 33 | X16: =IF(AND(C16="Smelter not listed",OR(LEN(D16)=0,LEN(E16)=0)),1,0) -> 0 | AB16: =B16&C16 -> GoldAsahi Pretec Corp.
... A37: CID001889 | B37: Tungsten | C37: Tejing (Vietnam) Tungsten Co., Ltd. | E37: VIET NAM | F37: CID001889 | G37: RMI | H37: 0 | I37: Halong City | J37: Tây Ninh | R37: =IF(ISERROR($V37),"",OFFSET('Smelter Look-up'!$C$4,$V37-4,0)&"") | S37: =IF(B37="","",IF(ISERROR(MATCH($E37,CL,0)),"Unknown",INDIRECT("'C'!$A$"&MATCH($E37,CL,0)+1))) -> VN | T37: =IF(B37="","",IF(ISERROR(MATCH($J37,SorP!$B$1:$B$6261,0)),"",INDIRECT("'SorP'!$A$"&MATCH($S37&$J37,SorP!C:C,0)))) -> VN-37 | V37: =IF(C37="",NA(),IF(OR(C37="Smelter not listed",C37="Smelter not yet identified"),MATCH($B37&$D37,'Smelter Look-up'!$J:$J,0),MATCH($B37&$C37,'Smelter Look-up'!$J:$J,0))) -> #N/A | X37: =IF(AND(C37="Smelter not listed",OR(LEN(D37)=0,LEN(E37)=0)),1,0) -> 0 | AB37: =B37&C37 -> TungstenTejing (Vietnam) Tungsten Co., Ltd.
B38: =IF(LEN(A38)=0,"",INDEX('Smelter Look-up'!$A:$A,MATCH($A38,'Smelter Look-up'!$E:$E,0))) | C38: =IF(LEN(A38)=0,"",INDEX('Smelter Look-up'!$C:$C,MATCH($A38,'Smelter Look-up'!$E:$E,0))) | E38: =IF(ISERROR($V38),"",OFFSET('Smelter Look-up'!$D$4,$V38-4,0)&"") | F38: =IF(ISERROR($V38),"",OFFSET('Smelter Look-up'!$E$4,$V38-4,0)) | G38: =IF(C38=$X$4,IF(ISERROR($V38),"Enter smelter details","RMI"),IF(ISERROR($V38),"",OFFSET('Smelter Look-up'!$F$4,$V38-4,0))) | H38: =IF(ISERROR($V38),"",OFFSET('Smelter Look-up'!$G$4,$V38-4,0)) | I38: =IF(ISERROR($V38),"",OFFSET('Smelter Look-up'!$H$4,$V38-4,0)) | J38: =IF(ISERROR($V38),"",OFFSET('Smelter Look-up'!$I$4,$V38-4,0)) | R38: =IF(ISERROR($V38),"",OFFSET('Smelter Look-up'!$C$4,$V38-4,0)&"") | S38: =IF(B38="","",IF(ISERROR(MATCH($E38,CL,0)),"Unknown",INDIRECT("'C'!$A$"&MATCH($E38,CL,0)+1))) | T38: =IF(B38="","",IF(ISERROR(MATCH($J38,SorP!$B$1:$B$6261,0)),"",INDIRECT("'SorP'!$A$"&MATCH($S38&$J38,SorP!C:C,0)))) | V38: =IF(C38="",NA(),IF(OR(C38="Smelter not listed",C38="Smelter not yet identified"),MATCH($B38&$D38,'Smelter Look-up'!$J:$J,0),MATCH($B38&$C38,'Smelter Look-up'!$J:$J,0))) -> #N/A | X38: =IF(AND(C38="Smelter not listed",OR(LEN(D38)=0,LEN(E38)=0)),1,0) -> 0 | AB38: =B38&C38
B39: =IF(LEN(A39)=0,"",INDEX('Smelter Look-up'!$A:$A,MATCH($A39,'Smelter Look-up'!$E:$E,0))) | C39: =IF(LEN(A39)=0,"",INDEX('Smelter Look-up'!$C:$C,MATCH($A39,'Smelter Look-up'!$E:$E,0))) | E39: =IF(ISERROR($V39),"",OFFSET('Smelter Look-up'!$D$4,$V39-4,0)&"") | F39: =IF(ISERROR($V39),"",OFFSET('Smelter Look-up'!$E$4,$V39-4,0)) | G39: =IF(C39=$X$4,IF(ISERROR($V39),"Enter smelter details","RMI"),IF(ISERROR($V39),"",OFFSET('Smelter Look-up'!$F$4,$V39-4,0))) | H39: =IF(ISERROR($V39),"",OFFSET('Smelter Look-up'!$G$4,$V39-4,0)) | I39: =IF(ISERROR($V39),"",OFFSET('Smelter Look-up'!$H$4,$V39-4,0)) | J39: =IF(ISERROR($V39),"",OFFSET('Smelter Look-up'!$I$4,$V39-4,0)) | R39: =IF(ISERROR($V39),"",OFFSET('Smelter Look-up'!$C$4,$V39-4,0)&"") | S39: =IF(B39="","",IF(ISERROR(MATCH($E39,CL,0)),"Unknown",INDIRECT("'C'!$A$"&MATCH($E39,CL,0)+1))) | T39: =IF(B39="","",IF(ISERROR(MATCH($J39,SorP!$B$1:$B$6261,0)),"",INDIRECT("'SorP'!$A$"&MATCH($S39&$J39,SorP!C:C,0)))) | V39: =IF(C39="",NA(),IF(OR(C39="Smelter not listed",C39="Smelter not yet identified"),MATCH($B39&$D39,'Smelter Look-up'!$J:$J,0),MATCH($B39&$C39,'Smelter Look-up'!$J:$J,0))) -> #N/A | X39: =IF(AND(C39="Smelter not listed",OR(LEN(D39)=0,LEN(E39)=0)),1,0) -> 0 | AB39: =B39&C39
B40: =IF(LEN(A40)=0,"",INDEX('Smelter Look-up'!$A:$A,MATCH($A40,'Smelter Look-up'!$E:$E,0))) | C40: =IF(LEN(A40)=0,"",INDEX('Smelter Look-up'!$C:$C,MATCH($A40,'Smelter Look-up'!$E:$E,0))) | E40: =IF(ISERROR($V40),"",OFFSET('Smelter Look-up'!$D$4,$V40-4,0)&"") | F40: =IF(ISERROR($V40),"",OFFSET('Smelter Look-up'!$E$4,$V40-4,0)) | G40: =IF(C40=$X$4,IF(ISERROR($V40),"Enter smelter details","RMI"),IF(ISERROR($V40),"",OFFSET('Smelter Look-up'!$F$4,$V40-4,0))) | H40: =IF(ISERROR($V40),"",OFFSET('Smelter Look-up'!$G$4,$V40-4,0)) | I40: =IF(ISERROR($V40),"",OFFSET('Smelter Look-up'!$H$4,$V40-4,0)) | J40: =IF(ISERROR($V40),"",OFFSET('Smelter Look-up'!$I$4,$V40-4,0)) | R40: =IF(ISERROR($V40),"",OFFSET('Smelter Look-up'!$C$4,$V40-4,0)&"") | S40: =IF(B40="","",IF(ISERROR(MATCH($E40,CL,0)),"Unknown",INDIRECT("'C'!$A$"&MATCH($E40,CL,0)+1))) | T40: =IF(B40="","",IF(ISERROR(MATCH($J40,SorP!$B$1:$B$6261,0)),"",INDIRECT("'SorP'!$A$"&MATCH($S40&$J40,SorP!C:C,0)))) | V40: =IF(C40="",NA(),IF(OR(C40="Smelter not listed",C40="Smelter not yet identified"),MATCH($B40&$D40,'Smelter Look-up'!$J:$J,0),MATCH($B40&$C40,'Smelter Look-up'!$J:$J,0))) -> #N/A | X40: =IF(AND(C40="Smelter not listed",OR(LEN(D40)=0,LEN(E40)=0)),1,0) -> 0 | AB40: =B40&C40
B41: =IF(LEN(A41)=0,"",INDEX('Smelter Look-up'!$A:$A,MATCH($A41,'Smelter Look-up'!$E:$E,0))) | C41: =IF(LEN(A41)=0,"",INDEX('Smelter Look-up'!$C:$C,MATCH($A41,'Smelter Look-up'!$E:$E,0))) | E41: =IF(ISERROR($V41),"",OFFSET('Smelter Look-up'!$D$4,$V41-4,0)&"") | F41: =IF(ISERROR($V41),"",OFFSET('Smelter Look-up'!$E$4,$V41-4,0)) | G41: =IF(C41=$X$4,IF(ISERROR($V41),"Enter smelter details","RMI"),IF(ISERROR($V41),"",OFFSET('Smelter Look-up'!$F$4,$V41-4,0))) | H41: =IF(ISERROR($V41),"",OFFSET('Smelter Look-up'!$G$4,$V41-4,0)) | I41: =IF(ISERROR($V41),"",OFFSET('Smelter Look-up'!$H$4,$V41-4,0)) | J41: =IF(ISERROR($V41),"",OFFSET('Smelter Look-up'!$I$4,$V41-4,0)) | R41: =IF(ISERROR($V41),"",OFFSET('Smelter Look-up'!$C$4,$V41-4,0)&"") | S41: =IF(B41="","",IF(ISERROR(MATCH($E41,CL,0)),"Unknown",INDIRECT("'C'!$A$"&MATCH($E41,CL,0)+1))) | T41: =IF(B41="","",IF(ISERROR(MATCH($J41,SorP!$B$1:$B$6261,0)),"",INDIRECT("'SorP'!$A$"&MATCH($S41&$J41,SorP!C:C,0)))) | V41: =IF(C41="",NA(),IF(OR(C41="Smelter not listed",C41="Smelter not yet identified"),MATCH($B41&$D41,'Smelter Look-up'!$J:$J,0),MATCH($B41&$C41,'Smelter Look-up'!$J:$J,0))) -> #N/A | X41: =IF(AND(C41="Smelter not listed",OR(LEN(D41)=0,LEN(E41)=0)),1,0) -> 0 | AB41: =B41&C41
B42: =IF(LEN(A42)=0,"",INDEX('Smelter Look-up'!$A:$A,MATCH($A42,'Smelter Look-up'!$E:$E,0))) | C42: =IF(LEN(A42)=0,"",INDEX('Smelter Look-up'!$C:$C,MATCH($A42,'Smelter Look-up'!$E:$E,0))) | E42: =IF(ISERROR($V42),"",OFFSET('Smelter Look-up'!$D$4,$V42-4,0)&"") | F42: =IF(ISERROR($V42),"",OFFSET('Smelter Look-up'!$E$4,$V42-4,0)) | G42: =IF(C42=$X$4,IF(ISERROR($V42),"Enter smelter details","RMI"),IF(ISERROR($V42),"",OFFSET('Smelter Look-up'!$F$4,$V42-4,0))) | H42: =IF(ISERROR($V42),"",OFFSET('Smelter Look-up'!$G$4,$V42-4,0)) | I42: =IF(ISERROR($V42),"",OFFSET('Smelter Look-up'!$H$4,$V42-4,0)) | J42: =IF(ISERROR($V42),"",OFFSET('Smelter Look-up'!$I$4,$V42-4,0)) | R42: =IF(ISERROR($V42),"",OFFSET('Smelter Look-up'!$C$4,$V42-4,0)&"") | S42: =IF(B42="","",IF(ISERROR(MATCH($E42,CL,0)),"Unknown",INDIRECT("'C'!$A$"&MATCH($E42,CL,0)+1))) | T42: =IF(B42="","",IF(ISERROR(MATCH($J42,SorP!$B$1:$B$6261,0)),"",INDIRECT("'SorP'!$A$"&MATCH($S42&$J42,SorP!C:C,0)))) | V42: =IF(C42="",NA(),IF(OR(C42="Smelter not listed",C42="Smelter not yet identified"),MATCH($B42&$D42,'Smelter Look-up'!$J:$J,0),MATCH($B42&$C42,'Smelter Look-up'!$J:$J,0))) -> #N/A | X42: =IF(AND(C42="Smelter not listed",OR(LEN(D42)=0,LEN(E42)=0)),1,0) -> 0 | AB42: =B42&C42
B43: =IF(LEN(A43)=0,"",INDEX('Smelter Look-up'!$A:$A,MATCH($A43,'Smelter Look-up'!$E:$E,0))) | C43: =IF(LEN(A43)=0,"",INDEX('Smelter Look-up'!$C:$C,MATCH($A43,'Smelter Look-up'!$E:$E,0))) | E43: =IF(ISERROR($V43),"",OFFSET('Smelter Look-up'!$D$4,$V43-4,0)&"") | F43: =IF(ISERROR($V43),"",OFFSET('Smelter Look-up'!$E$4,$V43-4,0)) | G43: =IF(C43=$X$4,IF(ISERROR($V43),"Enter smelter details","RMI"),IF(ISERROR($V43),"",OFFSET('Smelter Look-up'!$F$4,$V43-4,0))) | H43: =IF(ISERROR($V43),"",OFFSET('Smelter Look-up'!$G$4,$V43-4,0)) | I43: =IF(ISERROR($V43),"",OFFSET('Smelter Look-up'!$H$4,$V43-4,0)) | J43: =IF(ISERROR($V43),"",OFFSET('Smelter Look-up'!$I$4,$V43-4,0)) | R43: =IF(ISERROR($V43),"",OFFSET('Smelter Look-up'!$C$4,$V43-4,0)&"") | S43: =IF(B43="","",IF(ISERROR(MATCH($E43,CL,0)),"Unknown",INDIRECT("'C'!$A$"&MATCH($E43,CL,0)+1))) | T43: =IF(B43="","",IF(ISERROR(MATCH($J43,SorP!$B$1:$B$6261,0)),"",INDIRECT("'SorP'!$A$"&MATCH($S43&$J43,SorP!C:C,0)))) | V43: =IF(C43="",NA(),IF(OR(C43="Smelter not listed",C43="Smelter not yet identified"),MATCH($B43&$D43,'Smelter Look-up'!$J:$J,0),MATCH($B43&$C43,'Smelter Look-up'!$J:$J,0))) -> #N/A | X43: =IF(AND(C43="Smelter not listed",OR(LEN(D43)=0,LEN(E43)=0)),1,0) -> 0 | AB43: =B43&C43
B44: =IF(LEN(A44)=0,"",INDEX('Smelter Look-up'!$A:$A,MATCH($A44,'Smelter Look-up'!$E:$E,0))) | C44: =IF(LEN(A44)=0,"",INDEX('Smelter Look-up'!$C:$C,MATCH($A44,'Smelter Look-up'!$E:$E,0))) | E44: =IF(ISERROR($V44),"",OFFSET('Smelter Look-up'!$D$4,$V44-4,0)&"") | F44: =IF(ISERROR($V44),"",OFFSET('Smelter Look-up'!$E$4,$V44-4,0)) | G44: =IF(C44=$X$4,IF(ISERROR($V44),"Enter smelter details","RMI"),IF(ISERROR($V44),"",OFFSET('Smelter Look-up'!$F$4,$V44-4,0))) | H44: =IF(ISERROR($V44),"",OFFSET('Smelter Look-up'!$G$4,$V44-4,0)) | I44: =IF(ISERROR($V44),"",OFFSET('Smelter Look-up'!$H$4,$V44-4,0)) | J44: =IF(ISERROR($V44),"",OFFSET('Smelter Look-up'!$I$4,$V44-4,0)) | R44: =IF(ISERROR($V44),"",OFFSET('Smelter Look-up'!$C$4,$V44-4,0)&"") | S44: =IF(B44="","",IF(ISERROR(MATCH($E44,CL,0)),"Unknown",INDIRECT("'C'!$A$"&MATCH($E44,CL,0)+1))) | T44: =IF(B44="","",IF(ISERROR(MATCH($J44,SorP!$B$1:$B$6261,0)),"",INDIRECT("'SorP'!$A$"&MATCH($S44&$J44,SorP!C:C,0)))) | V44: =IF(C44="",NA(),IF(OR(C44="Smelter not listed",C44="Smelter not yet identified"),MATCH($B44&$D44,'Smelter Look-up'!$J:$J,0),MATCH($B44&$C44,'Smelter Look-up'!$J:$J,0))) -> #N/A | X44: =IF(AND(C44="Smelter not listed",OR(LEN(D44)=0,LEN(E44)=0)),1,0) -> 0 | AB44: =B44&C44
B45: =IF(LEN(A45)=0,"",INDEX('Smelter Look-up'!$A:$A,MATCH($A45,'Smelter Look-up'!$E:$E,0))) | C45: =IF(LEN(A45)=0,"",INDEX('Smelter Look-up'!$C:$C,MATCH($A45,'Smelter Look-up'!$E:$E,0))) | E45: =IF(ISERROR($V45),"",OFFSET('Smelter Look-up'!$D$4,$V45-4,0)&"") | F45: =IF(ISERROR($V45),"",OFFSET('Smelter Look-up'!$E$4,$V45-4,0)) | G45: =IF(C45=$X$4,IF(ISERROR($V45),"Enter smelter details","RMI"),IF(ISERROR($V45),"",OFFSET('Smelter Look-up'!$F$4,$V45-4,0))) | H45: =IF(ISERROR($V45),"",OFFSET('Smelter Look-up'!$G$4,$V45-4,0)) | I45: =IF(ISERROR($V45),"",OFFSET('Smelter Look-up'!$H$4,$V45-4,0)) | J45: =IF(ISERROR($V45),"",OFFSET('Smelter Look-up'!$I$4,$V45-4,0)) | R45: =IF(ISERROR($V45),"",OFFSET('Smelter Look-up'!$C$4,$V45-4,0)&"") | S45: =IF(B45="","",IF(ISERROR(MATCH($E45,CL,0)),"Unknown",INDIRECT("'C'!$A$"&MATCH($E45,CL,0)+1))) | T45: =IF(B45="","",IF(ISERROR(MATCH($J45,SorP!$B$1:$B$6261,0)),"",INDIRECT("'SorP'!$A$"&MATCH($S45&$J45,SorP!C:C,0)))) | V45: =IF(C45="",NA(),IF(OR(C45="Smelter not listed",C45="Smelter not yet identified"),MATCH($B45&$D45,'Smelter Look-up'!$J:$J,0),MATCH($B45&$C45,'Smelter Look-up'!$J:$J,0))) -> #N/A | X45: =IF(AND(C45="Smelter not listed",OR(LEN(D45)=0,LEN(E45)=0)),1,0) -> 0 | AB45: =B45&C45
B46: =IF(LEN(A46)=0,"",INDEX('Smelter Look-up'!$A:$A,MATCH($A46,'Smelter Look-up'!$E:$E,0))) | C46: =IF(LEN(A46)=0,"",INDEX('Smelter Look-up'!$C:$C,MATCH($A46,'Smelter Look-up'!$E:$E,0))) | E46: =IF(ISERROR($V46),"",OFFSET('Smelter Look-up'!$D$4,$V46-4,0)&"") | F46: =IF(ISERROR($V46),"",OFFSET('Smelter Look-up'!$E$4,$V46-4,0)) | G46: =IF(C46=$X$4,IF(ISERROR($V46),"Enter smelter details","RMI"),IF(ISERROR($V46),"",OFFSET('Smelter Look-up'!$F$4,$V46-4,0))) | H46: =IF(ISERROR($V46),"",OFFSET('Smelter Look-up'!$G$4,$V46-4,0)) | I46: =IF(ISERROR($V46),"",OFFSET('Smelter Look-up'!$H$4,$V46-4,0)) | J46: =IF(ISERROR($V46),"",OFFSET('Smelter Look-up'!$I$4,$V46-4,0)) | R46: =IF(ISERROR($V46),"",OFFSET('Smelter Look-up'!$C$4,$V46-4,0)&"") | S46: =IF(B46="","",IF(ISERROR(MATCH($E46,CL,0)),"Unknown",INDIRECT("'C'!$A$"&MATCH($E46,CL,0)+1))) | T46: =IF(B46="","",IF(ISERROR(MATCH($J46,SorP!$B$1:$B$6261,0)),"",INDIRECT("'SorP'!$A$"&MATCH($S46&$J46,SorP!C:C,0)))) | V46: =IF(C46="",NA(),IF(OR(C46="Smelter not listed",C46="Smelter not yet identified"),MATCH($B46&$D46,'Smelter Look-up'!$J:$J,0),MATCH($B46&$C46,'Smelter Look-up'!$J:$J,0))) -> #N/A | X46: =IF(AND(C46="Smelter not listed",OR(LEN(D46)=0,LEN(E46)=0)),1,0) -> 0 | AB46: =B46&C46
B47: =IF(LEN(A47)=0,"",INDEX('Smelter Look-up'!$A:$A,MATCH($A47,'Smelter Look-up'!$E:$E,0))) | C47: =IF(LEN(A47)=0,"",INDEX('Smelter Look-up'!$C:$C,MATCH($A47,'Smelter Look-up'!$E:$E,0))) | E47: =IF(ISERROR($V47),"",OFFSET('Smelter Look-up'!$D$4,$V47-4,0)&"") | F47: =IF(ISERROR($V47),"",OFFSET('Smelter Look-up'!$E$4,$V47-4,0)) | G47: =IF(C47=$X$4,IF(ISERROR($V47),"Enter smelter details","RMI"),IF(ISERROR($V47),"",OFFSET('Smelter Look-up'!$F$4,$V47-4,0))) | H47: =IF(ISERROR($V47),"",OFFSET('Smelter Look-up'!$G$4,$V47-4,0)) | I47: =IF(ISERROR($V47),"",OFFSET('Smelter Look-up'!$H$4,$V47-4,0)) | J47: =IF(ISERROR($V47),"",OFFSET('Smelter Look-up'!$I$4,$V47-4,0)) | R47: =IF(ISERROR($V47),"",OFFSET('Smelter Look-up'!$C$4,$V47-4,0)&"") | S47: =IF(B47="","",IF(ISERROR(MATCH($E47,CL,0)),"Unknown",INDIRECT("'C'!$A$"&MATCH($E47,CL,0)+1))) | T47: =IF(B47="","",IF(ISERROR(MATCH($J47,SorP!$B$1:$B$6261,0)),"",INDIRECT("'SorP'!$A$"&MATCH($S47&$J47,SorP!C:C,0)))) | V47: =IF(C47="",NA(),IF(OR(C47="Smelter not listed",C47="Smelter not yet identified"),MATCH($B47&$D47,'Smelter Look-up'!$J:$J,0),MATCH($B47&$C47,'Smelter Look-up'!$J:$J,0))) -> #N/A | X47: =IF(AND(C47="Smelter not listed",OR(LEN(D47)=0,LEN(E47)=0)),1,0) -> 0 | AB47: =B47&C47
B48: =IF(LEN(A48)=0,"",INDEX('Smelter Look-up'!$A:$A,MATCH($A48,'Smelter Look-up'!$E:$E,0))) | C48: =IF(LEN(A48)=0,"",INDEX('Smelter Look-up'!$C:$C,MATCH($A48,'Smelter Look-up'!$E:$E,0))) | E48: =IF(ISERROR($V48),"",OFFSET('Smelter Look-up'!$D$4,$V48-4,0)&"") | F48: =IF(ISERROR($V48),"",OFFSET('Smelter Look-up'!$E$4,$V48-4,0)) | G48: =IF(C48=$X$4,IF(ISERROR($V48),"Enter smelter details","RMI"),IF(ISERROR($V48),"",OFFSET('Smelter Look-up'!$F$4,$V48-4,0))) | H48: =IF(ISERROR($V48),"",OFFSET('Smelter Look-up'!$G$4,$V48-4,0)) | I48: =IF(ISERROR($V48),"",OFFSET('Smelter Look-up'!$H$4,$V48-4,0)) | J48: =IF(ISERROR($V48),"",OFFSET('Smelter Look-up'!$I$4,$V48-4,0)) | R48: =IF(ISERROR($V48),"",OFFSET('Smelter Look-up'!$C$4,$V48-4,0)&"") | S48: =IF(B48="","",IF(ISERROR(MATCH($E48,CL,0)),"Unknown",INDIRECT("'C'!$A$"&MATCH($E48,CL,0)+1))) | T48: =IF(B48="","",IF(ISERROR(MATCH($J48,SorP!$B$1:$B$6261,0)),"",INDIRECT("'SorP'!$A$"&MATCH($S48&$J48,SorP!C:C,0)))) | V48: =IF(C48="",NA(),IF(OR(C48="Smelter not listed",C48="Smelter not yet identified"),MATCH($B48&$D48,'Smelter Look-up'!$J:$J,0),MATCH($B48&$C48,'Smelter Look-up'!$J:$J,0))) -> #N/A | X48: =IF(AND(C48="Smelter not listed",OR(LEN(D48)=0,LEN(E48)=0)),1,0) -> 0 | AB48: =B48&C48
B49: =IF(LEN(A49)=0,"",INDEX('Smelter Look-up'!$A:$A,MATCH($A49,'Smelter Look-up'!$E:$E,0))) | C49: =IF(LEN(A49)=0,"",INDEX('Smelter Look-up'!$C:$C,MATCH($A49,'Smelter Look-up'!$E:$E,0))) | E49: =IF(ISERROR($V49),"",OFFSET('Smelter Look-up'!$D$4,$V49-4,0)&"") | F49: =IF(ISERROR($V49),"",OFFSET('Smelter Look-up'!$E$4,$V49-4,0)) | G49: =IF(C49=$X$4,IF(ISERROR($V49),"Enter smelter details","RMI"),IF(ISERROR($V49),"",OFFSET('Smelter Look-up'!$F$4,$V49-4,0))) | H49: =IF(ISERROR($V49),"",OFFSET('Smelter Look-up'!$G$4,$V49-4,0)) | I49: =IF(ISERROR($V49),"",OFFSET('Smelter Look-up'!$H$4,$V49-4,0)) | J49: =IF(ISERROR($V49),"",OFFSET('Smelter Look-up'!$I$4,$V49-4,0)) | R49: =IF(ISERROR($V49),"",OFFSET('Smelter Look-up'!$C$4,$V49-4,0)&"") | S49: =IF(B49="","",IF(ISERROR(MATCH($E49,CL,0)),"Unknown",INDIRECT("'C'!$A$"&MATCH($E49,CL,0)+1))) | T49: =IF(B49="","",IF(ISERROR(MATCH($J49,SorP!$B$1:$B$6261,0)),"",INDIRECT("'SorP'!$A$"&MATCH($S49&$J49,SorP!C:C,0)))) | V49: =IF(C49="",NA(),IF(OR(C49="Smelter not listed",C49="Smelter not yet identified"),MATCH($B49&$D49,'Smelter Look-up'!$J:$J,0),MATCH($B49&$C49,'Smelter Look-up'!$J:$J,0))) -> #N/A | X49: =IF(AND(C49="Smelter not listed",OR(LEN(D49)=0,LEN(E49)=0)),1,0) -> 0 | AB49: =B49&C49
... B2492: =IF(LEN(A2492)=0,"",INDEX('Smelter Look-up'!$A:$A,MATCH($A2492,'Smelter Look-up'!$E:$E,0))) | C2492: =IF(LEN(A2492)=0,"",INDEX('Smelter Look-up'!$C:$C,MATCH($A2492,'Smelter Look-up'!$E:$E,0))) | E2492: =IF(ISERROR($V2492),"",OFFSET('Smelter Look-up'!$D$4,$V2492-4,0)&"") | F2492: =IF(ISERROR($V2492),"",OFFSET('Smelter Look-up'!$E$4,$V2492-4,0)) | G2492: =IF(C2492=$X$4,IF(ISERROR($V2492),"Enter smelter details","RMI"),IF(ISERROR($V2492),"",OFFSET('Smelter Look-up'!$F$4,$V2492-4,0))) | H2492: =IF(ISERROR($V2492),"",OFFSET('Smelter Look-up'!$G$4,$V2492-4,0)) | I2492: =IF(ISERROR($V2492),"",OFFSET('Smelter Look-up'!$H$4,$V2492-4,0)) | J2492: =IF(ISERROR($V2492),"",OFFSET('Smelter Look-up'!$I$4,$V2492-4,0)) | R2492: =IF(ISERROR($V2492),"",OFFSET('Smelter Look-up'!$C$4,$V2492-4,0)&"") | S2492: =IF(B2492="","",IF(ISERROR(MATCH($E2492,CL,0)),"Unknown",INDIRECT("'C'!$A$"&MATCH($E2492,CL,0)+1))) | T2492: =IF(B2492="","",IF(ISERROR(MATCH($J2492,SorP!$B$1:$B$6261,0)),"",INDIRECT("'SorP'!$A$"&MATCH($S2492&$J2492,SorP!C:C,0)))) | V2492: =IF(C2492="",NA(),IF(OR(C2492="Smelter not listed",C2492="Smelter not yet identified"),MATCH($B2492&$D2492,'Smelter Look-up'!$J:$J,0),MATCH($B2492&$C2492,'Smelter Look-up'!$J:$J,0))) -> #N/A | X2492: =IF(AND(C2492="Smelter not listed",OR(LEN(D2492)=0,LEN(E2492)=0)),1,0) -> 0 | AB2492: =B2492&C2492
B2493: =IF(LEN(A2493)=0,"",INDEX('Smelter Look-up'!$A:$A,MATCH($A2493,'Smelter Look-up'!$E:$E,0))) | C2493: =IF(LEN(A2493)=0,"",INDEX('Smelter Look-up'!$C:$C,MATCH($A2493,'Smelter Look-up'!$E:$E,0))) | E2493: =IF(ISERROR($V2493),"",OFFSET('Smelter Look-up'!$D$4,$V2493-4,0)&"") | F2493: =IF(ISERROR($V2493),"",OFFSET('Smelter Look-up'!$E$4,$V2493-4,0)) | G2493: =IF(C2493=$X$4,IF(ISERROR($V2493),"Enter smelter details","RMI"),IF(ISERROR($V2493),"",OFFSET('Smelter Look-up'!$F$4,$V2493-4,0))) | H2493: =IF(ISERROR($V2493),"",OFFSET('Smelter Look-up'!$G$4,$V2493-4,0)) | I2493: =IF(ISERROR($V2493),"",OFFSET('Smelter Look-up'!$H$4,$V2493-4,0)) | J2493: =IF(ISERROR($V2493),"",OFFSET('Smelter Look-up'!$I$4,$V2493-4,0)) | R2493: =IF(ISERROR($V2493),"",OFFSET('Smelter Look-up'!$C$4,$V2493-4,0)&"") | S2493: =IF(B2493="","",IF(ISERROR(MATCH($E2493,CL,0)),"Unknown",INDIRECT("'C'!$A$"&MATCH($E2493,CL,0)+1))) | T2493: =IF(B2493="","",IF(ISERROR(MATCH($J2493,SorP!$B$1:$B$6261,0)),"",INDIRECT("'SorP'!$A$"&MATCH($S2493&$J2493,SorP!C:C,0)))) | V2493: =IF(C2493="",NA(),IF(OR(C2493="Smelter not listed",C2493="Smelter not yet identified"),MATCH($B2493&$D2493,'Smelter Look-up'!$J:$J,0),MATCH($B2493&$C2493,'Smelter Look-up'!$J:$J,0))) -> #N/A
B2494: =IF(LEN(A2494)=0,"",INDEX('Smelter Look-up'!$A:$A,MATCH($A2494,'Smelter Look-up'!$E:$E,0))) | C2494: =IF(LEN(A2494)=0,"",INDEX('Smelter Look-up'!$C:$C,MATCH($A2494,'Smelter Look-up'!$E:$E,0))) | E2494: =IF(ISERROR($V2494),"",OFFSET('Smelter Look-up'!$D$4,$V2494-4,0)&"") | F2494: =IF(ISERROR($V2494),"",OFFSET('Smelter Look-up'!$E$4,$V2494-4,0)) | G2494: =IF(C2494=$X$4,IF(ISERROR($V2494),"Enter smelter details","RMI"),IF(ISERROR($V2494),"",OFFSET('Smelter Look-up'!$F$4,$V2494-4,0))) | H2494: =IF(ISERROR($V2494),"",OFFSET('Smelter Look-up'!$G$4,$V2494-4,0)) | I2494: =IF(ISERROR($V2494),"",OFFSET('Smelter Look-up'!$H$4,$V2494-4,0)) | J2494: =IF(ISERROR($V2494),"",OFFSET('Smelter Look-up'!$I$4,$V2494-4,0)) | R2494: =IF(ISERROR($V2494),"",OFFSET('Smelter Look-up'!$C$4,$V2494-4,0)&"") | S2494: =IF(B2494="","",IF(ISERROR(MATCH($E2494,CL,0)),"Unknown",INDIRECT("'C'!$A$"&MATCH($E2494,CL,0)+1))) | T2494: =IF(B2494="","",IF(ISERROR(MATCH($J2494,SorP!$B$1:$B$6261,0)),"",INDIRECT("'SorP'!$A$"&MATCH($S2494&$J2494,SorP!C:C,0)))) | V2494: =IF(C2494="",NA(),IF(OR(C2494="Smelter not listed",C2494="Smelter not yet identified"),MATCH($B2494&$D2494,'Smelter Look-up'!$J:$J,0),MATCH($B2494&$C2494,'Smelter Look-up'!$J:$J,0))) -> #N/A
B2495: =IF(LEN(A2495)=0,"",INDEX('Smelter Look-up'!$A:$A,MATCH($A2495,'Smelter Look-up'!$E:$E,0))) | C2495: =IF(LEN(A2495)=0,"",INDEX('Smelter Look-up'!$C:$C,MATCH($A2495,'Smelter Look-up'!$E:$E,0))) | E2495: =IF(ISERROR($V2495),"",OFFSET('Smelter Look-up'!$D$4,$V2495-4,0)&"") | F2495: =IF(ISERROR($V2495),"",OFFSET('Smelter Look-up'!$E$4,$V2495-4,0)) | G2495: =IF(C2495=$X$4,IF(ISERROR($V2495),"Enter smelter details","RMI"),IF(ISERROR($V2495),"",OFFSET('Smelter Look-up'!$F$4,$V2495-4,0))) | H2495: =IF(ISERROR($V2495),"",OFFSET('Smelter Look-up'!$G$4,$V2495-4,0)) | I2495: =IF(ISERROR($V2495),"",OFFSET('Smelter Look-up'!$H$4,$V2495-4,0)) | J2495: =IF(ISERROR($V2495),"",OFFSET('Smelter Look-up'!$I$4,$V2495-4,0)) | R2495: =IF(ISERROR($V2495),"",OFFSET('Smelter Look-up'!$C$4,$V2495-4,0)&"") | S2495: =IF(B2495="","",IF(ISERROR(MATCH($E2495,CL,0)),"Unknown",INDIRECT("'C'!$A$"&MATCH($E2495,CL,0)+1))) | T2495: =IF(B2495="","",IF(ISERROR(MATCH($J2495,SorP!$B$1:$B$6261,0)),"",INDIRECT("'SorP'!$A$"&MATCH($S2495&$J2495,SorP!C:C,0)))) | V2495: =IF(C2495="",NA(),IF(OR(C2495="Smelter not listed",C2495="Smelter not yet identified"),MATCH($B2495&$D2495,'Smelter Look-up'!$J:$J,0),MATCH($B2495&$C2495,'Smelter Look-up'!$J:$J,0))) -> #N/A
B2496: =IF(LEN(A2496)=0,"",INDEX('Smelter Look-up'!$A:$A,MATCH($A2496,'Smelter Look-up'!$E:$E,0))) | C2496: =IF(LEN(A2496)=0,"",INDEX('Smelter Look-up'!$C:$C,MATCH($A2496,'Smelter Look-up'!$E:$E,0))) | E2496: =IF(ISERROR($V2496),"",OFFSET('Smelter Look-up'!$D$4,$V2496-4,0)&"") | F2496: =IF(ISERROR($V2496),"",OFFSET('Smelter Look-up'!$E$4,$V2496-4,0)) | G2496: =IF(C2496=$X$4,IF(ISERROR($V2496),"Enter smelter details","RMI"),IF(ISERROR($V2496),"",OFFSET('Smelter Look-up'!$F$4,$V2496-4,0))) | H2496: =IF(ISERROR($V2496),"",OFFSET('Smelter Look-up'!$G$4,$V2496-4,0)) | I2496: =IF(ISERROR($V2496),"",OFFSET('Smelter Look-up'!$H$4,$V2496-4,0)) | J2496: =IF(ISERROR($V2496),"",OFFSET('Smelter Look-up'!$I$4,$V2496-4,0)) | R2496: =IF(ISERROR($V2496),"",OFFSET('Smelter Look-up'!$C$4,$V2496-4,0)&"") | S2496: =IF(B2496="","",IF(ISERROR(MATCH($E2496,CL,0)),"Unknown",INDIRECT("'C'!$A$"&MATCH($E2496,CL,0)+1))) | T2496: =IF(B2496="","",IF(ISERROR(MATCH($J2496,SorP!$B$1:$B$6261,0)),"",INDIRECT("'SorP'!$A$"&MATCH($S2496&$J2496,SorP!C:C,0)))) | V2496: =IF(C2496="",NA(),IF(OR(C2496="Smelter not listed",C2496="Smelter not yet identified"),MATCH($B2496&$D2496,'Smelter Look-up'!$J:$J,0),MATCH($B2496&$C2496,'Smelter Look-up'!$J:$J,0))) -> #N/A
B2497: =IF(LEN(A2497)=0,"",INDEX('Smelter Look-up'!$A:$A,MATCH($A2497,'Smelter Look-up'!$E:$E,0))) | C2497: =IF(LEN(A2497)=0,"",INDEX('Smelter Look-up'!$C:$C,MATCH($A2497,'Smelter Look-up'!$E:$E,0))) | E2497: =IF(ISERROR($V2497),"",OFFSET('Smelter Look-up'!$D$4,$V2497-4,0)&"") | F2497: =IF(ISERROR($V2497),"",OFFSET('Smelter Look-up'!$E$4,$V2497-4,0)) | G2497: =IF(C2497=$X$4,IF(ISERROR($V2497),"Enter smelter details","RMI"),IF(ISERROR($V2497),"",OFFSET('Smelter Look-up'!$F$4,$V2497-4,0))) | H2497: =IF(ISERROR($V2497),"",OFFSET('Smelter Look-up'!$G$4,$V2497-4,0)) | I2497: =IF(ISERROR($V2497),"",OFFSET('Smelter Look-up'!$H$4,$V2497-4,0)) | J2497: =IF(ISERROR($V2497),"",OFFSET('Smelter Look-up'!$I$4,$V2497-4,0)) | R2497: =IF(ISERROR($V2497),"",OFFSET('Smelter Look-up'!$C$4,$V2497-4,0)&"") | S2497: =IF(B2497="","",IF(ISERROR(MATCH($E2497,CL,0)),"Unknown",INDIRECT("'C'!$A$"&MATCH($E2497,CL,0)+1))) | T2497: =IF(B2497="","",IF(ISERROR(MATCH($J2497,SorP!$B$1:$B$6261,0)),"",INDIRECT("'SorP'!$A$"&MATCH($S2497&$J2497,SorP!C:C,0)))) | V2497: =IF(C2497="",NA(),IF(OR(C2497="Smelter not listed",C2497="Smelter not yet identified"),MATCH($B2497&$D2497,'Smelter Look-up'!$J:$J,0),MATCH($B2497&$C2497,'Smelter Look-up'!$J:$J,0))) -> #N/A
B2498: =IF(LEN(A2498)=0,"",INDEX('Smelter Look-up'!$A:$A,MATCH($A2498,'Smelter Look-up'!$E:$E,0))) | C2498: =IF(LEN(A2498)=0,"",INDEX('Smelter Look-up'!$C:$C,MATCH($A2498,'Smelter Look-up'!$E:$E,0))) | E2498: =IF(ISERROR($V2498),"",OFFSET('Smelter Look-up'!$D$4,$V2498-4,0)&"") | F2498: =IF(ISERROR($V2498),"",OFFSET('Smelter Look-up'!$E$4,$V2498-4,0)) | G2498: =IF(C2498=$X$4,IF(ISERROR($V2498),"Enter smelter details","RMI"),IF(ISERROR($V2498),"",OFFSET('Smelter Look-up'!$F$4,$V2498-4,0))) | H2498: =IF(ISERROR($V2498),"",OFFSET('Smelter Look-up'!$G$4,$V2498-4,0)) | I2498: =IF(ISERROR($V2498),"",OFFSET('Smelter Look-up'!$H$4,$V2498-4,0)) | J2498: =IF(ISERROR($V2498),"",OFFSET('Smelter Look-up'!$I$4,$V2498-4,0)) | R2498: =IF(ISERROR($V2498),"",OFFSET('Smelter Look-up'!$C$4,$V2498-4,0)&"") | S2498: =IF(B2498="","",IF(ISERROR(MATCH($E2498,CL,0)),"Unknown",INDIRECT("'C'!$A$"&MATCH($E2498,CL,0)+1))) | T2498: =IF(B2498="","",IF(ISERROR(MATCH($J2498,SorP!$B$1:$B$6261,0)),"",INDIRECT("'SorP'!$A$"&MATCH($S2498&$J2498,SorP!C:C,0)))) | V2498: =IF(C2498="",NA(),IF(OR(C2498="Smelter not listed",C2498="Smelter not yet identified"),MATCH($B2498&$D2498,'Smelter Look-up'!$J:$J,0),MATCH($B2498&$C2498,'Smelter Look-up'!$J:$J,0))) -> #N/A
B2499: =IF(LEN(A2499)=0,"",INDEX('Smelter Look-up'!$A:$A,MATCH($A2499,'Smelter Look-up'!$E:$E,0))) | C2499: =IF(LEN(A2499)=0,"",INDEX('Smelter Look-up'!$C:$C,MATCH($A2499,'Smelter Look-up'!$E:$E,0))) | E2499: =IF(ISERROR($V2499),"",OFFSET('Smelter Look-up'!$D$4,$V2499-4,0)&"") | F2499: =IF(ISERROR($V2499),"",OFFSET('Smelter Look-up'!$E$4,$V2499-4,0)) | G2499: =IF(C2499=$X$4,IF(ISERROR($V2499),"Enter smelter details","RMI"),IF(ISERROR($V2499),"",OFFSET('Smelter Look-up'!$F$4,$V2499-4,0))) | H2499: =IF(ISERROR($V2499),"",OFFSET('Smelter Look-up'!$G$4,$V2499-4,0)) | I2499: =IF(ISERROR($V2499),"",OFFSET('Smelter Look-up'!$H$4,$V2499-4,0)) | J2499: =IF(ISERROR($V2499),"",OFFSET('Smelter Look-up'!$I$4,$V2499-4,0)) | R2499: =IF(ISERROR($V2499),"",OFFSET('Smelter Look-up'!$C$4,$V2499-4,0)&"") | S2499: =IF(B2499="","",IF(ISERROR(MATCH($E2499,CL,0)),"Unknown",INDIRECT("'C'!$A$"&MATCH($E2499,CL,0)+1))) | T2499: =IF(B2499="","",IF(ISERROR(MATCH($J2499,SorP!$B$1:$B$6261,0)),"",INDIRECT("'SorP'!$A$"&MATCH($S2499&$J2499,SorP!C:C,0)))) | V2499: =IF(C2499="",NA(),IF(OR(C2499="Smelter not listed",C2499="Smelter not yet identified"),MATCH($B2499&$D2499,'Smelter Look-up'!$J:$J,0),MATCH($B2499&$C2499,'Smelter Look-up'!$J:$J,0))) -> #N/A
B2500: =IF(LEN(A2500)=0,"",INDEX('Smelter Look-up'!$A:$A,MATCH($A2500,'Smelter Look-up'!$E:$E,0))) | C2500: =IF(LEN(A2500)=0,"",INDEX('Smelter Look-up'!$C:$C,MATCH($A2500,'Smelter Look-up'!$E:$E,0))) | E2500: =IF(ISERROR($V2500),"",OFFSET('Smelter Look-up'!$D$4,$V2500-4,0)&"") | F2500: =IF(ISERROR($V2500),"",OFFSET('Smelter Look-up'!$E$4,$V2500-4,0)) | G2500: =IF(C2500=$X$4,IF(ISERROR($V2500),"Enter smelter details","RMI"),IF(ISERROR($V2500),"",OFFSET('Smelter Look-up'!$F$4,$V2500-4,0))) | H2500: =IF(ISERROR($V2500),"",OFFSET('Smelter Look-up'!$G$4,$V2500-4,0)) | I2500: =IF(ISERROR($V2500),"",OFFSET('Smelter Look-up'!$H$4,$V2500-4,0)) | J2500: =IF(ISERROR($V2500),"",OFFSET('Smelter Look-up'!$I$4,$V2500-4,0)) | R2500: =IF(ISERROR($V2500),"",OFFSET('Smelter Look-up'!$C$4,$V2500-4,0)&"") | S2500: =IF(B2500="","",IF(ISERROR(MATCH($E2500,CL,0)),"Unknown",INDIRECT("'C'!$A$"&MATCH($E2500,CL,0)+1))) | T2500: =IF(B2500="","",IF(ISERROR(MATCH($J2500,SorP!$B$1:$B$6261,0)),"",INDIRECT("'SorP'!$A$"&MATCH($S2500&$J2500,SorP!C:C,0)))) | V2500: =IF(C2500="",NA(),IF(OR(C2500="Smelter not listed",C2500="Smelter not yet identified"),MATCH($B2500&$D2500,'Smelter Look-up'!$J:$J,0),MATCH($B2500&$C2500,'Smelter Look-up'!$J:$J,0))) -> #N/A
B2501: =IF(LEN(A2501)=0,"",INDEX('Smelter Look-up'!$A:$A,MATCH($A2501,'Smelter Look-up'!$E:$E,0))) | C2501: =IF(LEN(A2501)=0,"",INDEX('Smelter Look-up'!$C:$C,MATCH($A2501,'Smelter Look-up'!$E:$E,0))) | E2501: =IF(ISERROR($V2501),"",OFFSET('Smelter Look-up'!$D$4,$V2501-4,0)&"") | F2501: =IF(ISERROR($V2501),"",OFFSET('Smelter Look-up'!$E$4,$V2501-4,0)) | G2501: =IF(C2501=$X$4,IF(ISERROR($V2501),"Enter smelter details","RMI"),IF(ISERROR($V2501),"",OFFSET('Smelter Look-up'!$F$4,$V2501-4,0))) | H2501: =IF(ISERROR($V2501),"",OFFSET('Smelter Look-up'!$G$4,$V2501-4,0)) | I2501: =IF(ISERROR($V2501),"",OFFSET('Smelter Look-up'!$H$4,$V2501-4,0)) | J2501: =IF(ISERROR($V2501),"",OFFSET('Smelter Look-up'!$I$4,$V2501-4,0)) | R2501: =IF(ISERROR($V2501),"",OFFSET('Smelter Look-up'!$C$4,$V2501-4,0)&"") | S2501: =IF(B2501="","",IF(ISERROR(MATCH($E2501,CL,0)),"Unknown",INDIRECT("'C'!$A$"&MATCH($E2501,CL,0)+1))) | T2501: =IF(B2501="","",IF(ISERROR(MATCH($J2501,SorP!$B$1:$B$6261,0)),"",INDIRECT("'SorP'!$A$"&MATCH($S2501&$J2501,SorP!C:C,0)))) | V2501: =IF(C2501="",NA(),IF(OR(C2501="Smelter not listed",C2501="Smelter not yet identified"),MATCH($B2501&$D2501,'Smelter Look-up'!$J:$J,0),MATCH($B2501&$C2501,'Smelter Look-up'!$J:$J,0))) -> #N/A
B2502: =IF(LEN(A2502)=0,"",INDEX('Smelter Look-up'!$A:$A,MATCH($A2502,'Smelter Look-up'!$E:$E,0))) | C2502: =IF(LEN(A2502)=0,"",INDEX('Smelter Look-up'!$C:$C,MATCH($A2502,'Smelter Look-up'!$E:$E,0))) | E2502: =IF(ISERROR($V2502),"",OFFSET('Smelter Look-up'!$D$4,$V2502-4,0)&"") | F2502: =IF(ISERROR($V2502),"",OFFSET('Smelter Look-up'!$E$4,$V2502-4,0)) | G2502: =IF(C2502=$X$4,IF(ISERROR($V2502),"Enter smelter details","RMI"),IF(ISERROR($V2502),"",OFFSET('Smelter Look-up'!$F$4,$V2502-4,0))) | H2502: =IF(ISERROR($V2502),"",OFFSET('Smelter Look-up'!$G$4,$V2502-4,0)) | I2502: =IF(ISERROR($V2502),"",OFFSET('Smelter Look-up'!$H$4,$V2502-4,0)) | J2502: =IF(ISERROR($V2502),"",OFFSET('Smelter Look-up'!$I$4,$V2502-4,0)) | R2502: =IF(ISERROR($V2502),"",OFFSET('Smelter Look-up'!$C$4,$V2502-4,0)&"") | S2502: =IF(B2502="","",IF(ISERROR(MATCH($E2502,CL,0)),"Unknown",INDIRECT("'C'!$A$"&MATCH($E2502,CL,0)+1))) | T2502: =IF(B2502="","",IF(ISERROR(MATCH($J2502,SorP!$B$1:$B$6261,0)),"",INDIRECT("'SorP'!$A$"&MATCH($S2502&$J2502,SorP!C:C,0)))) | V2502: =IF(C2502="",NA(),IF(OR(C2502="Smelter not listed",C2502="Smelter not yet identified"),MATCH($B2502&$D2502,'Smelter Look-up'!$J:$J,0),MATCH($B2502&$C2502,'Smelter Look-up'!$J:$J,0))) -> #N/A
B2503: =IF(LEN(A2503)=0,"",INDEX('Smelter Look-up'!$A:$A,MATCH($A2503,'Smelter Look-up'!$E:$E,0))) | C2503: =IF(LEN(A2503)=0,"",INDEX('Smelter Look-up'!$C:$C,MATCH($A2503,'Smelter Look-up'!$E:$E,0))) | E2503: =IF(ISERROR($V2503),"",OFFSET('Smelter Look-up'!$D$4,$V2503-4,0)&"") | F2503: =IF(ISERROR($V2503),"",OFFSET('Smelter Look-up'!$E$4,$V2503-4,0)) | G2503: =IF(C2503=$X$4,IF(ISERROR($V2503),"Enter smelter details","RMI"),IF(ISERROR($V2503),"",OFFSET('Smelter Look-up'!$F$4,$V2503-4,0))) | H2503: =IF(ISERROR($V2503),"",OFFSET('Smelter Look-up'!$G$4,$V2503-4,0)) | I2503: =IF(ISERROR($V2503),"",OFFSET('Smelter Look-up'!$H$4,$V2503-4,0)) | J2503: =IF(ISERROR($V2503),"",OFFSET('Smelter Look-up'!$I$4,$V2503-4,0)) | R2503: =IF(ISERROR($V2503),"",OFFSET('Smelter Look-up'!$C$4,$V2503-4,0)&"") | S2503: =IF(B2503="","",IF(ISERROR(MATCH($E2503,CL,0)),"Unknown",INDIRECT("'C'!$A$"&MATCH($E2503,CL,0)+1))) | T2503: =IF(B2503="","",IF(ISERROR(MATCH($J2503,SorP!$B$1:$B$6261,0)),"",INDIRECT("'SorP'!$A$"&MATCH($S2503&$J2503,SorP!C:C,0)))) | V2503: =IF(C2503="",NA(),IF(OR(C2503="Smelter not listed",C2503="Smelter not yet identified"),MATCH($B2503&$D2503,'Smelter Look-up'!$J:$J,0),MATCH($B2503&$C2503,'Smelter Look-up'!$J:$J,0))) -> #N/A
B2504: =IF(LEN(A2504)=0,"",INDEX('Smelter Look-up'!$A:$A,MATCH($A2504,'Smelter Look-up'!$E:$E,0))) | C2504: =IF(LEN(A2504)=0,"",INDEX('Smelter Look-up'!$C:$C,MATCH($A2504,'Smelter Look-up'!$E:$E,0))) | E2504: =IF(ISERROR($V2504),"",OFFSET('Smelter Look-up'!$D$4,$V2504-4,0)&"") | F2504: =IF(ISERROR($V2504),"",OFFSET('Smelter Look-up'!$E$4,$V2504-4,0)) | G2504: =IF(C2504=$X$4,IF(ISERROR($V2504),"Enter smelter details","RMI"),IF(ISERROR($V2504),"",OFFSET('Smelter Look-up'!$F$4,$V2504-4,0))) | H2504: =IF(ISERROR($V2504),"",OFFSET('Smelter Look-up'!$G$4,$V2504-4,0)) | I2504: =IF(ISERROR($V2504),"",OFFSET('Smelter Look-up'!$H$4,$V2504-4,0)) | J2504: =IF(ISERROR($V2504),"",OFFSET('Smelter Look-up'!$I$4,$V2504-4,0)) | R2504: =IF(ISERROR($V2504),"",OFFSET('Smelter Look-up'!$C$4,$V2504-4,0)&"") | S2504: =IF(B2504="","",IF(ISERROR(MATCH($E2504,CL,0)),"Unknown",INDIRECT("'C'!$A$"&MATCH($E2504,CL,0)+1))) | T2504: =IF(B2504="","",IF(ISERROR(MATCH($J2504,SorP!$B$1:$B$6261,0)),"",INDIRECT("'SorP'!$A$"&MATCH($S2504&$J2504,SorP!C:C,0)))) | V2504: =IF(C2504="",NA(),IF(OR(C2504="Smelter not listed",C2504="Smelter not yet identified"),MATCH($B2504&$D2504,'Smelter Look-up'!$J:$J,0),MATCH($B2504&$C2504,'Smelter Look-up'!$J:$J,0))) -> #N/A | X2504: =IF(AND(C2504="Smelter not listed",OR(LEN(D2504)=0,LEN(E2504)=0)),1,0) -> 0 | AB2504: =B2504&C2504

Sheet Checker
A1: =OFFSET(L!$C$1,MATCH("Checker"&ADDRESS(ROW(),COLUMN(),4),L!$A:$A,0)-1,SL,,) -> To ensure all required fields have been populated before submitting to your customers review form for any line items highlighted in red | D1: =OFFSET(L!$C$1,MATCH("Checker"&ADDRESS(ROW(),COLUMN(),4),L!$A:$A,0)-1,SL,,) -> Required fields remaining to be completed
A2: Click here to return to Declaration tab | B2: =IF(F65=1,"Click here to return to Smelter List","") | C2: =IF(F65=1,"Click here to return to Product List","") | D2: =IF(H70=0,"0",H70) -> 0
A3: =OFFSET(L!$C$1,MATCH("Checker"&ADDRESS(ROW(),COLUMN(),4),L!$A:$A,0)-1,SL,,) -> Required Fields | B3: =OFFSET(L!$C$1,MATCH("Checker"&ADDRESS(ROW(),COLUMN(),4),L!$A:$A,0)-1,SL,,) -> Answer provided | C3: =OFFSET(L!$C$1,MATCH("Checker"&ADDRESS(ROW(),COLUMN(),4),L!$A:$A,0)-1,SL,,) -> Notes | D3: =OFFSET(L!$C$1,MATCH("Checker"&ADDRESS(ROW(),COLUMN(),4),L!$A:$A,0)-1,SL,,) -> Hyperlink to source | F3: necessary? | G3: complete? | H3: incomplete | I3: comment1 | J3: comment for remaining
A4: =Declaration!B8 -> Company Name (*): | B4: =Declaration!D8 -> MV-Electronics Inc | C4: =IF(H4=1,J4,I4) -> Complete | D4: =IF(H4=1,"Click here to enter Company Name","") | F4: 1 | G4: =IF(B4=0,1,0) -> 0 | H4: =F4*G4 -> 0 | I4: =OFFSET(L!$C$1,MATCH("Checker"&"Comp",L!$A:$A,0)-1,SL,,) -> Complete | J4: =OFFSET(L!$C$1,MATCH("Checker"&ADDRESS(ROW(),COLUMN(),4),L!$A:$A,0)-1,SL,,) -> Provide your company name on the Declaration tab cell D8
A5: =Declaration!B9 -> Declaration Scope or Class (*): | B5: =Declaration!D9 -> A. Company | C5: =IF(H5=1,J5,I5) -> Complete | D5: =IF(H5=1,"Click here to enter Declaration Scope","") | F5: 1 | G5: =IF(B5=0,1,0) -> 0 | H5: =F5*G5 -> 0 | I5: =OFFSET(L!$C$1,MATCH("Checker"&"Comp",L!$A:$A,0)-1,SL,,) -> Complete | J5: =OFFSET(L!$C$1,MATCH("Checker"&ADDRESS(ROW(),COLUMN(),4),L!$A:$A,0)-1,SL,,) -> Select the scope of declaration on the Declaration tab cell D9
A6: =Declaration!B10 -> Description of Scope: | B6: =Declaration!D10 -> Crystals, XOs (Clock Oscillators), VCXOs (Voltage Controlled Clock Oscillators), TCXO (Temperature Compensated Crystal Oscillators), OCXO (Oven Controlled Crystal Oscillators) | C6: =IF(H6=1,J6,I6) -> Complete | D6: =IF(H6=1,"Click here to provide a Description of Scope","") | F6: =IF(OR(B5=Declaration!P9,B5=Declaration!Q9,B5=0),0,1) -> 0 | G6: =IF(B6=0,1,0) -> 0 | H6: =F6*G6 -> 0 | I6: =OFFSET(L!$C$1,MATCH("Checker"&"Comp",L!$A:$A,0)-1,SL,,) -> Complete | J6: =OFFSET(L!$C$1,MATCH("Checker"&ADDRESS(ROW(),COLUMN(),4),L!$A:$A,0)-1,SL,,) -> Provide description of scope on Declaration tab cell D10
A7: =Declaration!B15 -> Contact Name (*): | B7: =Declaration!D15 -> Shiraz Vakharia | C7: =IF(H7=1,J7,I7) -> Complete | D7: =IF(H7=1,"Click here to enter Contact Name","") | F7: 1 | G7: =IF(B7=0,1,0) -> 0 | H7: =F7*G7 -> 0 | I7: =OFFSET(L!$C$1,MATCH("Checker"&"Comp",L!$A:$A,0)-1,SL,,) -> Complete | J7: =OFFSET(L!$C$1,MATCH("Checker"&ADDRESS(ROW(),COLUMN(),4),L!$A:$A,0)-1,SL,,) -> Provide contact name in Declaration tab cell D15
A8: =Declaration!B16 -> Email – Contact (*): | B8: =Declaration!D16 -> ShirazVakharia@MV-Electronics.com | C8: =IF(H8=1,J8,I8) -> Complete | D8: =IF(H8=1,"Click here to enter Email-Contact","") | F8: 1 | G8: =IF(ISNUMBER(SEARCH("@",B8)),0,1) -> 0 | H8: =F8*G8 -> 0 | I8: =OFFSET(L!$C$1,MATCH("Checker"&"Comp",L!$A:$A,0)-1,SL,,) -> Complete | J8: =OFFSET(L!$C$1,MATCH("Checker"&ADDRESS(ROW(),COLUMN(),4),L!$A:$A,0)-1,SL,,) -> Provide a valid email for contact in Declaration tab cell D16
A9: =Declaration!B17 -> Phone – Contact (*): | B9: =Declaration!D17 -> +1(717) 691-1582 | C9: =IF(H9=1,J9,I9) -> Complete | D9: =IF(H9=1,"Click here to enter Phone-Contact","") | F9: 1 | G9: =IF(B9=0,1,0) -> 0 | H9: =F9*G9 -> 0 | I9: =OFFSET(L!$C$1,MATCH("Checker"&"Comp",L!$A:$A,0)-1,SL,,) -> Complete | J9: =OFFSET(L!$C$1,MATCH("Checker"&ADDRESS(ROW(),COLUMN(),4),L!$A:$A,0)-1,SL,,) -> Provide a phone number for contact in Declaration tab cell D17
A10: =Declaration!B18 -> Authorizer (*): | B10: =Declaration!D18 -> Shiraz Vakharia | C10: =IF(H10=1,J10,I10) -> Complete | D10: =IF(H10=1,"Click here to enter an Authorized Company Representative's name","") | F10: 1 | G10: =IF(B10=0,1,0) -> 0 | H10: =F10*G10 -> 0 | I10: =OFFSET(L!$C$1,MATCH("Checker"&"Comp",L!$A:$A,0)-1,SL,,) -> Complete | J10: =OFFSET(L!$C$1,MATCH("Checker"&ADDRESS(ROW(),COLUMN(),4),L!$A:$A,0)-1,SL,,) -> Provide authorized company representative contact name in Declaration tab cell D18
A11: =Declaration!B20 -> Email - Authorizer (*): | B11: =Declaration!D20 -> ShirazVakharia@MV-Electronics.com | C11: =IF(H11=1,J11,I11) -> Complete | D11: =IF(H11=1,"Click here to enter Representative's email","") | F11: 1 | G11: =IF(ISNUMBER(SEARCH("@",B11)),0,1) -> 0 | H11: =F11*G11 -> 0 | I11: =OFFSET(L!$C$1,MATCH("Checker"&"Comp",L!$A:$A,0)-1,SL,,) -> Complete | J11: =OFFSET(L!$C$1,MATCH("Checker"&ADDRESS(ROW(),COLUMN(),4),L!$A:$A,0)-1,SL,,) -> Provide an email for authorized company representative on Declaration tab cell D20
A12: =Declaration!B22 -> Effective Date (*): | B12: =Declaration!D22 -> 46152 | C12: =IF(H12=1,J12,I12) -> Complete | D12: =IF(H12=1,"Click here to enter Date of Completion","") | F12: 1 | G12: =IF(B12=0,1,0) -> 0 | H12: =F12*G12 -> 0 | I12: =OFFSET(L!$C$1,MATCH("Checker"&"Comp",L!$A:$A,0)-1,SL,,) -> Complete | J12: =OFFSET(L!$C$1,MATCH("Checker"&ADDRESS(ROW(),COLUMN(),4),L!$A:$A,0)-1,SL,,) -> Provide date the form was completed on Declaration tab cell D22
A13: =Declaration!B25 -> 1) Is any 3TG intentionally added or used in the product(s) or in the production process? (*) | H13: =F13*G13 -> 0
A14: =Declaration!B26 -> Tantalum | B14: =Declaration!D26 -> No | C14: =IF(H14=1,J14,I14) -> Complete | D14: =IF(H14=1,"Click here to answer question 1 for Tantalum","") | F14: 1 | G14: =IF(B14=0,1,0) -> 0 | H14: =F14*G14 -> 0 | I14: =OFFSET(L!$C$1,MATCH("Checker"&"Comp",L!$A:$A,0)-1,SL,,) -> Complete | J14: =OFFSET(L!$C$1,MATCH("Checker"&ADDRESS(ROW(),COLUMN(),4),L!$A:$A,0)-1,SL,,) -> Declare if Tantalum is intentionally added to your products on Declaration tab cell D26
A15: =Declaration!B27 -> Tin (*) | B15: =Declaration!D27 -> Yes | C15: =IF(H15=1,J15,I15) -> Complete | D15: =IF(H15=1,"Click here to answer question 1 for Tin","") | F15: 1 | G15: =IF(B15=0,1,0) -> 0 | H15: =F15*G15 -> 0 | I15: =OFFSET(L!$C$1,MATCH("Checker"&"Comp",L!$A:$A,0)-1,SL,,) -> Complete | J15: =OFFSET(L!$C$1,MATCH("Checker"&ADDRESS(ROW(),COLUMN(),4),L!$A:$A,0)-1,SL,,) -> Declare if Tin is intentionally added to your products on Declaration tab cell D27
A16: =Declaration!B28 -> Gold (*) | B16: =Declaration!D28 -> Yes | C16: =IF(H16=1,J16,I16) -> Complete | D16: =IF(H16=1,"Click here to answer question 1 for Gold","") | F16: 1 | G16: =IF(B16=0,1,0) -> 0 | H16: =F16*G16 -> 0 | I16: =OFFSET(L!$C$1,MATCH("Checker"&"Comp",L!$A:$A,0)-1,SL,,) -> Complete | J16: =OFFSET(L!$C$1,MATCH("Checker"&ADDRESS(ROW(),COLUMN(),4),L!$A:$A,0)-1,SL,,) -> Declare if Gold is intentionally added to your products on Declaration tab cell D28
A17: =Declaration!B29 -> Tungsten (*) | B17: =Declaration!D29 -> Yes | C17: =IF(H17=1,J17,I17) -> Complete | D17: =IF(H17=1,"Click here to answer question 1 for Tungsten","") | F17: 1 | G17: =IF(B17=0,1,0) -> 0 | H17: =F17*G17 -> 0 | I17: =OFFSET(L!$C$1,MATCH("Checker"&"Comp",L!$A:$A,0)-1,SL,,) -> Complete | J17: =OFFSET(L!$C$1,MATCH("Checker"&ADDRESS(ROW(),COLUMN(),4),L!$A:$A,0)-1,SL,,) -> Declare if Tungsten is intentionally added to your products on Declaration tab cell D29
A18: =Declaration!B31 -> 2) Does any 3TG remain in the product(s)? (*)
A19: =Declaration!B32 -> Tantalum | B19: =IF($B$14="Yes",Declaration!D32,0) -> 0 | C19: =IF(H19=1,J19,I19) -> Complete | D19: =IF(H19=1,"Click here to answer question 2 for Tantalum","") | F19: =IF(B$14="No",0,1) -> 0 | G19: =IF(B19=0,1,0) -> 1 | H19: =F19*G19 -> 0 | I19: =OFFSET(L!$C$1,MATCH("Checker"&"Comp",L!$A:$A,0)-1,SL,,) -> Complete | J19: =OFFSET(L!$C$1,MATCH("Checker"&ADDRESS(ROW(),COLUMN(),4),L!$A:$A,0)-1,SL,,) -> Declare if Tantalum is necessary to the production of your products and contained within the finished products declared in Declaration tab cell D32
A20: =Declaration!B33 -> Tin (*) | B20: =IF($B$15="Yes",Declaration!D33,0) -> Yes | C20: =IF(H20=1,J20,I20) -> Complete | D20: =IF(H20=1,"Click here to answer question 2 for Tin","") | F20: =IF(B$15="No",0,1) -> 1 | G20: =IF(B20=0,1,0) -> 0 | H20: =F20*G20 -> 0 | I20: =OFFSET(L!$C$1,MATCH("Checker"&"Comp",L!$A:$A,0)-1,SL,,) -> Complete | J20: =OFFSET(L!$C$1,MATCH("Checker"&ADDRESS(ROW(),COLUMN(),4),L!$A:$A,0)-1,SL,,) -> Declare if Tin is necessary to the production of your products and contained within the finished products declared in Declaration tab cell D33
A21: =Declaration!B34 -> Gold (*) | B21: =IF($B$16="Yes",Declaration!D34,0) -> Yes | C21: =IF(H21=1,J21,I21) -> Complete | D21: =IF(H21=1,"Click here to answer question 2 for Gold","") | F21: =IF(B$16="No",0,1) -> 1 | G21: =IF(B21=0,1,0) -> 0 | H21: =F21*G21 -> 0 | I21: =OFFSET(L!$C$1,MATCH("Checker"&"Comp",L!$A:$A,0)-1,SL,,) -> Complete | J21: =OFFSET(L!$C$1,MATCH("Checker"&ADDRESS(ROW(),COLUMN(),4),L!$A:$A,0)-1,SL,,) -> Declare if Gold is necessary to the production of your products and contained within the finished products declared in Declaration tab cell D34
A22: =Declaration!B35 -> Tungsten (*) | B22: =IF($B$17="Yes",Declaration!D35,0) -> Yes | C22: =IF(H22=1,J22,I22) -> Complete | D22: =IF(H22=1,"Click here to answer question 2 for Tungsten","") | F22: =IF(B$17="No",0,1) -> 1 | G22: =IF(B22=0,1,0) -> 0 | H22: =F22*G22 -> 0 | I22: =OFFSET(L!$C$1,MATCH("Checker"&"Comp",L!$A:$A,0)-1,SL,,) -> Complete | J22: =OFFSET(L!$C$1,MATCH("Checker"&ADDRESS(ROW(),COLUMN(),4),L!$A:$A,0)-1,SL,,) -> Declare if Tungsten is necessary to the production of your products and contained within the finished products declared in Declaration tab cell D35
A23: =Declaration!B37 -> 3) Do any of the smelters in your supply chain source the 3TG from the covered countries? (SEC term, see definitions tab) (*)
A24: =Declaration!B38 -> Tantalum | B24: =IF(AND($B$14="Yes",$B$19="Yes"),Declaration!D38,0) -> 0 | C24: =IF(H24=1,J24,I24) -> Complete | D24: =IF(H24=1,"Click here to answer question 3 for Tantalum","") | F24: =IF(OR(B14="No",B19="No"),0,1) -> 0 | G24: =IF(B24=0,1,0) -> 1 | H24: =F24*G24 -> 0 | I24: =OFFSET(L!$C$1,MATCH("Checker"&"Comp",L!$A:$A,0)-1,SL,,) -> Complete | J24: =OFFSET(L!$C$1,MATCH("Checker"&ADDRESS(ROW(),COLUMN(),4),L!$A:$A,0)-1,SL,,) -> Declare if Tantalum used within the scope of products declared within this survey response originated from the DRC or an adjoining Country on the Declaration tab cell D38
A25: =Declaration!B39 -> Tin (*) | B25: =IF(AND($B$15="Yes",$B$20="Yes"),Declaration!D39,0) -> No | C25: =IF(H25=1,J25,I25) -> Complete | D25: =IF(H25=1,"Click here to answer question 3 for Tin","") | F25: =IF(OR(B15="No",B20="No"),0,1) -> 1 | G25: =IF(B25=0,1,0) -> 0 | H25: =F25*G25 -> 0 | I25: =OFFSET(L!$C$1,MATCH("Checker"&"Comp",L!$A:$A,0)-1,SL,,) -> Complete | J25: =OFFSET(L!$C$1,MATCH("Checker"&ADDRESS(ROW(),COLUMN(),4),L!$A:$A,0)-1,SL,,) -> Declare if Tin used within the scope of products declared within this survey response originated from the DRC or an adjoining Country on the Declaration tab cell D39
A26: =Declaration!B40 -> Gold (*) | B26: =IF(AND($B$16="Yes",$B$21="Yes"),Declaration!D40,0) -> No | C26: =IF(H26=1,J26,I26) -> Complete | D26: =IF(H26=1,"Click here to answer question 3 for Gold","") | F26: =IF(OR(B16="No",B21="No"),0,1) -> 1 | G26: =IF(B26=0,1,0) -> 0 | H26: =F26*G26 -> 0 | I26: =OFFSET(L!$C$1,MATCH("Checker"&"Comp",L!$A:$A,0)-1,SL,,) -> Complete | J26: =OFFSET(L!$C$1,MATCH("Checker"&ADDRESS(ROW(),COLUMN(),4),L!$A:$A,0)-1,SL,,) -> Declare if Gold used within the scope of products declared within this survey response originated from the DRC or an adjoining Country on the Declaration tab cell D40
A27: =Declaration!B41 -> Tungsten (*) | B27: =IF(AND($B$17="Yes",$B$22="Yes"),Declaration!D41,0) -> No | C27: =IF(H27=1,J27,I27) -> Complete | D27: =IF(H27=1,"Click here to answer question 3 for Tungsten","") | F27: =IF(OR(B17="No",B22="No"),0,1) -> 1 | G27: =IF(B27=0,1,0) -> 0 | H27: =F27*G27 -> 0 | I27: =OFFSET(L!$C$1,MATCH("Checker"&"Comp",L!$A:$A,0)-1,SL,,) -> Complete | J27: =OFFSET(L!$C$1,MATCH("Checker"&ADDRESS(ROW(),COLUMN(),4),L!$A:$A,0)-1,SL,,) -> Declare if Tungsten used within the scope of products declared within this survey response originated from the DRC or an adjoining Country on the Declaration tab cell D41
A28: =Declaration!B43 -> 4) Do any of the smelters in your supply chain source the 3TG from conflict-affected and high-risk areas? (*)
A29: =Declaration!B44 -> Tantalum | B29: =IF(AND($B$14="Yes",$B$19="Yes"),Declaration!D44,0) -> 0 | C29: =IF(H29=1,J29,I29) -> Complete | D29: =IF(H29=1,"Click here to answer question 4 for Tantalum","") | F29: =F24 -> 0 | G29: =IF(B29=0,1,0) -> 1 | H29: =F29*G29 -> 0 | I29: =OFFSET(L!$C$1,MATCH("Checker"&"Comp",L!$A:$A,0)-1,SL,,) -> Complete | J29: =OFFSET(L!$C$1,MATCH("Checker"&ADDRESS(ROW(),COLUMN(),4),L!$A:$A,0)-1,SL,,) -> Declare if Tantalum used within the scope of products declared within this survey response originated from a conflict-affected and high-risk area on the Declaration tab cell D44
A30: =Declaration!B45 -> Tin (*) | B30: =IF(AND($B$15="Yes",$B$20="Yes"),Declaration!D45,0) -> No | C30: =IF(H30=1,J30,I30) -> Complete | D30: =IF(H30=1,"Click here to answer question 4 for Tin","") | F30: =F25 -> 1 | G30: =IF(B30=0,1,0) -> 0 | H30: =F30*G30 -> 0 | I30: =OFFSET(L!$C$1,MATCH("Checker"&"Comp",L!$A:$A,0)-1,SL,,) -> Complete | J30: =OFFSET(L!$C$1,MATCH("Checker"&ADDRESS(ROW(),COLUMN(),4),L!$A:$A,0)-1,SL,,) -> Declare if Tin used within the scope of products declared within this survey response originated from a conflict-affected and high-risk area on the Declaration tab cell D45
A31: =Declaration!B46 -> Gold (*) | B31: =IF(AND($B$16="Yes",$B$21="Yes"),Declaration!D46,0) -> No | C31: =IF(H31=1,J31,I31) -> Complete | D31: =IF(H31=1,"Click here to answer question 4 for Gold","") | F31: =F26 -> 1 | G31: =IF(B31=0,1,0) -> 0 | H31: =F31*G31 -> 0 | I31: =OFFSET(L!$C$1,MATCH("Checker"&"Comp",L!$A:$A,0)-1,SL,,) -> Complete | J31: =OFFSET(L!$C$1,MATCH("Checker"&ADDRESS(ROW(),COLUMN(),4),L!$A:$A,0)-1,SL,,) -> Declare if Gold used within the scope of products declared within this survey response originated from a conflict-affected and high-risk area on the Declaration tab cell D46
A32: =Declaration!B47 -> Tungsten (*) | B32: =IF(AND($B$17="Yes",$B$22="Yes"),Declaration!D47,0) -> No | C32: =IF(H32=1,J32,I32) -> Complete | D32: =IF(H32=1,"Click here to answer question 4 for Tungsten","") | F32: =F27 -> 1 | G32: =IF(B32=0,1,0) -> 0 | H32: =F32*G32 -> 0 | I32: =OFFSET(L!$C$1,MATCH("Checker"&"Comp",L!$A:$A,0)-1,SL,,) -> Complete | J32: =OFFSET(L!$C$1,MATCH("Checker"&ADDRESS(ROW(),COLUMN(),4),L!$A:$A,0)-1,SL,,) -> Declare if Tungsten used within the scope of products declared within this survey response originated from a conflict-affected and high-risk area on the Declaration tab cell D47
A33: =Declaration!B49 -> 5) Does 100 percent of the 3TG (necessary to the functionality or production of your products) originate from recycled or scrap sources? (*)
A34: =Declaration!B50 -> Tantalum | B34: =IF(AND($B$14="Yes",$B$19="Yes"),Declaration!D50,0) -> 0 | C34: =IF(H34=1,J34,I34) -> Complete | D34: =IF(H34=1,"Click here to answer question 5 for Tantalum","") | F34: =F24 -> 0 | G34: =IF(B34=0,1,0) -> 1 | H34: =F34*G34 -> 0 | I34: =OFFSET(L!$C$1,MATCH("Checker"&"Comp",L!$A:$A,0)-1,SL,,) -> Complete | J34: =OFFSET(L!$C$1,MATCH("Checker"&ADDRESS(ROW(),COLUMN(),4),L!$A:$A,0)-1,SL,,) -> Declare if Tantalum used within the scope of products declared within this survey response originated entirely from a recycled or scrap source on the Declaration tab cell D44
A35: =Declaration!B51 -> Tin (*) | B35: =IF(AND($B$15="Yes",$B$20="Yes"),Declaration!D51,0) -> No | C35: =IF(H35=1,J35,I35) -> Complete | D35: =IF(H35=1,"Click here to answer question 5 for Tin","") | F35: =F25 -> 1 | G35: =IF(B35=0,1,0) -> 0 | H35: =F35*G35 -> 0 | I35: =OFFSET(L!$C$1,MATCH("Checker"&"Comp",L!$A:$A,0)-1,SL,,) -> Complete | J35: =OFFSET(L!$C$1,MATCH("Checker"&ADDRESS(ROW(),COLUMN(),4),L!$A:$A,0)-1,SL,,) -> Declare if Tin used within the scope of products declared within this survey response originated entirely from a recycled or scrap source on the Declaration tab cell D45
A36: =Declaration!B52 -> Gold (*) | B36: =IF(AND($B$16="Yes",$B$21="Yes"),Declaration!D52,0) -> No | C36: =IF(H36=1,J36,I36) -> Complete | D36: =IF(H36=1,"Click here to answer question 5 for Gold","") | F36: =F26 -> 1 | G36: =IF(B36=0,1,0) -> 0 | H36: =F36*G36 -> 0 | I36: =OFFSET(L!$C$1,MATCH("Checker"&"Comp",L!$A:$A,0)-1,SL,,) -> Complete | J36: =OFFSET(L!$C$1,MATCH("Checker"&ADDRESS(ROW(),COLUMN(),4),L!$A:$A,0)-1,SL,,) -> Declare if Gold used within the scope of products declared within this survey response originated entirely from a recycled or scrap source on the Declaration tab cell D46
A37: =Declaration!B53 -> Tungsten (*) | B37: =IF(AND($B$17="Yes",$B$22="Yes"),Declaration!D53,0) -> No | C37: =IF(H37=1,J37,I37) -> Complete | D37: =IF(H37=1,"Click here to answer question 5 for Tungsten","") | F37: =F27 -> 1 | G37: =IF(B37=0,1,0) -> 0 | H37: =F37*G37 -> 0 | I37: =OFFSET(L!$C$1,MATCH("Checker"&"Comp",L!$A:$A,0)-1,SL,,) -> Complete | J37: =OFFSET(L!$C$1,MATCH("Checker"&ADDRESS(ROW(),COLUMN(),4),L!$A:$A,0)-1,SL,,) -> Declare if Tungsten used within the scope of products declared within this survey response originated entirely from a recycled or scrap source on the Declaration tab cell D47
A38: =Declaration!B55 -> 6) What percentage of relevant suppliers have provided a response to your supply chain survey? (*)
A39: =Declaration!B56 -> Tantalum | B39: =IF(AND($B$14="Yes",$B$19="Yes"),Declaration!D56,0) -> 0 | C39: =IF(H39=1,J39,I39) -> Complete | D39: =IF(H39=1,"Click here to answer question 6 for Tantalum","") | F39: =F24 -> 0 | G39: =IF(B39=0,1,0) -> 1 | H39: =F39*G39 -> 0 | I39: =OFFSET(L!$C$1,MATCH("Checker"&"Comp",L!$A:$A,0)-1,SL,,) -> Complete | J39: =OFFSET(L!$C$1,MATCH("Checker"&ADDRESS(ROW(),COLUMN(),4),L!$A:$A,0)-1,SL,,) -> Provide % of completeness of supplier's smelter information on Declaration tab cell D50
A40: =Declaration!B57 -> Tin (*) | B40: =IF(AND($B$15="Yes",$B$20="Yes"),Declaration!D57,0) -> 1 | C40: =IF(H40=1,J40,I40) -> Complete | D40: =IF(H40=1,"Click here to answer question 6 for Tin","") | F40: =F25 -> 1 | G40: =IF(B40=0,1,0) -> 0 | H40: =F40*G40 -> 0 | I40: =OFFSET(L!$C$1,MATCH("Checker"&"Comp",L!$A:$A,0)-1,SL,,) -> Complete | J40: =OFFSET(L!$C$1,MATCH("Checker"&ADDRESS(ROW(),COLUMN(),4),L!$A:$A,0)-1,SL,,) -> Provide % of completeness of supplier's smelter information on Declaration tab cell D51
A41: =Declaration!B58 -> Gold (*) | B41: =IF(AND($B$16="Yes",$B$21="Yes"),Declaration!D58,0) -> 1 | C41: =IF(H41=1,J41,I41) -> Complete | D41: =IF(H41=1,"Click here to answer question 6 for Gold","") | F41: =F26 -> 1 | G41: =IF(B41=0,1,0) -> 0 | H41: =F41*G41 -> 0 | I41: =OFFSET(L!$C$1,MATCH("Checker"&"Comp",L!$A:$A,0)-1,SL,,) -> Complete | J41: =OFFSET(L!$C$1,MATCH("Checker"&ADDRESS(ROW(),COLUMN(),4),L!$A:$A,0)-1,SL,,) -> Provide % of completeness of supplier's smelter information on Declaration tab cell D52
A42: =Declaration!B59 -> Tungsten (*) | B42: =IF(AND($B$17="Yes",$B$22="Yes"),Declaration!D59,0) -> 1 | C42: =IF(H42=1,J42,I42) -> Complete | D42: =IF(H42=1,"Click here to answer question 6 for Tungsten","") | F42: =F27 -> 1 | G42: =IF(B42=0,1,0) -> 0 | H42: =F42*G42 -> 0 | I42: =OFFSET(L!$C$1,MATCH("Checker"&"Comp",L!$A:$A,0)-1,SL,,) -> Complete | J42: =OFFSET(L!$C$1,MATCH("Checker"&ADDRESS(ROW(),COLUMN(),4),L!$A:$A,0)-1,SL,,) -> Provide % of completeness of supplier's smelter information on Declaration tab cell D53
A43: =Declaration!B61 -> 7) Have you identified all of the smelters supplying the 3TG to your supply chain? (*)
A44: =Declaration!B62 -> Tantalum | B44: =IF(AND($B$14="Yes",$B$19="Yes"),Declaration!D62,0) -> 0 | C44: =IF(H44=1,J44,I44) -> Complete | D44: =IF(H44=1,"Click here to answer question 7 for Tantalum","") | F44: =F24 -> 0 | G44: =IF(B44=0,1,0) -> 1 | H44: =F44*G44 -> 0 | I44: =OFFSET(L!$C$1,MATCH("Checker"&"Comp",L!$A:$A,0)-1,SL,,) -> Complete | J44: =OFFSET(L!$C$1,MATCH("Checker"&ADDRESS(ROW(),COLUMN(),4),L!$A:$A,0)-1,SL,,) -> Declare if all smelter names have been provided in this survey response under the scope of products declared on the Declaration tab cell D56
A45: =Declaration!B63 -> Tin (*) | B45: =IF(AND($B$15="Yes",$B$20="Yes"),Declaration!D63,0) -> Yes | C45: =IF(H45=1,J45,I45) -> Complete | D45: =IF(H45=1,"Click here to answer question 7 for Tin","") | F45: =F25 -> 1 | G45: =IF(B45=0,1,0) -> 0 | H45: =F45*G45 -> 0 | I45: =OFFSET(L!$C$1,MATCH("Checker"&"Comp",L!$A:$A,0)-1,SL,,) -> Complete | J45: =OFFSET(L!$C$1,MATCH("Checker"&ADDRESS(ROW(),COLUMN(),4),L!$A:$A,0)-1,SL,,) -> Declare if all smelter names have been provided in this survey response under the scope of products declared on the Declaration tab cell D57
A46: =Declaration!B64 -> Gold (*) | B46: =IF(AND($B$16="Yes",$B$21="Yes"),Declaration!D64,0) -> Yes | C46: =IF(H46=1,J46,I46) -> Complete | D46: =IF(H46=1,"Click here to answer question 7 for Gold","") | F46: =F26 -> 1 | G46: =IF(B46=0,1,0) -> 0 | H46: =F46*G46 -> 0 | I46: =OFFSET(L!$C$1,MATCH("Checker"&"Comp",L!$A:$A,0)-1,SL,,) -> Complete | J46: =OFFSET(L!$C$1,MATCH("Checker"&ADDRESS(ROW(),COLUMN(),4),L!$A:$A,0)-1,SL,,) -> Declare if all smelter names have been provided in this survey response under the scope of products declared on the Declaration tab cell D58
A47: =Declaration!B65 -> Tungsten (*) | B47: =IF(AND($B$17="Yes",$B$22="Yes"),Declaration!D65,0) -> Yes | C47: =IF(H47=1,J47,I47) -> Complete | D47: =IF(H47=1,"Click here to answer question 7 for Tungsten","") | F47: =F27 -> 1 | G47: =IF(B47=0,1,0) -> 0 | H47: =F47*G47 -> 0 | I47: =OFFSET(L!$C$1,MATCH("Checker"&"Comp",L!$A:$A,0)-1,SL,,) -> Complete | J47: =OFFSET(L!$C$1,MATCH("Checker"&ADDRESS(ROW(),COLUMN(),4),L!$A:$A,0)-1,SL,,) -> Declare if all smelter names have been provided in this survey response which the scope of products declared on the Declaration tab cell D59
A48: =Declaration!B67 -> 8) Has all applicable smelter information received by your company been reported in this declaration? (*)
A49: =Declaration!B68 -> Tantalum | B49: =IF(AND($B$14="Yes",$B$19="Yes"),Declaration!D68,0) -> 0 | C49: =IF(H49=1,J49,I49) -> Complete | D49: =IF(H49=1,"Click here to answer question 8 for Tantalum","") | F49: =F24 -> 0 | G49: =IF(B49=0,1,0) -> 1 | H49: =F49*G49 -> 0 | I49: =OFFSET(L!$C$1,MATCH("Checker"&"Comp",L!$A:$A,0)-1,SL,,) -> Complete | J49: =OFFSET(L!$C$1,MATCH("Checker"&ADDRESS(ROW(),COLUMN(),4),L!$A:$A,0)-1,SL,,) -> Declare if all applicable Tantalum smelter information has been provided on Declaration tab cell D62
A50: =Declaration!B69 -> Tin (*) | B50: =IF(AND($B$15="Yes",$B$20="Yes"),Declaration!D69,0) -> Yes | C50: =IF(H50=1,J50,I50) -> Complete | D50: =IF(H50=1,"Click here to answer question 8 for Tin","") | F50: =F25 -> 1 | G50: =IF(B50=0,1,0) -> 0 | H50: =F50*G50 -> 0 | I50: =OFFSET(L!$C$1,MATCH("Checker"&"Comp",L!$A:$A,0)-1,SL,,) -> Complete | J50: =OFFSET(L!$C$1,MATCH("Checker"&ADDRESS(ROW(),COLUMN(),4),L!$A:$A,0)-1,SL,,) -> Declare if all applicable Tin smelter information has been provided on Declaration tab cell D63
A51: =Declaration!B70 -> Gold (*) | B51: =IF(AND($B$16="Yes",$B$21="Yes"),Declaration!D70,0) -> Yes | C51: =IF(H51=1,J51,I51) -> Complete | D51: =IF(H51=1,"Click here to answer question 8 for Gold","") | F51: =F26 -> 1 | G51: =IF(B51=0,1,0) -> 0 | H51: =F51*G51 -> 0 | I51: =OFFSET(L!$C$1,MATCH("Checker"&"Comp",L!$A:$A,0)-1,SL,,) -> Complete | J51: =OFFSET(L!$C$1,MATCH("Checker"&ADDRESS(ROW(),COLUMN(),4),L!$A:$A,0)-1,SL,,) -> Declare if all applicable Gold smelter information has been provided on Declaration tab cell D64
A52: =Declaration!B71 -> Tungsten (*) | B52: =IF(AND($B$17="Yes",$B$22="Yes"),Declaration!D71,0) -> Yes | C52: =IF(H52=1,J52,I52) -> Complete | D52: =IF(H52=1,"Click here to answer question 8 for Tungsten","") | F52: =F27 -> 1 | G52: =IF(B52=0,1,0) -> 0 | H52: =F52*G52 -> 0 | I52: =OFFSET(L!$C$1,MATCH("Checker"&"Comp",L!$A:$A,0)-1,SL,,) -> Complete | J52: =OFFSET(L!$C$1,MATCH("Checker"&ADDRESS(ROW(),COLUMN(),4),L!$A:$A,0)-1,SL,,) -> Declare if all applicable Tungsten smelter information has been provided on Declaration tab cell D65
A53: =Declaration!B74 -> Question
A54: =Declaration!B75 -> A. Have you established a responsible minerals sourcing policy? (*) | B54: =Declaration!D75 -> Yes | C54: =IF(H54=1,J54,I54) -> Complete | D54: =IF(H54=1,"Click here to answer question (A)","") | F54: =IF(SUM(F$24:F$27)=0,0,1) -> 1 | G54: =IF(B54=0,1,0) -> 0 | H54: =F54*G54 -> 0 | I54: =OFFSET(L!$C$1,MATCH("Checker"&"Comp",L!$A:$A,0)-1,SL,,) -> Complete | J54: =OFFSET(L!$C$1,MATCH("Checker"&ADDRESS(ROW(),COLUMN(),4),L!$A:$A,0)-1,SL,,) -> Answer if your company has a responsible minerals sourcing policy on the Declaration tab cell D75
A55: =Declaration!B77 -> B. Is your responsible minerals sourcing policy publicly available on your website? (Note – If yes, the user shall specify the URL in the comment field.) (*) | B55: =Declaration!D77 -> No | C55: =IF(H55=1,J55,I55) -> Complete | D55: =IF(H55=1,"Click here to answer question (B)","") | F55: =F$54 -> 1 | G55: =IF(B55=0,1,0) -> 0 | H55: =F55*G55 -> 0 | I55: =OFFSET(L!$C$1,MATCH("Checker"&"Comp",L!$A:$A,0)-1,SL,,) -> Complete | J55: =OFFSET(L!$C$1,MATCH("Checker"&ADDRESS(ROW(),COLUMN(),4),L!$A:$A,0)-1,SL,,) -> Answer if your company has made your responsible minerals sourcing policy publically available on your website on the Declaration tab cell D77
A56: The URL in the comment field | B56: =Declaration!G77 -> 0 | C56: =IF(H56=1,J56,I56) -> Complete | D56: =IF(H56=1,"Click here to specify URL for question (B)","") | F56: =IF(AND(F55=1,B55="Yes"),1,0) -> 0 | G56: =IF(LEN(B56)>1,0,1) -> 1 | H56: =F56*G56 -> 0 | I56: =OFFSET(L!$C$1,MATCH("Checker"&"Comp",L!$A:$A,0)-1,SL,,) -> Complete | J56: =OFFSET(L!$C$1,MATCH("Checker"&ADDRESS(ROW(),COLUMN(),4),L!$A:$A,0)-1,SL,,) -> Enter the URL in Declaration worksheet cell G77 if you answer "Yes" for question B. The format of the URL should be "www.companyname.com"
A57: =Declaration!B79 -> C. Do you require your direct suppliers to source the 3TG from smelters whose due diligence practices have been validated by an independent third party audit program? (*) | B57: =Declaration!D79 -> Yes | C57: =IF(H57=1,J57,I57) -> Complete | D57: =IF(H57=1,"Click here to answer question (C)","") | F57: =F$54 -> 1 | G57: =IF(B57=0,1,0) -> 0 | H57: =F57*G57 -> 0 | I57: =OFFSET(L!$C$1,MATCH("Checker"&"Comp",L!$A:$A,0)-1,SL,,) -> Complete | J57: =OFFSET(L!$C$1,MATCH("Checker"&ADDRESS(ROW(),COLUMN(),4),L!$A:$A,0)-1,SL,,) -> Answer if you require your direct suppliers to source from smelters whose due diligence practices have been validated by an independent third-party audit program, like the Responsible Minerals Assurance Process, on Declaration tab cell D79
A58: =Declaration!B81 -> D. Have you implemented due diligence measures for responsible sourcing? (*) | B58: =Declaration!D81 -> Yes | C58: =IF(H58=1,J58,I58) -> Complete | D58: =IF(H58=1,"Click here to answer question (D)","") | F58: =F$54 -> 1 | G58: =IF(B58=0,1,0) -> 0 | H58: =F58*G58 -> 0 | I58: =OFFSET(L!$C$1,MATCH("Checker"&"Comp",L!$A:$A,0)-1,SL,,) -> Complete | J58: =OFFSET(L!$C$1,MATCH("Checker"&ADDRESS(ROW(),COLUMN(),4),L!$A:$A,0)-1,SL,,) -> Answer if you have implemented due diligence measures for responsible sourcing on Declaration tab cell D81
A59: =Declaration!B83 -> E. Does your company conduct Conflict Minerals survey(s) of your relevant supplier(s)? (*) | B59: =Declaration!D83 -> Yes, using other format (describe) | C59: =IF(H59=1,J59,I59) -> Complete | D59: =IF(H59=1,"Click here to answer question (E)","") | F59: =F$54 -> 1 | G59: =IF(B59=0,1,0) -> 0 | H59: =F59*G59 -> 0 | I59: =OFFSET(L!$C$1,MATCH("Checker"&"Comp",L!$A:$A,0)-1,SL,,) -> Complete | J59: =OFFSET(L!$C$1,MATCH("Checker"&ADDRESS(ROW(),COLUMN(),4),L!$A:$A,0)-1,SL,,) -> Answer if you request your suppliers to fill out this Conflict Minerals Reporting Template on Declaration tab cell D83
A60: =Declaration!B85 -> F. Do you review due diligence information received from your suppliers against your company’s expectations? (*) | B60: =Declaration!D85 -> Yes | C60: =IF(H60=1,J60,I60) -> Complete | D60: =IF(H60=1,"Click here to answer question (F)","") | F60: =F$54 -> 1 | G60: =IF(B60=0,1,0) -> 0 | H60: =F60*G60 -> 0 | I60: =OFFSET(L!$C$1,MATCH("Checker"&"Comp",L!$A:$A,0)-1,SL,,) -> Complete | J60: =OFFSET(L!$C$1,MATCH("Checker"&ADDRESS(ROW(),COLUMN(),4),L!$A:$A,0)-1,SL,,) -> Answer if you verify responses from your suppliers against your company's expectations on Declaration tab cell D85
A62: =Declaration!B87 -> G. Does your review process include corrective action management? (*) | B62: =Declaration!D87 -> Yes | C62: =IF(H62=1,J62,I62) -> Complete | D62: =IF(H62=1,"Click here to answer question (G)","") | F62: =F$54 -> 1 | G62: =IF(B62=0,1,0) -> 0 | H62: =F62*G62 -> 0 | I62: =OFFSET(L!$C$1,MATCH("Checker"&"Comp",L!$A:$A,0)-1,SL,,) -> Complete | J62: =OFFSET(L!$C$1,MATCH("Checker"&ADDRESS(ROW(),COLUMN(),4),L!$A:$A,0)-1,SL,,) -> Answer if your verification process includes corrective action management on Declaration tab cell D87
A63: =Declaration!B89 -> H. Is your company required to file an annual conflict minerals disclosure? (*) | B63: =Declaration!D89 -> No | C63: =IF(H63=1,J63,I63) -> Complete | D63: =IF(H63=1,"Click here to answer question (H)","") | F63: =F$54 -> 1 | G63: =IF(B63=0,1,0) -> 0 | H63: =F63*G63 -> 0 | I63: =OFFSET(L!$C$1,MATCH("Checker"&"Comp",L!$A:$A,0)-1,SL,,) -> Complete | J63: =OFFSET(L!$C$1,MATCH("Checker"&ADDRESS(ROW(),COLUMN(),4),L!$A:$A,0)-1,SL,,) -> Answer if you are subject to the SEC Disclosure requirement, the EU regulation or both on Declaration tab cell D89
A64: Product List | B64: =IF(G64=1,"No products or item numbers listed","One or more product / item numbers have been provided") -> One or more product / item numbers have been provided | C64: =IF(H64=1,J64,I64) -> Complete | D64: =IF(H64=1,"Click here to enter detail on Product List tab","") | F64: =IF(B5=Declaration!Q9,1,0) -> 0 | G64: {=IF(INDIRECT("'Product List'!B6")="",1,0)} -> 0 | H64: =F64*G64 -> 0 | I64: =OFFSET(L!$C$1,MATCH("Checker"&"Comp",L!$A:$A,0)-1,SL,,) -> Complete | J64: =OFFSET(L!$C$1,MATCH("Checker"&ADDRESS(ROW(),COLUMN(),4),L!$A:$A,0)-1,SL,,) -> If applicable, provide 1 or more Products or Item Numbers this declaration applies to. From Declaration tab select hyperlink in cell 6H1 to enter Product List tab
A65: Smelter List - Tantalum | C65: =IF(H65=1,J65,I65) -> Complete | D65: =IF(H65=0,"","Click here to provide smelter information") | F65: =F24 -> 0 | G65: =IF(AND(COUNTIF(SmelterIdetifiedForMetal,"Tantalum")>0,COUNTIF('Smelter List'!AB$5:AB$2504,"Tantalum?*")>0),0,1) -> 1 | H65: =F65*G65 -> 0 | I65: =OFFSET(L!$C$1,MATCH("Checker"&"Comp",L!$A:$A,0)-1,SL,,) -> Complete | J65: =OFFSET(L!$C$1,MATCH("Checker"&ADDRESS(ROW(),COLUMN(),4),L!$A:$A,0)-1,SL,,) -> Provide list of tantalum smelters contributing material to supply chain on Smelter List tab | K65: =IF(H14+H19>0,1,0) -> 0 | L65: =OFFSET(L!$C$1,MATCH("Checker"&ADDRESS(ROW(),COLUMN(),4),L!$A:$A,0)-1,SL,,) -> #N/A
A66: Smelter List - Tin | C66: =IF(H66=1,J66,I66) -> Complete | D66: =IF(H66=0,"","Click here to provide smelter information") | F66: =F25 -> 1 | G66: =IF(AND(COUNTIF(SmelterIdetifiedForMetal,"Tin")>0,COUNTIF('Smelter List'!AB$5:AB$2504,"Tin?*")>0),0,1) -> 0 | H66: =F66*G66 -> 0 | I66: =OFFSET(L!$C$1,MATCH("Checker"&"Comp",L!$A:$A,0)-1,SL,,) -> Complete | J66: =OFFSET(L!$C$1,MATCH("Checker"&ADDRESS(ROW(),COLUMN(),4),L!$A:$A,0)-1,SL,,) -> Provide list of tin smelters contributing material to supply chain on Smelter List tab | K66: =IF(H15+H20>0,1,0) -> 0 | L66: =OFFSET(L!$C$1,MATCH("Checker"&ADDRESS(ROW(),COLUMN(),4),L!$A:$A,0)-1,SL,,) -> #N/A
A67: Smelter List - Gold | C67: =IF(H67=1,J67,I67) -> Complete | D67: =IF(H67=0,"","Click here to provide smelter information") | F67: =F26 -> 1 | G67: =IF(AND(COUNTIF(SmelterIdetifiedForMetal,"Gold")>0,COUNTIF('Smelter List'!AB$5:AB$2504,"Gold?*")>0),0,1) -> 0 | H67: =F67*G67 -> 0 | I67: =OFFSET(L!$C$1,MATCH("Checker"&"Comp",L!$A:$A,0)-1,SL,,) -> Complete | J67: =OFFSET(L!$C$1,MATCH("Checker"&ADDRESS(ROW(),COLUMN(),4),L!$A:$A,0)-1,SL,,) -> Provide list of gold smelters contributing material to supply chain on Smelter List tab | K67: =IF(H16+H21>0,1,0) -> 0 | L67: =OFFSET(L!$C$1,MATCH("Checker"&ADDRESS(ROW(),COLUMN(),4),L!$A:$A,0)-1,SL,,) -> #N/A
A68: Smelter List - Tungsten | C68: =IF(H68=1,J68,I68) -> Complete | D68: =IF(H68=0,"","Click here to provide smelter information") | F68: =F27 -> 1 | G68: =IF(AND(COUNTIF(SmelterIdetifiedForMetal,"Tungsten")>0,COUNTIF('Smelter List'!AB$5:AB$2504,"Tungsten?*")>0),0,1) -> 0 | H68: =F68*G68 -> 0 | I68: =OFFSET(L!$C$1,MATCH("Checker"&"Comp",L!$A:$A,0)-1,SL,,) -> Complete | J68: =OFFSET(L!$C$1,MATCH("Checker"&ADDRESS(ROW(),COLUMN(),4),L!$A:$A,0)-1,SL,,) -> Provide list of tungsten smelters contributing material to supply chain on Smelter List tab | K68: =IF(H17+H22>0,1,0) -> 0 | L68: =OFFSET(L!$C$1,MATCH("Checker"&ADDRESS(ROW(),COLUMN(),4),L!$A:$A,0)-1,SL,,) -> #N/A
A69: All rows with "Smelter not listed" selected, have a name and country listed | C69: =IF(F69=0,J69,IF(G69=0,I69,L69)) -> N/A | F69: =IF(COUNTIF('Smelter List'!$C:$C,"Smelter not listed")=0,0,1) -> 0 | G69: {=IF(OR(SUMPRODUCT(('Smelter List'!$C:$C="Smelter not listed")*('Smelter List'!$D:$D=""))>0,SUMPRODUCT(('Smelter List'!$C:$C="Smelter not listed")*('Smelter List'!$E:$E=""))>0),1,0)} -> 0 | H69: =F69*G69 -> 0 | I69: =OFFSET(L!$C$1,MATCH("Checker"&"Comp",L!$A:$A,0)-1,SL,,) -> Complete | J69: N/A | L69: Please complete columns D & E on Smelter List for all rows "Smelter Not Listed" selected in column C
H70: =SUM(H4:H69) -> 0

Sheet Product List
A1: =OFFSET(L!$C$1,MATCH("Product List"&ADDRESS(ROW(),COLUMN(),4),L!$A:$A,0)-1,SL,,) -> Completion required only if reporting level "Product (or List of Products)" selected on the 'Declaration' worksheet.
B4: Click here to return to Declaration tab
B5: =OFFSET(L!$C$1,MATCH("Product List"&ADDRESS(ROW(),COLUMN(),4),L!$A:$A,0)-1,SL,,) -> Responder Product Number (*) | C5: =OFFSET(L!$C$1,MATCH("Product List"&ADDRESS(ROW(),COLUMN(),4),L!$A:$A,0)-1,SL,,) -> Responder Product Name | D5: =OFFSET(L!$C$1,MATCH("Product List"&ADDRESS(ROW(),COLUMN(),4),L!$A:$A,0)-1,SL,,) -> Requester Product Number | E5: =OFFSET(L!$C$1,MATCH("Product List"&ADDRESS(ROW(),COLUMN(),4),L!$A:$A,0)-1,SL,,) -> Requester Product Name | F5: =OFFSET(L!$C$1,MATCH("Product List"&ADDRESS(ROW(),COLUMN(),4),L!$A:$A,0)-1,SL,,) -> Comments
B6: MV-C | C6: Crystals
B7: MV-X | C7: XO
B8: MV-V | C8: VCXO
B9: MV-T | C9: TCXO
B10: MV-O | C10: OCXO
B2006: =OFFSET(L!$C$1,MATCH("General"&"Cpy",L!$A:$A,0)-1,SL,,) -> © 2026 Responsible Minerals Initiative. All rights reserved.

Sheet Smelter Look-up
A1: =OFFSET(L!$C$1,MATCH("Smelter Look-up"&ADDRESS(ROW(),COLUMN(),4),L!$A:$A,0)-1,SL,,) -> The following list represents the RMI's latest smelter name/alias information as of this templates release. This list is updated frequently, and the most up-to-date version can be found on the RMI website http://www.responsiblemineralsinitiative.org/responsible-minerals-assurance-process/exports/cmrt-export/. The presence of a smelter here is NOT a guarantee that it is currently Active or Conformant within the Responsible Minerals Assurance Process. Please refer to the RMI web site www.responsiblemineralsinitiative.org for the most current and accurate list of standard smelter names that are Active or Conformant. Names included in column B represent company names that are commonly recognized and reported by the supply chain for a particular smelter. These names may include former company names, alternate names, abbreviations, or other variations. Although the names may not be the RMI Standard Smelter Name, the reference names are helpful to identify the smelter, which is listed under column C in the Smelter Look-up. Column C is the list of the official standard smelter names, in the ASCII character set. The majority of smelters will have the same entry for both columns, however if the common name varies from the standard name, the variation is noted in Column B.
A4: =OFFSET(L!$C$1,MATCH("Smelter Look-up"&ADDRESS(ROW(),COLUMN(),4),L!$A:$A,0)-1,SL,,) -> Metal | B4: =OFFSET(L!$C$1,MATCH("Smelter Look-up"&ADDRESS(ROW(),COLUMN(),4),L!$A:$A,0)-1,SL,,) -> Smelter Look-up (*) | C4: =OFFSET(L!$C$1,MATCH("Smelter Look-up"&ADDRESS(ROW(),COLUMN(),4),L!$A:$A,0)-1,SL,,) -> Standard Smelter Names | D4: =OFFSET(L!$C$1,MATCH("Smelter Look-up"&ADDRESS(ROW(),COLUMN(),4),L!$A:$A,0)-1,SL,,) -> Smelter Facility Location: Country | E4: =OFFSET(L!$C$1,MATCH("Smelter Look-up"&ADDRESS(ROW(),COLUMN(),4),L!$A:$A,0)-1,SL,,) -> Smelter ID | F4: =OFFSET(L!$C$1,MATCH("Smelter Look-up"&ADDRESS(ROW(),COLUMN(),4),L!$A:$A,0)-1,SL,,) -> Source of Smelter Identification Number | G4: =OFFSET(L!$C$1,MATCH("Smelter Look-up"&ADDRESS(ROW(),COLUMN(),4),L!$A:$A,0)-1,SL,,) -> Smelter Street | H4: =OFFSET(L!$C$1,MATCH("Smelter Look-up"&ADDRESS(ROW(),COLUMN(),4),L!$A:$A,0)-1,SL,,) -> Smelter City | I4: =OFFSET(L!$C$1,MATCH("Smelter Look-up"&ADDRESS(ROW(),COLUMN(),4),L!$A:$A,0)-1,SL,,) -> Smelter Facility Location: State / Province | J4: METAL+Alias | K4: METAL+Alias
A5: Gold | B5: 8853 S.p.A. | C5: 8853 S.p.A. | D5: ITALY | E5: CID002763 | F5: RMI | H5: Pero | I5: Lombardia | J5: =A5&B5 -> Gold8853 S.p.A. | K5: =A5&B5 -> Gold8853 S.p.A.
A6: Gold | B6: ABC Refinery Pty Ltd. | C6: ABC Refinery Pty Ltd. | D6: AUSTRALIA | E6: CID002920 | F6: RMI | H6: Marrickville | I6: New South Wales | J6: =A6&B6 -> GoldABC Refinery Pty Ltd. | K6: =A6&B6 -> GoldABC Refinery Pty Ltd.
A7: Gold | B7: Abington Reldan Metals, LLC | C7: Abington Reldan Metals, LLC | D7: UNITED STATES OF AMERICA | E7: CID002708 | F7: RMI | H7: Fairless Hills | I7: Pennsylvania | J7: =A7&B7 -> GoldAbington Reldan Metals, LLC | K7: =A7&B7 -> GoldAbington Reldan Metals, LLC
A8: Gold | B8: Advanced Chemical Company | C8: Advanced Chemical Company | D8: UNITED STATES OF AMERICA | E8: CID000015 | F8: RMI | H8: Warwick | I8: Rhode Island | J8: =A8&B8 -> GoldAdvanced Chemical Company | K8: =A8&B8 -> GoldAdvanced Chemical Company
A9: Gold | B9: African Gold Refinery | C9: African Gold Refinery | D9: UGANDA | E9: CID003185 | F9: RMI | H9: Entebbe | I9: Wakiso | J9: =A9&B9 -> GoldAfrican Gold Refinery | K9: =A9&B9 -> GoldAfrican Gold Refinery
A10: Gold | B10: Agosi AG | C10: Agosi AG | D10: GERMANY | E10: CID000035 | F10: RMI | H10: Pforzheim | I10: Baden-Württemberg | J10: =A10&B10 -> GoldAgosi AG | K10: =A10&B10 -> GoldAgosi AG
A11: Gold | B11: AGR (Perth Mint Australia) | C11: Gold Corporation - The Perth Mint | D11: AUSTRALIA | E11: CID002030 | F11: RMI | H11: Perth Airport | I11: Western Australia | J11: =A11&B11 -> GoldAGR (Perth Mint Australia) | K11: =A11&B11 -> GoldAGR (Perth Mint Australia)
A12: Gold | B12: AGR Joint Venture | C12: Gold Corporation - The Perth Mint | D12: AUSTRALIA | E12: CID002030 | F12: RMI | H12: Perth Airport | I12: Western Australia | J12: =A12&B12 -> GoldAGR Joint Venture | K12: =A12&B12 -> GoldAGR Joint Venture
A13: Gold | B13: AGR Mathey | C13: Gold Corporation - The Perth Mint | D13: AUSTRALIA | E13: CID002030 | F13: RMI | H13: Perth Airport | I13: Western Australia | J13: =A13&B13 -> GoldAGR Mathey | K13: =A13&B13 -> GoldAGR Mathey
A14: Gold | B14: AGR Matthey | C14: Gold Corporation - The Perth Mint | D14: AUSTRALIA | E14: CID002030 | F14: RMI | H14: Perth Airport | I14: Western Australia | J14: =A14&B14 -> GoldAGR Matthey | K14: =A14&B14 -> GoldAGR Matthey
A15: Gold | B15: Aida Chemical Industries Co., Ltd. | C15: Aida Chemical Industries Co., Ltd. | D15: JAPAN | E15: CID000019 | F15: RMI | H15: Fuchu | I15: Tokyo | J15: =A15&B15 -> GoldAida Chemical Industries Co., Ltd. | K15: =A15&B15 -> GoldAida Chemical Industries Co., Ltd.
A16: Gold | B16: AKITA Seiren | C16: Dowa | D16: JAPAN | E16: CID000401 | F16: RMI | H16: Kosaka-machi, Kazuni-gun | I16: Akita | J16: =A16&B16 -> GoldAKITA Seiren | K16: =A16&B16 -> GoldAKITA Seiren
... A347: Gold | B347: Zijin Mining Industry Corporation | C347: Zijin Mining Group Gold Smelting Co. Ltd. | D347: CHINA | E347: CID002243 | F347: RMI | H347: Longyan | I347: Fujian Sheng | J347: =A347&B347 -> GoldZijin Mining Industry Corporation | K347: =A347&B347 -> GoldZijin Mining Industry Corporation
A348: Gold | B348: Smelter not listed | J348: =A348&B348 -> GoldSmelter not listed | K348: =A348&B348 -> GoldSmelter not listed
A349: Gold | B349: Smelter not yet identified | C349: Unknown | D349: Unknown | J349: =A349&B349 -> GoldSmelter not yet identified | K349: =A349&B349 -> GoldSmelter not yet identified
A350: Tantalum | B350: 5D Production OU | C350: 5D Production OU | D350: ESTONIA | E350: CID003926 | F350: RMI | H350: Tallinn | I350: Tallinn | J350: =A350&B350 -> Tantalum5D Production OU | K350: =A350&B350 -> Tantalum5D Production OU
A351: Tantalum | B351: 5D Production OÜ | C351: 5D Production OU | D351: ESTONIA | E351: CID003926 | F351: RMI | H351: Tallinn | I351: Tallinn | J351: =A351&B351 -> Tantalum5D Production OÜ | K351: =A351&B351 -> Tantalum5D Production OÜ
A352: Tantalum | B352: AMG Brasil | C352: AMG Brasil | D352: BRAZIL | E352: CID001076 | F352: RMI | H352: São João del Rei | I352: Minas Gerais | J352: =A352&B352 -> TantalumAMG Brasil | K352: =A352&B352 -> TantalumAMG Brasil
A353: Tantalum | B353: Conghua Tantalum and Niobium Smeltry | C353: Guangdong Rising Rare Metals-EO Materials Ltd. | D353: CHINA | E353: CID000291 | F353: RMI | H353: Yingde | I353: Guangdong Sheng | J353: =A353&B353 -> TantalumConghua Tantalum and Niobium Smeltry | K353: =A353&B353 -> TantalumConghua Tantalum and Niobium Smeltry
A354: Tantalum | B354: D Block Metals, LLC | C354: D Block Metals, LLC | D354: UNITED STATES OF AMERICA | E354: CID002504 | F354: RMI | H354: Lincolnton | I354: North Carolina | J354: =A354&B354 -> TantalumD Block Metals, LLC | K354: =A354&B354 -> TantalumD Block Metals, LLC
A355: Tantalum | B355: F & X | C355: F&X Electro-Materials Ltd. | D355: CHINA | E355: CID000460 | F355: RMI | H355: Jiangmen | I355: Guangdong Sheng | J355: =A355&B355 -> TantalumF & X | K355: =A355&B355 -> TantalumF & X
A356: Tantalum | B356: F&X Electro-Materials Ltd. | C356: F&X Electro-Materials Ltd. | D356: CHINA | E356: CID000460 | F356: RMI | H356: Jiangmen | I356: Guangdong Sheng | J356: =A356&B356 -> TantalumF&X Electro-Materials Ltd. | K356: =A356&B356 -> TantalumF&X Electro-Materials Ltd.
A357: Tantalum | B357: FIR Metals & Resource Ltd. | C357: FIR Metals & Resource Ltd. | D357: CHINA | E357: CID002505 | F357: RMI | H357: Zhuzhou | I357: Hunan Sheng | J357: =A357&B357 -> TantalumFIR Metals & Resource Ltd. | K357: =A357&B357 -> TantalumFIR Metals & Resource Ltd.
A358: Tantalum | B358: Global Advanced Metals Aizu | C358: Global Advanced Metals Aizu | D358: JAPAN | E358: CID002558 | F358: RMI | H358: Aizuwakamatsu | I358: Fukushima | J358: =A358&B358 -> TantalumGlobal Advanced Metals Aizu | K358: =A358&B358 -> TantalumGlobal Advanced Metals Aizu
A359: Tantalum | B359: Global Advanced Metals Boyertown | C359: Global Advanced Metals Boyertown | D359: UNITED STATES OF AMERICA | E359: CID002557 | F359: RMI | H359: Boyertown | I359: Pennsylvania | J359: =A359&B359 -> TantalumGlobal Advanced Metals Boyertown | K359: =A359&B359 -> TantalumGlobal Advanced Metals Boyertown
A360: Tantalum | B360: Guangdong Rising Rare Metals-EO Materials Ltd. | C360: Guangdong Rising Rare Metals-EO Materials Ltd. | D360: CHINA | E360: CID000291 | F360: RMI | H360: Yingde | I360: Guangdong Sheng | J360: =A360&B360 -> TantalumGuangdong Rising Rare Metals-EO Materials Ltd. | K360: =A360&B360 -> TantalumGuangdong Rising Rare Metals-EO Materials Ltd.
A361: Tantalum | B361: Guangdong Zhiyuan New Material Co., Ltd. | C361: XIMEI RESOURCES (GUANGDONG) LIMITED | D361: CHINA | E361: CID000616 | F361: RMI | H361: Yingde | I361: Guangdong Sheng | J361: =A361&B361 -> TantalumGuangdong Zhiyuan New Material Co., Ltd. | K361: =A361&B361 -> TantalumGuangdong Zhiyuan New Material Co., Ltd.
... A414: Tantalum | B414: タニオビス・ジャパン株式会社 | C414: TANIOBIS Japan Co., Ltd. | D414: JAPAN | E414: CID002549 | F414: RMI | H414: Hitachi Ohmiya-shi | I414: Ibaraki | J414: =A414&B414 -> Tantalumタニオビス・ジャパン株式会社 | K414: =A414&B414 -> Tantalumタニオビス・ジャパン株式会社
A415: Tantalum | B415: Smelter not listed | J415: =A415&B415 -> TantalumSmelter not listed | K415: =A415&B415 -> TantalumSmelter not listed
A416: Tantalum | B416: Smelter not yet identified | C416: Unknown | D416: Unknown | J416: =A416&B416 -> TantalumSmelter not yet identified | K416: =A416&B416 -> TantalumSmelter not yet identified
A417: Tin | B417: Alent plc | C417: Alpha Assembly Solutions Inc | D417: UNITED STATES OF AMERICA | E417: CID000292 | F417: RMI | H417: Altoona | I417: Pennsylvania | J417: =A417&B417 -> TinAlent plc | K417: =A417&B417 -> TinAlent plc
A418: Tin | B418: Alpha Assembly Solutions Inc | C418: Alpha Assembly Solutions Inc | D418: UNITED STATES OF AMERICA | E418: CID000292 | F418: RMI | H418: Altoona | I418: Pennsylvania | J418: =A418&B418 -> TinAlpha Assembly Solutions Inc | K418: =A418&B418 -> TinAlpha Assembly Solutions Inc
A419: Tin | B419: Alpha Metals | C419: Alpha Assembly Solutions Inc | D419: UNITED STATES OF AMERICA | E419: CID000292 | F419: RMI | H419: Altoona | I419: Pennsylvania | J419: =A419&B419 -> TinAlpha Metals | K419: =A419&B419 -> TinAlpha Metals
A420: Tin | B420: Alpha Metals Korea Ltd. | C420: Alpha Assembly Solutions Inc | D420: UNITED STATES OF AMERICA | E420: CID000292 | F420: RMI | H420: Altoona | I420: Pennsylvania | J420: =A420&B420 -> TinAlpha Metals Korea Ltd. | K420: =A420&B420 -> TinAlpha Metals Korea Ltd.
A421: Tin | B421: Alpha Metals Taiwan | C421: Alpha Assembly Solutions Inc | D421: UNITED STATES OF AMERICA | E421: CID000292 | F421: RMI | H421: Altoona | I421: Pennsylvania | J421: =A421&B421 -> TinAlpha Metals Taiwan | K421: =A421&B421 -> TinAlpha Metals Taiwan
A422: Tin | B422: An Vinh Joint Stock Mineral Processing Company | C422: An Vinh Joint Stock Mineral Processing Company | D422: VIET NAM | E422: CID002703 | F422: RMI | H422: Quy Hop | I422: Nghệ An | J422: =A422&B422 -> TinAn Vinh Joint Stock Mineral Processing Company | K422: =A422&B422 -> TinAn Vinh Joint Stock Mineral Processing Company
A423: Tin | B423: Aurubis Beerse | C423: Aurubis Beerse | D423: BELGIUM | E423: CID002773 | F423: RMI | H423: Beerse | I423: Antwerpen | J423: =A423&B423 -> TinAurubis Beerse | K423: =A423&B423 -> TinAurubis Beerse
A424: Tin | B424: Aurubis Beerse N.V. | C424: Aurubis Beerse | D424: BELGIUM | E424: CID002773 | F424: RMI | H424: Beerse | I424: Antwerpen | J424: =A424&B424 -> TinAurubis Beerse N.V. | K424: =A424&B424 -> TinAurubis Beerse N.V.
A425: Tin | B425: Aurubis Berango | C425: Aurubis Berango | D425: SPAIN | E425: CID002774 | F425: RMI | H425: Berango | I425: Bizkaia | J425: =A425&B425 -> TinAurubis Berango | K425: =A425&B425 -> TinAurubis Berango
A426: Tin | B426: Chengfeng Metals Co Pte Ltd | C426: Yunnan Chengfeng Non-ferrous Metals Co., Ltd. | D426: CHINA | E426: CID002158 | F426: RMI | H426: Gejiu | I426: Yunnan Sheng | J426: =A426&B426 -> TinChengfeng Metals Co Pte Ltd | K426: =A426&B426 -> TinChengfeng Metals Co Pte Ltd
A427: Tin | B427: Chenzhou Yun Xiang mining limited liability company | C427: Chenzhou Yunxiang Mining and Metallurgy Co., Ltd. | D427: CHINA | E427: CID000228 | F427: RMI | H427: Chenzhou | I427: Hunan Sheng | J427: =A427&B427 -> TinChenzhou Yun Xiang mining limited liability company | K427: =A427&B427 -> TinChenzhou Yun Xiang mining limited liability company
A428: Tin | B428: Chenzhou Yunxiang Mining and Metallurgy Co., Ltd. | C428: Chenzhou Yunxiang Mining and Metallurgy Co., Ltd. | D428: CHINA | E428: CID000228 | F428: RMI | H428: Chenzhou | I428: Hunan Sheng | J428: =A428&B428 -> TinChenzhou Yunxiang Mining and Metallurgy Co., Ltd. | K428: =A428&B428 -> TinChenzhou Yunxiang Mining and Metallurgy Co., Ltd.
... A571: Tin | B571: 云南锡业股份有限公司锡业分公司 | C571: Tin Smelting Branch of Yunnan Tin Co., Ltd. | D571: CHINA | E571: CID002180 | F571: RMI | H571: Gejiu | I571: Yunnan Sheng | J571: =A571&B571 -> Tin云南锡业股份有限公司锡业分公司 | K571: =A571&B571 -> Tin云南锡业股份有限公司锡业分公司
A572: Tin | B572: Smelter not listed | J572: =A572&B572 -> TinSmelter not listed | K572: =A572&B572 -> TinSmelter not listed
A573: Tin | B573: Smelter not yet identified | C573: Unknown | D573: Unknown | J573: =A573&B573 -> TinSmelter not yet identified | K573: =A573&B573 -> TinSmelter not yet identified
A574: Tungsten | B574: A.L.M.T. Corp. | C574: A.L.M.T. Corp. | D574: JAPAN | E574: CID000004 | F574: RMI | H574: Toyama City | I574: Toyama | J574: =A574&B574 -> TungstenA.L.M.T. Corp. | K574: =A574&B574 -> TungstenA.L.M.T. Corp.
A575: Tungsten | B575: A.L.M.T. TUNGSTEN Corp. | C575: A.L.M.T. Corp. | D575: JAPAN | E575: CID000004 | F575: RMI | H575: Toyama City | I575: Toyama | J575: =A575&B575 -> TungstenA.L.M.T. TUNGSTEN Corp. | K575: =A575&B575 -> TungstenA.L.M.T. TUNGSTEN Corp.
A576: Tungsten | B576: Albasteel Industria e Comercio de Ligas Para Fundicao Ltd. | C576: Albasteel Industria e Comercio de Ligas Para Fundicao Ltd. | D576: BRAZIL | E576: CID003427 | F576: RMI | H576: Sao Paulo | I576: São Paulo | J576: =A576&B576 -> TungstenAlbasteel Industria e Comercio de Ligas Para Fundicao Ltd. | K576: =A576&B576 -> TungstenAlbasteel Industria e Comercio de Ligas Para Fundicao Ltd.
A577: Tungsten | B577: Allied Material Corporation | C577: A.L.M.T. Corp. | D577: JAPAN | E577: CID000004 | F577: RMI | H577: Toyama City | I577: Toyama | J577: =A577&B577 -> TungstenAllied Material Corporation | K577: =A577&B577 -> TungstenAllied Material Corporation
A578: Tungsten | B578: ALMT Corp | C578: A.L.M.T. Corp. | D578: JAPAN | E578: CID000004 | F578: RMI | H578: Toyama City | I578: Toyama | J578: =A578&B578 -> TungstenALMT Corp | K578: =A578&B578 -> TungstenALMT Corp
A579: Tungsten | B579: ALMT Sumitomo Group | C579: A.L.M.T. Corp. | D579: JAPAN | E579: CID000004 | F579: RMI | H579: Toyama City | I579: Toyama | J579: =A579&B579 -> TungstenALMT Sumitomo Group | K579: =A579&B579 -> TungstenALMT Sumitomo Group
A580: Tungsten | B580: Asia Tungsten Products Vietnam Ltd. | C580: Asia Tungsten Products Vietnam Ltd. | D580: VIET NAM | E580: CID002502 | F580: RMI | H580: Vinh Bao District | I580: Hai Phong | J580: =A580&B580 -> TungstenAsia Tungsten Products Vietnam Ltd. | K580: =A580&B580 -> TungstenAsia Tungsten Products Vietnam Ltd.
A581: Tungsten | B581: ATI Metalworking Products | C581: Kennametal Huntsville | D581: UNITED STATES OF AMERICA | E581: CID000105 | F581: RMI | H581: Huntsville | I581: Alabama | J581: =A581&B581 -> TungstenATI Metalworking Products | K581: =A581&B581 -> TungstenATI Metalworking Products
A582: Tungsten | B582: ATI Tungsten Materials | C582: Kennametal Huntsville | D582: UNITED STATES OF AMERICA | E582: CID000105 | F582: RMI | H582: Huntsville | I582: Alabama | J582: =A582&B582 -> TungstenATI Tungsten Materials | K582: =A582&B582 -> TungstenATI Tungsten Materials
A583: Tungsten | B583: Chaozhou Xianglu Tungsten Industry Co., Ltd. | C583: Guangdong Xianglu Tungsten Co., Ltd. | D583: CHINA | E583: CID000218 | F583: RMI | H583: Chaozhou | I583: Guangdong Sheng | J583: =A583&B583 -> TungstenChaozhou Xianglu Tungsten Industry Co., Ltd. | K583: =A583&B583 -> TungstenChaozhou Xianglu Tungsten Industry Co., Ltd.
A584: Tungsten | B584: Chenzhou Diamond Tungsten Products Co., Ltd. | C584: Hunan Shizhuyuan Nonferrous Metals Co., Ltd. Chenzhou Tungsten Products Branch | D584: CHINA | E584: CID002513 | F584: RMI | H584: Chenzhou | I584: Hunan Sheng | J584: =A584&B584 -> TungstenChenzhou Diamond Tungsten Products Co., Ltd. | K584: =A584&B584 -> TungstenChenzhou Diamond Tungsten Products Co., Ltd.
A585: Tungsten | B585: China Molybdenum Co., Ltd. | C585: China Molybdenum Tungsten Co., Ltd. | D585: CHINA | E585: CID002641 | F585: RMI | H585: Luoyang | I585: Henan Sheng | J585: =A585&B585 -> TungstenChina Molybdenum Co., Ltd. | K585: =A585&B585 -> TungstenChina Molybdenum Co., Ltd.
... A653: Tungsten | B653: 洛阳栾川钼业集团钨业有限公司 | C653: China Molybdenum Tungsten Co., Ltd. | D653: CHINA | E653: CID002641 | F653: RMI | H653: Luoyang | I653: Henan Sheng | J653: =A653&B653 -> Tungsten洛阳栾川钼业集团钨业有限公司 | K653: =A653&B653 -> Tungsten洛阳栾川钼业集团钨业有限公司
A654: Tungsten | B654: Smelter not listed | J654: =A654&B654 -> TungstenSmelter not listed | K654: =A654&B654 -> TungstenSmelter not listed
A655: Tungsten | B655: Smelter not yet identified | C655: Unknown | D655: Unknown | J655: =A655&B655 -> TungstenSmelter not yet identified | K655: =A655&B655 -> TungstenSmelter not yet identified

Sheet L
B1: Sheets | C1: Cells | D1: English | E1: 中文 Chinese | F1: 日本語 Japanese | G1: 한국어 Korean | H1: Français | I1: Português | J1: Deutsch | K1: Español | L1: Italiano | M1: Türkçe
A2: =B2&C2 -> InstructionsA1 | B2: Instructions | C2: A1 | D2: RMI website: (www.responsiblemineralsinitiative.org) Training and guidance, template, Responsible Minerals Assurance Process conformant smelter list. | E2: RMI 网址：(www.responsiblemineralsinitiative.org) 培训和指导、模板、负责任矿物审验流程合规冶炼厂列表。 | F2: RMIウェブサイト： (www.responsiblemineralsinitiative.org)_x000D_ トレーニング、ガイダンス、報告テンプレート、責任ある鉱物保証プロセスプログラム適合製錬業者リスト | G2: RMI 웹사이트: (www.responsiblemineralsinitiative.org) 교육, 안내 지침, 템플릿, 책임 있는 광물 보증 프로세스(Responsible Minerals Assurance Process)를 준수하는 제련소 리스트를 확인할 수 있습니다. | H2: Site Internet du RMI: (www.responsiblemineralsinitiative.org) _x000D_ Formations, recommandations, modèles, liste des fonderies conformes au programme fonderie sans conflit | I2: Website do RMI: (www.responsiblemineralsinitiative.org)_x000D_ Formação e guias de orientação, modelos, lista de fundições cumpridoras com a lista do Responsible Minerals Assurance Process._x000D_ | J2: RMI Website: (www.responsiblemineralsinitiative.org) Schulung und Beratung, Vorlagen, Responsible Minerals Assurance Process, konforme Schmelzhütten Liste | K2: Website de RMI: (www.responsiblemineralsinitiative.org) entrenamiento y guía, plantilla, proceso de aseguramiento de minerales responsables lista de fundidores en cumplimiento. | L2: Estratti dal sito internet:_x000D_ (www.responsiblemineralsinitiative.org)_x000D_ Formazione, modelli, Domande Frequenti (FAQs), lista delle fonderie conformi al Responsible Minerals Assurance Process (RMAP - fonderie che certificano l'origine e la tracciabilità dei metalli provenienti da zone di conflitto o ad alto rischio) | M2: RMI web sitesi: (www.responsiblemineralsinitiative.org)_x000D_ Eğitim ve kılavuzluk, şablon, İhtilafsız İzabe Tesisi Programı uyumlu izabe tesislerinin listesi
A3: =B3&C3 -> InstructionsA2 | B3: Instructions | C3: A2 | D3: Introduction | E3: 介绍 | F3: 始めに | G3: 소개 | H3: Introduction | I3: Introdução | J3: Einführung | K3: Introducción | L3: Introduzione | M3: Giriş
A4: =B4&C4 -> InstructionsA3 | B4: Instructions | C4: A3 | D4: This Conflict Minerals Reporting Template (Template) is a free, standardized reporting template created by the Responsible Minerals Initiative (RMI). The Template facilitates the transfer of information through the supply chain regarding mineral country of origin and smelters and refiners being utilized and supports compliance to legislation*. The template also facilitates the identification of new smelters and refiners to potentially undergo an audit via the Responsible Minerals Assurance Process**. The CMRT was designed for downstream companies to disclose information about their supply chains up to but not including the smelter. If you are a 3TG smelter or refiner, in accordance with the RMAP protocols, we recommend you enter your own name in the smelter list tab. When filling out the form, none of the cell entries should start will "=" or "#." | E4: 此冲突矿产报告模板（CMRT 模板）是由负责任矿物计划 (RMI) 创建的免费标准报告模板。该模板促进了通过关于矿产原产国、所用冶炼厂和精炼厂的供应链来进行信息传输，并且支持法律合规性*。该模板还促进识别新的冶炼厂和精炼厂，以通过负责任矿物审验流程，对这些厂家进行潜在审核**。_x000D_ _x000D_ CMRT 旨在让下游企业披露其供应链有关的信息（准确来讲，不包括冶炼厂）。如果贵公司是 3TG 冶炼厂或精炼厂，根据 RMAP 协议，我们建议您在冶炼厂列表选项卡中输入贵公司的名称。_x000D_ _x000D_ 填写表格时，单元格条目不应以“=”或“#”开头。_x000D_ | F4: この紛争鉱物報告テンプレート（テンプレート）は、責任ある鉱物イニシアチブ（RMI）が作成した、無料の標準報告テンプレートです。このテンプレートは鉱物の原産国と、使用される製錬・精製業者に関しサプライチェーンを通して情報を収集することを円滑にし、法律のコンプライアンスを支援します*。このテンプレートは、責任ある鉱物保証プロセスの監査を受けることにつながる可能性のある、新たな製錬・精製業者の特定もサポートします**。 CMRTは、下流企業が（精錬業者までの）サプライチェーンに関する情報を開示するために、こうした企業向けに考案されたものです。3TG精錬業者または精製業者の場合は、RMAPプロトコルに従い精製業者リストタブに貴社名を記入することをお勧めします。 同書に記入する際、セルへの記入内容が「=」または「#」で始まることはできません。 | G4: 본 분쟁 광물 보고 템플릿(템플릿)은 책임 있는 광물 이니셔티브(Responsible Minerals Initiative (RMI))가 만든 표준화된 무료 보고 템플릿입니다. 템플릿은 광물 원산국 및 사용하는 제련소 및 정제소와 관련된 공급망을 통해 정보의 빠른 전달을 촉진하고 법규 준수*에도 도움이 됩니다. 또한 템플릿은 책임 있는 광물 보증 프로세스**를 통해 잠재적으로 감사를 받게 될 신규 제련소 및 정제소를 식별하는 데 편리함을 제공합니다. CMRT는 다운스트림 회사가 제련소를 배제한 상태에서 최대한으로 회사의 공급망에 대한 정보를 공개하도록 설계되었습니다. 귀사가 RMAP 규약에 따라 3TG 제련소나 정제소에 해당하는 경우, 제련소 목록 탭에 귀사의 이름을 입력하길 권장합니다. 양식에 기입할 때, 어떤 셀에도 "=" 또는 "#"으로 시작하는 내용이 없어야 합니다. | H4: Ce modèle de rapport sur les minerais de conflit (le modèle) est un modèle de rapport standardisé gratuit créé par la Responsible Business Alliance® (RBA®). Ce modèle facilite le transfert d’informations à travers la chaîne d’approvisionnement sur le pays d’origine du minerai et les fonderies et affineries utilisées, et soutient la conformité à la législation*. Ce modèle facilite également l’identification de nouvelles fonderies et affineries susceptibles de faire l’objet d’un audit via le programme des fonderies hors conflits (Responsible Minerals Assurance Process)**._x000D_ _x000D_ Le CMRT a été conçu pour que les sociétés en aval divulguent des informations sur leurs chaînes d’approvisionnement jusqu’à la fonderie, sans toutefois inclure cette dernière. Si vous exploitez une fonderie ou une affinerie 3TG, conformément aux protocoles RMAP, nous vous recommandons de saisir votre propre nom à l’onglet de la liste des fonderies._x000D_ _x000D_ Lorsque vous remplirez le formulaire, veillez à ce qu’aucune des entrées dans les cellules ne commence par « = » ou « #. »_x000D_ _x000D_ | I4: Este Modelo de relatório de minerais de conflito (Modelo) é um modelo gratuito e padronizado de relatório, criado pela Responsible Minerals Initiative (RMI). O Modelo facilita a transferência de informações ao longo da cadeia de suprimentos sobre o país de origem de minerais, as fundições e refinarias que são utilizadas e cumprem com a legislação*. Além disso, o Modelo facilita a identificação de novas fundições e refinarias para que possam passar por uma auditoria no âmbito do Programa de fundições livres de conflito (Responsible Minerals Assurance Process, RMAP)**._x000D_ _x000D_ O CMRT foi desenvolvido para que empresas de extração divulguem informações sobre suas cadeias de suprimento, mas sem incluir a fundição. Se você for uma fundição ou refinaria de minerais de conflito, de acordo com os protocolos do RMAP, recomendamos que insira seu nome na guia da lista de fundições._x000D_ _x000D_ Ao preencher o formulário, nenhuma das células deve ser iniciada com “=” ou “#”._x000D_ | J4: Diese Vorlage für den Konfliktmineralien-Bericht (Vorlage) ist eine kostenlose, standardisierte Berichtsvorlage, die durch die Responsible Minerals Initiative (RMI) erstellt wurde. Die Vorlage erleichtert die Übertragung von Informationen über die Versorgungskette in Bezug auf das Mineral, Ursprungsland sowie Schmelzhütten und Raffinerien, die verwendet werden, und unterstützt die Einhaltung der Gesetzgebung*. Die Vorlage vereinfacht die Feststellung von neuen Schmelzhütten und Raffinerien, die über den Responsible Minerals Assurance Process** möglicherweise einer Prüfung unterzogen werden. Das CMRT wurde für nachgelagerte Unternehmen konzipiert, um Informationen über ihre Versorgungsketten bis hin zur (aber nicht einschließlich) Schmelzhütte offenzulegen. Wenn Sie eine 3TG-Schmelzhütte oder eine Raffinerie in Übereinstimmung mit den RMAP-Protokollen sind, empfehlen wir Ihnen, Ihren eigenen Namen in den Schmelzhüttenliste-Tab einzutragen. Beim Ausfüllen des Formulars, sollte keine der Zeilen mit „=“ oder „#“ beginnen. | K4: Esta plantilla de informe de minerales en conflicto (la Plantilla) es un formato de reporte estandarizado y gratuito creado por Iniciativa de minerales responsables (Responsible Minerals Initiative, RMI). La Plantilla facilita la transferencia de información a través de la cadena de suministro con respecto al país de origen del mineral y las fundidoras y refinerías que se utilizan y apoyen el cumplimiento con la legislación*. La plantilla también facilita la identificación de nuevas fundidoras y refinerías que se someterían potencialmente a una auditoría por medio del Responsible Minerals Assurance Process (Programa de aseguramiento de minerales responsables) **._x000D_ _x000D_ El CMRT fue diseñado por empresas comercializadoras para revelar información sobre sus cadenas de suministro hacia arriba, pero sin incluir a la fundidora. Si usted es una fundidora o refinadora de 3TG, de acuerdo con los protocolos de RMAP, le recomendamos que ingrese su propio nombre en la pestaña de la lista de fundidoras. _x000D_ _x000D_ Al llenar el formulario, ninguno de los datos de las celdas debe empezar con "=" o "#". _x000D_ | L4: Il presente Modello per la segnalazione dei materiali di conflitto (Conflict Minerals Reporting, CMRT), in seguito “Modello”, è un documento standard e gratuito creato da Responsible Minerals Initiative ® (RMI®). Il Modello semplifica il trasferimento di informazioni della catena di fornitura relative al Paese d’origine del minerale e alle fonderie e raffinerie utilizzate, sostenendo la conformità alle normative*. Il Modello, inoltre, rende più semplice l’individuazione delle nuove fonderie e raffinerie potenzialmente soggette a verifica ai sensi del Responsible Minerals Assurance Process**._x000D_ _x000D_ Il CMRT è stato concepito per guidare le aziende nella comunicazione delle informazioni relative alle proprie filiere, fino alla fase che precede la fonderia. Se la vostra azienda è una fonderia o raffineria di metalli di conflitto, in base ai protocolli RMAP, vi consigliamo di inserire il vostro nome nel foglio con l’elenco delle fonderie._x000D_ _x000D_ Nel compilare il Modulo, non inserire mai i caratteri “=” o “#” all’inizio del testo di qualsiasi cella. | M4: Bu İhtilaf Konusu Madenler Raporlama Şablonu (Şablon), Sorumlu Maden Girişimi (RMI) tarafından geliştirilen ücretsiz, standardize bir raporlama şablonudur. Şablon, maden menşe ülkesi ve kullanılmakta olan izabe tesisleri ve rafinericilere ilişkin tedarik zinciri yoluyla bilginin transferini kolaylaştırır ve mevzuata* uyumu destekler. Şablon aynı zamanda Sorumlu Maden Güvence Prosesi** kapsamında denetime tâbi olma olasılığı bulunan yeni izabe tesisleri ve rafinerilerin tanımlanmasını da kolaylaştırmaktadır**._x000D_ _x000D_ CMRT, izabe tesisini içermeyen satış şirketlerinin tedarik zincirleri hakkındaki bilgileri açıklamaları için satış şirketlerine yönelik olarak tasarlanmıştır. RMAP protokolleri doğrultusunda bir 3TG izabe tesisi veya rafinerici iseniz, izabe tesisi listesi sekmesine kendi adınızı girmenizi öneriyoruz._x000D_ _x000D_ Form doldurulduğunda, hücre girişlerinin hiçbiri "=" veya "#" ile başlamamalıdır._x000D_
A5: =B5&C5 -> InstructionsA4 | B5: Instructions | C5: A4 | D5: * In 2010, the U.S. Dodd-Frank Wall Street Reform and Consumer Protection Act was passed concerning “conflict minerals” originating from the Democratic Republic of the Congo (DRC) or adjoining countries. The SEC published final rules associated with the disclosure of the source of conflict minerals by U.S. publicly traded companies (see the rules at http://www.sec.gov/rules/final/2012/34-67716.pdf). The rules reference the OECD Due Diligence Guidance for Responsible Supply Chains of Minerals from Conflict-Affected and High-Risk Areas, (http://www.oecd.org/daf/inv/mne/GuidanceEdition2.pdf), which guides suppliers to establish policies, due diligence frameworks and management systems. In 2017, Regulation (EU) 2017/821 of the European Parliament and of the European Council of 17 May 2017 was passed concerning supply chain due diligence obligations for Union importers of tin, tantalum and tungsten, their ores, and gold originating from conflict-affected and high-risk areas (see regulation at https://eur-lex.europa.eu/legal-content/EN/TXT/PDF/?uri=OJ:L:2017:130:FULL&from=EN) ** See information on the Responsible Minerals Initiative (www.responsiblemineralsinitiative.org). | E5: * 在 2010年，关注来源于刚果民主共和国 (DRC) 或毗邻国家或地区“冲突矿产”的《多德-弗兰克华尔街金融改革与消费者保护法》(U.S. Dodd-Frank Wall Street Reform and Consumer Protection Act) 正式通过。SEC 公布了最终规则，要求所有美国上市公司披露冲突矿产来源（有关规则，请访问 http://www.sec.gov/rules/final/2012/34-67716.pdf）。该规则参考了“经济合作与发展组织关于来自冲突影响和高风险区域之矿石的负责任供应链尽职调查指南”(http://www.oecd.org/dataoecd/62/30/46740847.pdf)，明确了供应商如何制定政策、尽职框架和管理体系。_x000D_ ** 有关信息，请参见“负责任矿物计划”(www.responsiblemineralsinitiative.org)。_x000D_ 2017 年，欧洲议会和理事会 2017 年 5 月 17 日第 2017/821 号条例（欧盟）通过，该条例规定了进口源自受_x000D_ 冲突影响和高风险地区的锡、钽和钨及其矿石以及黄金的欧盟进口商的供应链尽职调查义务（请参见 https://eur-lex.europa.eu/legal-content/EN/TXT/PDF/?uri=OJ:L:2017:130:FULL&from=EN）_x000D_ | F5: *2010年に、コンゴ民主共和国(DRC)又は隣接国原産の「紛争鉱物」に関する条項が含まれる、ドッド・フランクウォール街改革及び消費者保護に関する法が可決されました。これを受けて、米国証券取引委員会(SEC)は、米国の株式公開企業を対象とした、紛争鉱物調達先に関する開示規則を発行しました。_x000D_ （http://www.sec.gov/rules/final/2012/34-67716.pdfの規則を参照してください）この規則は、サプライヤーに方針、デュー・デリジェンスの枠組み及び管理システムの構築に関して指導する「OECD紛争地域及び高リスク地域からの鉱物の責任あるサプライチェーンのためのデュー・デリジェンス・ガイダンス(OECD Due Diligence Guidance for Responsible Supply Chains of Minerals from Conflict-Affected and High-Risk Areas)」（http://www.oecd.org/dataoecd/62/30/46740847.pdf）を参照しています。_x000D_ 2017年に、紛争地域及び高リスク地域を原産とする錫、タンタル、タングステン、それらの鉱石、および金のEU輸入者のサプライチェーンデュー・デリジェンスの義務に関する欧州議会及び欧州理事会規則（EU）2017/821が2017年5月17日付けで可決されました。（規則についてはhttps://eur-lex.europa.eu/legal-content/EN/TXT/PDF/?uri=OJ:L:2017:130:FULL&from=ENを参照してください）_x000D_ ** 責任ある鉱物イニシアチブ（www.responsiblemineralsinitiative.org）の情報を参照してください。 | G5: * 2010년에 콩고 민주공화국(DRC) 또는 인접 국가에서 조달하는 “분쟁 광물”과 관련하여 미국 도드 프랭크 금융개혁 및 소비자 보호법이 통과되었습니다. SEC는 미국 상장 기업이 분쟁 광물 출처를 공개하는 것과 관련된 최종 규칙을 발표하였습니다(http://www.sec.gov/rules/final/2012/34-67716.pdf에 나와 있는 규칙 참고). 이 규칙은 분쟁 및 고위험 지역으로부터의 책임 있는 광물 공급망을 위한 OECD 실사 지침(http://www.oecd.org/daf/inv/mne/GuidanceEdition2.pdf)을 참조하며 이 지침은 공급업체들이 정책, 실사 체계 및 관리 시스템을 확립하도록 안내합니다._x000D_ 2017년에는 분쟁 및 고위험 지역에서 조달하는 주석, 탄탈륨 및 텅스텐, 이에 해당하는 광석, 금을 수입하는 업체들에 대한 공급망 실사 의무와 관련하여 유럽 의회 및 유럽 이사회 규정(EU) 2017/821(2017년 5월 17일)이 통과되었습니다(https://eur-lex.europa.eu/legal-content/EN/TXT/PDF/?uri=OJ:L:2017:130:FULL&from=EN에 나와 있는 규정 참고)._x000D_ ** Responsible Minerals Initiative(www.responsiblemineralsinitiative.org)에 나와 있는 정보를 참고하십시오. | H5: * En 2010, la loi américaine Dodd-Frank sur la réforme de Wall Street et la protection des consommateurs a été adoptée concernant les « minerais issus de conflits » provenant de la République Démocratique du Congo (RDC) ou des pays voisins. La SEC a publié les règles finales associées à la divulgation de l’origine des minerais issus de conflits par des entreprises américaines cotées en bourse (voir les règles sur le site http://www.sec.gov/rules/final/2012/34-67716.pdf). Les règles font référence aux directives de diligence raisonnable de l’OCDE pour un approvisionnement responsable en minéraux dans les zones touchées par des conflits et à haut risque, (http://www.oecd.org/daf/inv/mne/GuidanceEdition2.pdf), qui guident les fournisseurs pour l’établissement des politiques, des cadres de diligence raisonnable et des systèmes de gestion._x000D_ En 2017, le Règlement (UE) 2017/821 du Parlement européen et du Conseil européen du 17 mai 2017 a été adopté concernant les obligations de diligence raisonnable de la chaîne d’approvisionnement pour les importateurs d’étain, de tantale et de tungstène de l’Union, de leurs minéraux et de l’or, en provenance des zones touchées par des conflits et à haut risque (voir la réglementation à l’adresse https://eur-lex.europa.eu/legal-content/EN/TXT/PDF/?uri=OJ:L:2017:130:FULL&from=EN)_x000D_ ** Voir les informations sur la Responsible Minerals Initiative (Initiative pour les minerais responsables) (www.responsiblemineralsinitiative.org). | I5: * Em 2010, a Lei Dodd-Frank de Reforma do Mercado Financeiro e Proteção ao Consumidor (Dodd-Frank Wall Street Reform and Consumer Protection Act), dos EUA, foi aprovada em relação a “minerais oriundos de regiões em conflito” da República Democrática do Congo (RDC) ou países adjacentes. A SEC publicou as regras finais associadas à divulgação da fonte de minerais de conflito por empresas de capital aberto dos EUA (consulte as regras em http://www.sec.gov/rules/final/2012/34-67716.pdf). As regras fazem referência à Orientação de Diligência Devida da OCDE para Cadeias de Fornecimento Responsável de Minerais das Áreas Afetadas por Conflitos e de Alto Risco (http://www.oecd.org/daf/inv/mne/GuidanceEdition2.pdf), que orienta os fornecedores a estabelecer políticas, estruturas de diligência devida e sistemas de gestão._x000D_ Em 2017, a Regulamentação (UE) 2017/821 do Parlamento Europeu e do Conselho Europeu, de 17 de maio de 2017, foi aprovada em relação às obrigações de diligência devida na cadeia de suprimentos para importadores, na UE, de estanho, tântalo e tungstênio, seus minérios e ouro, originários de áreas afetadas por conflitos e de alto risco (consulte a regulamentação em https://eur-lex.europa.eu/legal-content/EN/TXT/PDF/?uri=OJ:L:2017:130:FULL&from=EN)_x000D_ ** Consulte as informações sobre a Iniciativa para Minerais Responsáveis (www.responsiblemineralsinitiative.org). | J5: * 2010 trat das US-amerikanische Dodd-Frank-Gesetz zur Reform der Wall Street und zum Schutz der Verbraucher in Kraft, das Bestimmungen zu „Konfliktmineralien“ enthält, die aus der Demokratischen Republik Kongo (DR Kongo) oder angrenzenden Ländern stammen. Die SEC hat endgültige Regelungen in Bezug auf die Offenlegung der Quellen von Konfliktmineralien durch börsennotierte US-Unternehmen erlassen (siehe diese Regeln unter http://www.sec.gov/rules/final/2012/34-67716.pdf). Die Regeln zitieren die OECD-Leitsätze für die Erfüllung der Sorgfaltspflicht zu verantwortlichen Lieferketten von Mineralien aus von Konflikten betroffenen Gebieten und Hochrisiko-Regionen (http://www.oecd.org/daf/inv/mne/GuidanceEdition2.pdf), die Lieferanten bei der Erarbeitung von Grundsätzen, Rahmenwerken zur Sorgfaltspflicht und Managementsystemen anleiten. 2017 wurde die Verordnung (EU) 2017/821 des Europäischen Parlaments und des Rates vom 17. Mai 2017 bezüglich der Sorgfaltspflicht von Union-Importeuren für Zinn, Tantal und Wolfram, deren Erzen sowie Gold aus von Konflikten betroffenen und risikoreichen Gebieten verabschiedet (s. die Regelung unter https://eur-lex.europa.eu/legal-content/EN/TXT/PDF/?uri=OJ:L:2017:130:FULL&from=EN) ** Siehe die Informationen zur Initiative Responsible Minerals (www.responsiblemineralsinitiative.org). | K5: * En 2010, se aprobó la Ley Dodd-Frank de Reforma de Wall Street y Protección al Consumidor de los EE. UU. sobre “minerales conflictivos” provenientes de la República Democrática del Congo (RDC) o sus países limítrofes. La SEC publicó las reglas finales sobre la divulgación de la fuente de obtención de minerales conflictivos por parte de compañías que cotizan en bolsa de los EE. UU. (consulte las normas en http://www.sec.gov/rules/final/2012/34-67716.pdf). Las reglas hacen referencia a la Guía de Debida Diligencia de la OCDE para Cadenas de Suministro Responsables de Minerales en las Áreas de Conflicto o de Alto Riesgo (http://www.oecd.org/daf/inv/mne/GuidanceEdition2.pdf), que orienta a los proveedores para establecer políticas, marcos de diligencia debida y sistemas de gestión._x000D_ En 2017, se aprobó el Reglamento (UE) 2017/821 del Parlamento Europeo y del Consejo Europeo del 17 de mayo de 2017 respecto de las obligaciones de diligencia debida en la cadena de suministros para importadores en la UE de estaño, tantalio y tungsteno, sus menas y oro provenientes de áreas afectadas por conflictos y de alto riesgo (consulte la reglamentación en https://eur-lex.europa.eu/legal-content/EN/TXT/PDF/?uri=OJ:L:2017:130:FULL&from=EN)_x000D_ ** Consulte la información en el sitio de Responsible Minerals Initiative (Iniciativa de Minería Responsable) (www.responsiblemineralsinitiative.org). | L5: * Nel 2010, il Dodd-Frank Wall Street Reform and Consumer Protection Act degli Stati Uniti è stato approvato per quanto riguarda i “minerali di conflitto” provenienti dalla Repubblica Democratica del Congo (RDC) o dai Paesi adiacenti. La SEC ha pubblicato le normative finali associate alla divulgazione della provenienza dei minerali di conflitto da parte delle società quotate in borsa degli Stati Uniti (consultare le normative all’indirizzo http://www.sec.gov/rules/final/2012/34-67716.pdf). Le normative fanno riferimento alle Linee guida dell’OCSE sul dovere di diligenza (due diligence) per una catena di approvvigionamento responsabile dei minerali provenienti da zone di conflitto ad alto rischio (http://www.oecd.org/daf/inv/mne/GuidanceEdition2.pdf), che guidano i fornitori nel definire politiche, quadri di due diligence e sistemi di gestione._x000D_ Nel 2017, il Regolamento (UE) 2017/821 del Parlamento europeo e del Consiglio europeo del 17 maggio 2017 è stato approvato in relazione agli obblighi in materia di dovere di diligenza (due diligence) nella catena di approvvigionamento per gli importatori dell’Unione di stagno, tantalio e tungsteno, dei loro minerali, e di oro, originari di zone di conflitto o ad alto rischio (vedere la normativa su https://eur-lex.europa.eu/legal-content/EN/TXT/PDF/?uri=OJ:L:2017:130:FULL&from=EN)_x000D_ ** Consultare le informazioni sulla Responsible Minerals Initiative (Iniziativa sui materiali responsabili) su www.responsiblemineralsinitiative.org. | M5: * 2010 yılında, Demokratik Kongo Cumhuriyeti (DKC) veya komşu ülkeler kaynaklı “ihtilaf konusu madenler” ile ilgili ABD Dodd-Frank Wall Street Reformu ve Tüketiciyi Koruma Yasası çıkarıldı. SEC, ABD'de halka açık şirketler tarafından ihtilaf konusu madenlerin kaynağının açıklanmasıyla ilgili son kuralları yayınladı (http://www.sec.gov/rules/final/2012/34-67716.pdf adresindeki kurallara bakın). Kurallar, tedarikçilere politikalar, ayrıntılı inceleme çerçeveleri ve yönetim sistemleri oluşturma konusunda rehberlik eden Çatışmadan Etkilenen ve Yüksek Riskli Bölgelerden gelen Madenlerin Sorumlu Tedarik Zincirleri için OECD Ayrıntılı İnceleme Kılavuzu’nu, (http://www.oecd.org/daf/inv/mne/GuidanceEdition2.pdf), kaynak göstermektedir._x000D_ 2017 yılında, Avrupa Parlamentosu ve Avrupa Konseyi, Birlik ithalatçıları için çatışmadan etkilenen ve yüksek riskli bölgelerden gelen kalay, tantal ve volfram ithalatçılarına, onların cevherlerine ve altınlarına yönelik tedarik zinciri durum ayrıntılı inceleme 17 Mayıs 2017 tarihli (AB) 2017/821 Yönetmeliği’ni geçirdi (bkz. https://eur-lex.europa.eu/legal-content/EN/TXT/PDF/?uri=OJ:L:2017:130:FULL&from=EN)_x000D_ ** Responsible Minerals Initiative (www.responsiblemineralsinitiative.org) ile ilgili bilgilere bakınız.
A6: =B6&C6 -> InstructionsA6 | B6: Instructions | C6: A6 | D6: Instructions for completing Company Information questions (rows 8 - 22). Provide comments in ENGLISH only | E6: 公司信息的填写说明（第 8 至 22 行）。_x000D_ 请仅以英文作答 | F6: 会社情報の記入（8～22行）に関する解説。回答は英語(半角)で入力してください。 | G6: 기업 정보 입력 안내서(8~18줄)._x000D_ 답변은 반드시 영어로 기입해야 합니다. | H6: Instructions pour compléter les informations relatives à votre entreprise (lignes 8 - 22). Merci de répondre en anglais uniquement. | I6: Instruções para completar as questões relativas às informações da Empresa (linhas 8-22). Favor fornecer comentários apenas em Inglês. | J6: Anleitung zum Ausfüllen von Informationen zu Unternehmen (Zeilen 8 - 22). Die Kommentare nur in englischer Sprache. | K6: Instrucciones para completar las preguntas de la información de la compañía (renglones 8-22)._x000D_ Provea comentarios en INGLES solamente. | L6: Istruzioni per il completamento della sezione INFORMAZIONI SULL'AZIENDA (righe 8-22)._x000D_ Siete pregati di rispondere unicamente in Inglese. | M6: Şirket Bilgi sorularının yanıtlanması için talimatlar (8 ila 22 arası satırlar)._x000D_ Açıklamaları yalnızca İNGİLİZCE olarak yapın
A7: =B7&C7 -> InstructionsA7 | B7: Instructions | C7: A7 | D7: Note: Entries with (*) are mandatory fields. | E7: 注：带星号 (*) 的字段为必填。 | F7: 注：(*)のある欄は回答必須項目です。 | G7: *표는 반드시 입력하여야 합니다. | H7: Remarque : les astérisques (*) marquent des champs obligatoires | I7: Nota: Campos sinalizados com *, são campos de preenchimento obrigatório. | J7: Hinweis: Eingaben mit (*) sind Pflichtfelder | K7: Nota: Datos con (*) son campos obligatorios. | L7: Note: i campi con asterisco (*) sono a risposta obbligatoria | M7: Not: (*) ile işaretlenmiş alanların doldurulması zorunludur.
A8: =B8&C8 -> InstructionsA8 | B8: Instructions | C8: A8 | D8: 1. Insert your company's Legal Name. Please do not use abbreviations. In this field you have the option to add other commercial names, DBAs, etc. | E8: 1. 插入贵公司的法定名称。请勿使用缩写。在此字段中，您可以选择添加其他商业名称、营业名称等。 | F8: 1. 貴社の正式名称を記入してください。省略形は使わないでください。このフィールドでは、他の社名やDBAなどを追加することができます。 | G8: 1. 귀사의 법적인 공식 명칭을 기입하십시오. 축약된 명칭을 기입하면 안됩니다. 이 필드에는 다른 상업명, DBA 등을 추가할 수 있는 옵션이 있습니다. | H8: 1. Insérez la dénomination sociale de votre société. Merci de ne pas utiliser d’abréviations. Dans ce champ, vous avez la possibilité d’ajouter d’autres noms commerciaux, raisons sociales, etc. | I8: 1. Insira a razão/denominação social da empresa. Não use abreviaturas. Neste campo você tem a opção de adicionar outros nomes comerciais, DBAs, etc. | J8: 1. Geben Sie hier den rechtmäßigen Firmennamen Ihres Unternehmens ein. Bitte verwenden Sie keine Abkürzungen. In diesem Feld haben Sie die Möglichkeit, weitere Geschäftsnamen, DBAs usw. hinzuzufügen. | K8: 1. Ingrese la razón social de su compañía. No utilice abreviaturas. En este campo tiene la opción de agregar otros nombres comerciales, nombres alternos, etc. | L8: 1. Inserire la denominazione legale dell’Azienda. Si prega di non utilizzare abbreviazioni. In questo campo è possibile aggiungere altri nomi commerciali, DBA, ecc. | M8: 1. Şirketinizin Yasal Adını girin. Lütfen kısaltma kullanmayın. Bu alanda diğer ticari adları, DBA’ları, vb. ekleme seçeneğine sahip olacaksınız.
A9: =B9&C9 -> InstructionsA9 | B9: Instructions | C9: A9 | D9: 2. Select your company's Declaration Scope. The options for scope are: A. Company-wide B. Product (or List of Products) C. User-Defined For "Company-wide", the declaration encompasses the entirety of a company's products or product substances produced by the parent company. Therefore if the user is reporting 3TG data at the company level, they will be reporting conflict minerals data on all products they manufacture. For Scope selection of Product (or List of Products), a link to the worksheet tab for Product List will be displayed. If this scope is chosen, it is mandatory to list the Responder's Product Number of the products covered under the Scope of this Declaration in Column B of the Product List worksheet. It is optional to list the Responder's Product Name in Column C of the Product List worksheet. For Scope selection of "User Defined", it is mandatory that the user describes the scope to which the 3TG disclosure is applicable. The scope of this class shall be defined in a text field by the supplier and should be easily understood by customers or the receivers of the document. As an example, companies may provide a link to clarifying information. This field is mandatory. | E9: 2. 选择贵公司的申报范围。范围选项为： A. 全公司 B. 产品（或产品列表） C. 用户自定义 对于“全公司”，申报涵盖公司产品或母公司生产的产品物质整体。如果用户在公司级别中报告冲突矿产数据，他们将报告关于其生产的所有产品的冲突矿产数据。 如果选择范围为“产品（或产品列表）”，将显示产品列表的工作表选项卡。如果选择了此范围，则必须在“产品列表”工作表的 B 列中列出此申报范围涵盖的产品回复方产品序号。可选择是否在“产品列表”工作表的 C 列中列出回复方的产品名称。 如果选择范围为“用户自定义”，用户必须描述 3TG 披露适用的范围。此类范围应由供应商在文本字段内予以定义，并确保客户或文档接收人可以清楚理解。例如，公司可提供链接来说明信息。 此为必填字段。 | F9: 2. 貴社の申告範囲を選択してください。範囲の選択肢は以下のとおりです: A. Company-wide（全社） B. Product (or List of Products)（製品（又は製品リスト） C. User-Defined（ユーザー定義） 「全社」の場合、申告には親会社が製造する製品又は製品素材全体が含まれます。ユーザーが企業レベルでの3TGデータを報告している場合は、このユーザーが製造する全製品に関する3TGデータを報告することになります。 申告範囲に「製品（又は製品リスト）」を選択すると、製品リストのワークシートへのリンクが表示されます。この範囲を選択した場合は、本申告範囲に当てはまる製品の回答者製品番号を製品リストシートB列に記入してください。製品リストシートC列への回答者製品説明の記入は任意です。 申告範囲に「ユーザー定義」を選択した場合、ユーザーは3TGの開示が適用される範囲を記入する必要があります。ユーザー定義クラスでは、ユーザーは紛争金属の開示が適用される範囲を説明することが可能です。このクラスの範囲は、サプライヤーおよび調査の依頼主により合意された通り、テキストフィールドで定義されるべきです。本開示は、企業の特定の部門又は製品の種類に適用される場合があります。製品の種類とは、業界で認められる一般用語（例：コンデンサ）により説明できる製品群を意味します。このクラスを使用する場合、ユーザーは指定されたユーザー定義クラスの製品中に使用される3TGそれぞれに対する質問表に対する回答を提供するべきです。 この欄は必須です。 | G9: 2. 귀사의 선언 범위를 선택하십시오. 선언 범위의 선택사항은 다음과 같습니다. A. 전사 B. 제품(또는 제품 목록) C. 사용자 정의 "전사"를 선택할 경우, 이 선언는 회사의 제품 또는 모회사에 의해 생산된 제품의 구성물질 전체를 포함합니다. 사용자가 회사 수준에서 분쟁 광물 데이터를 보고하고 있는 경우, 회사가 제조하는 모든 제품에 대해 분쟁 광물 데이터를 보고하게 될 것입니다. “제품(또는 제품의 목록)”을 선택하면, 제품 목록을 위한 작업지 탭의 링크가 나타납니다. 이 범위가 선택된다면 제품 목록의 칼럼 B에 있는 선언의 범위에서 다루어지는 응답자의 제품 번호를 열거해야 합니다. 제품 목록의 칼럼 C 에서 응답자의 제품명을 열거하는 것은 선택사항입니다. "사용자 정의"를 선택하면, 사용자가 분쟁 광물 공개가 적용될 범위를 설명하는 것은 필수 사항입니다. 사용자 정의 등급을 통해 사용자는 분쟁 광물 공개가 적용되는 범위를 설명할 수 있습니다. 이 경우의 범위는 공급자에 의해 문서 영역(text field)에서 정의될 수 있고, 문서의 고객이나 수신인에 의해 쉽게 이해될 수 있어야 합니다. 예를들면, 보다 명확한 정보를 위해, 링크를 제공할수도 있습니다. 이 필드는 필수 사항입니다. | H9: 2. Sélectionnez la portée de la déclaration de votre société. Les options de portée sont les suivantes : A. Pour l’ensemble de la société B. Produit (ou liste de produits) C. définie par l’utilisateur pour l’option « pour l’ensemble de la société », la déclaration englobe la totalité des produits de la société ou substances du produit fabriqué par la société mère. Si l’utilisateur déclare des données concernant des minerais de conflit à l’échelle de la société, il déclarera les données des minerais de conflit sur tous les produits qu’il fabrique. Pour la sélection de la portée du produit (ou de la liste de produits), un lien vers l’onglet de la feuille de travail de liste des produits sera affiché. Si cette portée est sélectionnée, il est obligatoire de mentionner le numéro de produit du répondant pour les produits couverts par cette déclaration dans la colonne B de la feuille de travail de liste des produits. Il n’est pas obligatoire de mentionner le nom de produits du répondant dans la colonne C de la feuille de travail de liste de produits. En sélectionnant la portée « définie par l’utilisateur », l’utilisateur doit décrire la portée applicable à la déclaration de métaux de conflit. La catégorie définie par l’utilisateur permet à un utilisateur de décrire la portée applicable à la déclaration de minerais de conflit. La portée de cette catégorie doit être définie dans une case de saisie, comme convenu entre le fournisseur et le demandeur. Cette déclaration peut s’appliquer à une division particulière de la société ou à une catégorie de produits. Une catégorie de produits est un groupe de produits qui peut être décrit par un terme générique reconnu à l’échelle sectorielle (par ex. les condensateurs). En utilisant cette catégorie, l’utilisateur fournira des réponses à la liste de demandes pour chacun des 3TG utilisés dans les produits de la catégorie définie par l’utilisateur. Ce champ est obligatoire. | I9: 2. Selecione o Âmbito da Declaração da sua empresa. As opções são: A. Toda a empresa B. Produto (ou Lista de produtos) C. Definido pelo utilizador Para “Toda a empresa”, a declaração engloba a totalidade dos produtos da empresa ou de substâncias contidas nos produtos produzidos pela empresa controladora. Se o utilizador está relatando dados de minerais de conflito no nível da empresa, ele estará relatando dados de minerais de conflito sobre todos os produtos por ela fabricados. Para a seleção do âmbito de Produto (ou Lista de produtos), será exibido um link para a aba da folha de cálculo Lista de produtos. Se esse âmbito for escolhido, é obrigatório listar o Número do produto do inquirido abrangido no âmbito desta Declaração na coluna B da folha de cálculo da Lista de produtos. É opcional listar o Nome do produto do inquirido na coluna C da folha de cálculo da Lista de produtos. Para a seleção do âmbito de “Definido pelo utilizador”, é obrigatório que o utilizador descreva o âmbito em que a divulgação dos minerais de conflito é aplicável. A classe definida pelo utilizador permite descrever o âmbito em que a divulgação dos minerais de conflito é aplicável. O âmbito dessa classe deverá ser definido em um campo de texto, conforme acordado pelo fornecedor e pelo requisitante. A divulgação pode se aplicar a uma divisão específica da empresa ou a uma categoria de produtos. Uma categoria de produtos é um grupo de produtos que podem ser descritos por um termo genérico reconhecido pelo setor (por ex.: capacitores). Quando utilizando essa classe, o utilizador deve fornecer respostas à lista de perguntas para cada mineral de conflito usado nos produtos da classe especificada definida pelo utilizador. Este campo é obrigatório. | J9: 2. Wählen Sie den Erklärungsumfang Ihres Unternehmens aus. Die Auswahlmöglichkeiten für den Umfang sind: A. Unternehmensweit B. Produkt (oder Produktliste) C. Nutzerdefiniert „Unternehmensweit“ bedeutet, dass die Erklärung die Gesamtheit der Produkte oder Produktsubstanzen umfasst, die von der Muttergesellschaft hergestellt werden. Falls der Nutzer Konfliktmineraliendaten auf Unternehmensebene anzeigt, zeigt er Konfliktmineraliendaten für alle Produkte an, die er herstellt. Zur Auswahl des Umfangs des Produkts (oder der Produktliste) wird ein Link zum Arbeitsblattreiter für die Produktliste angezeigt. Wenn dieser Umfang ausgewählt wird, muss die Produktnummer des Befragten der vom Umfang dieser Erklärung umfassten Produkte in Spalte B des Arbeitsblatts „Produktliste“ genannt werden. Die Produktnummer des Befragten kann in Spalte C des Arbeitsblatts „Produktliste“ optional angegeben werden. Für eine „nutzerdefinierte“ Auswahl des Umfangs muss der Nutzer den Umfang der Anwendbarkeit der Offenlegung der Konfliktmetalle beschreiben. Die nutzerdefinierte Klasse erlaubt es einem Nutzer, den Umfang der Anwendbarkeit der Offenlegung der Konfliktmineralien zu beschreiben. Der Umfang dieser Klasse muss in einem zwischen dem Lieferanten und dem Antragsteller vereinbarten Textfeld definiert werden. Die Offenlegung kann in Hinsicht auf eine bestimmte Abteilung oder eine Produktkategorie eines Unternehmens erfolgen. Eine Produktkategorie ist eine Gruppe von Produkten, die durch einen in der Branche anerkannten Oberbegriff beschrieben werden kann (z. B. Kondensatoren). Bei Verwendung dieser Klasse muss der Nutzer Antworten auf die Fragenliste für alle in den Produkten der spezifizierten nutzerdefinierten Klasse verwendeten 3TG-Mineralien geben. Dieses Feld muss ausgefüllt werden. | K9: 2. Seleccione el Enfoque de la declaración de su compañía. Las opciones para el enfoque son: A. En toda la empresa B. Producto (o Lista de productos) C. Definido por el usuario Para "En toda la empresa", la declaración acompaña la totalidad de los productos de una compañía o materiales de productos fabricados por la compañía matriz. Si el usuario informa datos de minerales en conflicto a nivel de la compañía, se informarán datos de minerales en conflicto en todos los productos que fabrican. Para la selección de enfoque de Producto (o Lista de productos), se mostrará un enlace hacia la pestaña de la hoja de trabajo para la Lista de productos. Si se selecciona este enfoque, es obligatorio enlistar el Número de producto del encuestado de los productos cubiertos en el enfoque de esta Declaración, en la Columna B de la hoja de trabajo de la Lista de productos. Es opcional incluir el Nombre del producto del encuestado en la Columna C de la hoja de trabajo de la Lista de productos. Para la selección del enfoque "Definido por el usuario", es obligatorio que el usuario describa el enfoque en el que aplica la divulgación de los metales en conflicto. La clase definida por el usuario permite que éste describa el enfoque en el que corresponde la divulgación de minerales en conflicto. El enfoque de esta clase debe definirse en un campo de texto como lo acuerden el proveedor y el solicitante. Esta divulgación puede corresponder a una división específica o a una categoría de productos de la compañía. Una categoría de productos es un grupo de productos que pueden describirse con un término genérico reconocido en la industria (por ejemplo, capacitores). Cuando se utilice esta clase, el usuario debe proporcionar las respuestas a la lista de preguntas para cada 3TG utilizado en los productos de la clase especificada definida por el usuario. Este campo es obligatorio. | L9: 2. Selezionare il perimetro di dichiarazione dell'Azienda. Le opzioni per il perimetro sono: A. Perimetro aziendale B. Prodotto (o lista dei prodotti) C. Definito dall'utilizzatore/utente Per "Perimetro aziendale", la dichiarazione si riferisce a tutti i prodotti della società o le sostanze prodotte dalla società madre. Se l'utilizzatore comunica dati relativi a minerali di conflitto a livello aziendale, allora verranno comunicati dati relativi a minerali di conflitto per tutti i prodotti fabbricati. Per Selezione del perimetro del prodotto (o Lista di prodotti) verrà visualizzato un link alla scheda del foglio di lavoro Lista prodotti. Se viene selezionato questo perimetro, è obbligatorio elencare il Codice del rispondente dei prodotti che rientrano nel Perimetro di questa dichiarazione alla Colonna B del foglio di lavoro Lista prodotti. È facoltativo indicare la Denominazione del rispondente del prodotto nella Colonna C del foglio di lavoro Lista prodotti. Per la selezione del Perimetro di "Definito dall'utente/utilizzatore", è obbligatorio che l'utilizzatore descriva l'ambito a cui è applicabile la comunicazione dei metalli di conflitto. La categoria definita dall'utilizzatore/utente consente a questo di descrivere l'ambito a cui è applicabile la comunicazione relativa ai minerali di conflitto. Il perimetro di questa categoria deve essere definito in un campo di testo come concordato tra fornitore e richiedente. Questa comunicazione può applicarsi a una specifica divisione della società o categoria di prodotti. Una categoria di prodotti è un gruppo di prodotti che può essere descritto da un termine generico riconosciuto da un'industria (ad es. condensatori). Quando l'utilizzatore si avvale di questa categoria, deve indicare le risposte alla lista di quesiti per ciascun metallo di conflitto usato nei prodotti della specifica categoria definita dall'utilizzatore. Questo campo è obbligatorio. | M9: 2. Şirketinizin Beyan Kapsamını seçin. Kapsam seçenekleri aşağıdaki gibidir: A. Şirket geneli B. Ürün (veya Ürün Listesi) C. Kullanıcı Tanımlı “Şirket geneli” seçeneklerinde, beyan bir şirketin tüm ürünlerini veya ana şirket tarafından üretilen ürün maddelerinin tamamını kapsar. Bu nedenle bir kullanıcının şirket düzeyinde 3TG verilerini bildirmesi, ürettikleri tüm maden ürünleri ile ilgili ihtilaf içeren maden verilerini bildirmesi anlamına gelecektir. Ürün (veya Ürün Listesi) kapsamı seçildiğinde, Ürün Listesi için çalışma sayfasına yönlendiren bir bağlantı görüntülenecektir. Bu kapsamın seçilmesi durumunda, Ürün Listesi çalışma sayfasının B Sütununda bu Beyan Kapsamındaki ürünlerin Yanıtlayıcısı Ürün Numarasının da girilmesi gerekmektedir. Yanıtlayıcısı Ürün Numarası, Ürün Listesi çalışma sayfasının C Sütununda da verilebilir. “Kullanıcı Tanımlı” kapsamı seçildiğinde, kullanıcının 3TG açıklamasına karşılık gelen kapsamı açıklaması gerekmektedir. Bu tür bir kapsam tedarikçi tarafından bir metin alanında belirtilmeli ve müşteriler ya da belge alıcıları tarafından kolayca anlaşılabilecek biçimde olmalıdır. Örnek olarak, şirketler bilgileri netleştirmek adına bağlantı sunabilir. Bu alanın doldurulması zorunludur.
A10: =B10&C10 -> InstructionsA10 | B10: Instructions | C10: A10 | D10: 3. Insert your company’s unique identifier number or code (DUNS number, VAT number, customer-specific identifier, etc.) | E10: 3. 插入贵公司的唯一识别序号或编号（DUNS 号码、VAT 号码、客户特定识别码等） | F10: 3. 貴社固有の識別番号又はコードを記入してください（DUNSナンバー、VATナンバー、顧客固有番号等）。 | G10: 3. 귀사의 고유한 번호나 코드를 기입하십시오. (DUNS #, VAT # 등) | H10: 3. Indiquer un identifiant unique de votre entreprise (numéro DUNS, numéro TVA, etc…) | I10: 3. Inserir o número único de identificação ou código da Empresa (número DUNS, número VAT, identificação específica de cliente , etc.) | J10: 3.Geben sie ihre eindeutige Firmenidentifikationsnummer (DUNS Nummer, Steuernummer, Kunden-spezifische Kennung, etc.) ein | K10: 3. Inserte su único numero de identificador de la compañía o código ( Numero DUNS , Numero VAT, identificación especifica del cliente, etc) | L10: 3. Inserire il codice univoco di identificazione dell'Azienda (DUNS number, Partita IVA, etc..) | M10: 3. Şirketinizin benzersiz tanımlayıcı numarasını ya da kodunu girin (DUNS numarası, KDV numarası, müşteriye özgü tanımlayıcı, vs.)
A11: =B11&C11 -> InstructionsA11 | B11: Instructions | C11: A11 | D11: 4. Insert the source for the unique identifier number or code ("DUNS", "VAT", "Customer", etc). | E11: 4. 插入唯一识别序号或代码出处（例如“DUNS”、“VAT”、“客户”等） | F11: 4. 固有の識別番号又はコードの発行元を記入してください（「DUNS」「VAT」「顧客」等）。 | G11: 4. 귀사의 고유한 번호나 코드의 출처를 기입하십시오. (DUNS #, VAT # 등) | H11: 4. Indiquer le type d'identifiant utilisé (numéro DUNS, numéro TVA, etc…) | I11: 4. Inserir a origem do número único de identificação ou código (número DUNS, número VAT, identificação específica de cliente , etc.) | J11: 4. Geben Sie die Quelle für die eindeutige Kennung oder Code ( "DUNS", "MWST","Kunde", etc. ) an. | K11: 4. Inserte la fuente de su único numero de identificador o código ( " DUNS", " VAT"," Cliente", etc) | L11: 4. Inserire la fonte per il codice univoco di identificazione dell'Azienda (DUNS number, Partita IVA, etc..) | M11: 4. Benzersiz tanımlayıcı numarası veya kod için kaynağı girin ("DUNS", "VAT", "Müşteri", vs.).
A12: =B12&C12 -> InstructionsA12 | B12: Instructions | C12: A12 | D12: 5. Insert your full company address (street, city, state, country, postal code). This field is optional. | E12: 5. 插入贵公司的完整地址（街道、城市、州、国家或地区、邮政编码）。此为必填字段。 | F12: 5. 貴社の住所を省略せずに記入してください（番地、市、州/都道府県、国、郵便番号） 。この欄は任意です。 | G12: 5. 귀사의 주소를 기입하십시오. (시, 구, 동, 우편번호 등). 이 필드는 선택 사항입니다. | H12: 5. Indiquer l’adresse complète de votre entreprise (rue, ville, pays, code postal,…). Ce champ est optionnel. | I12: 5. Inserir o endereço completo da Empresa (Rua, Cidade, Estado, País, Código Postal). Este campo é obrigatório. | J12: 5. Geben Sie Ihre vollständige Firmenanschrift an (Straße, Stadt, Postleitzahl, Bundesland). Dieses Feld ist optional. | K12: 5. Inserte la dirección completa de la compañía (Calle, ciudad, estado, país, código postal). Este campo es opcional | L12: 5. Inserire l'indirizzo completo dell'Azienda (via, città, stato, paese, codice di avviamento postale, ..). Questo campo è opzionale | M12: 5. Şirketinizin açık adresini girin (cadde, şehir, eyalet, ülke, posta kodu). Bu alanın doldurulması isteğe bağlıdır.
A13: =B13&C13 -> InstructionsA13 | B13: Instructions | C13: A13 | D13: 6. Insert the name of the person to contact regarding the contents of the declaration information. This field is mandatory. | E13: 6. 插入对此申报信息内容负责的联系人姓名。此为必填字段。 | F13: 6. このテンプレートの回答データの内容に関して連絡先となる担当者の名前を記入してください。この欄は必須です。 | G13: 6. 이 양식에 기입되는 내용에 관한 문의를 받을수 있는 담당직원 성명을 기입하십시오. 이 필드는 의무사항입니다. | H13: 6. Indiquer le nom de la personne à contacter concernant le contenu de votre déclaration. Ce champ est obligatoire. | I13: 6. Inserir o nome da pessoa de contacto relativamente ao conteúdo da informação prestada na declaração. Este campo é obrigatório. | J13: 6. Geben Sie den Namen der Kontaktperson zum Inhalt der Erklärung an. Dies ist ein obligatorisches Feld. | K13: 6. Inserte el nombre de la persona a contactar en relación al contenido de la información en la declaración. Este campo es obligatorio. | L13: 6. Indicare il nominativo di un Rappresentante Legale dell'Azienda, responsabile dell'esattezza delle informazioni trasmesse tramite questo questionario. Questo campo è obbligatorio | M13: 6. Beyan bilgilerinin içeriği ile ilgili olarak temasa geçilecek kişinin adını girin. Bu alanın doldurulması zorunludur.
... A47: =B47&C47 -> InstructionsA50 | B47: Instructions | C47: A50 | D47: This template allows for smelter identification using the Smelter Look-up. Columns B, and C must be completed in order from left to right to utilize the Smelter Look-up feature. Use a separate line for each metal/smelter/country combination. | E47: 此模板允许使用冶炼厂查找来识别具体的冶炼厂。必须按从左到右的顺序填写 B 列和 C 列，以使用冶炼厂查找功能。_x000D_ 对于各金属/冶炼厂/国家或地区组合，应使用分割线。 | F47: このテンプレートは、Smelter Look-up （製錬所検索）を使用して製錬所を識別することができます。Smelter Look-Up機能を利用するには、左から右へ順にB列とC列を記入する必要があります。_x000D_ 金属/製錬所/国の組み合わせごとに別々の行を使用します。 | G47: 이 템플릿에는 제련소를 식별할 수 있는 제련소 찾기 기능이 있습니다. 제련소 찾기 기능을 사용하려면 B 및 C열을 왼쪽에서 오른쪽으로 작성해야 합니다. _x000D_ 각 광물/제련소/국가 조합에는 별도의 줄을 사용하십시오. | H47: Ce modèle permet l'identification de la fonderie à l'aide de la Recherche de fonderie. L'utilisation de cette fonctionnalité implique de renseigner les colonnes B et C dans l'ordre, et de gauche à droite._x000D_ Utilisez une ligne différente pour chaque combinaison métal/fonderie/pays. | I47: Este modelo permite a identificação da fundição usando a Lista de Referência de Fundições. As colunas B e C devem ser completadas da esquerda para a direita, para que seja possível utilizar o recurso Exame da Fundição._x000D_ Utilize uma linha separada para cada combinação metal/fundição/país. | J47: Diese Vorlage ermöglicht die Identifikation einer Schmelzhütte anhand der Schmelzhüttensuche. Spalten B und C müssen in der richtigen Reihenfolge von links nach rechts ausgefüllt werden, um die Schmelzhüttensuchfunktion nutzen zu können. Verwenden Sie eine separate Reihe für jede Metall/Schmelzhütte/Land-Kombination. | K47: Esta plantilla permite la identificación de las fundidoras utilizando la búsqueda de Fundidoras. Las columnas B y C deben llenarse de izquierda a derecha para utilizar la función de búsqueda de Fundidoras._x000D_ Utilice un renglón separado para cada combinación metal/fundidora/país. | L47: Questo modello consente di identificare le fonderie tramite la Ricerca fonderia. Le colonne B e C devono essere completate da sinistra a destra per utilizzare la funzionalità di Ricerca fonderia._x000D_ Utilizzare una riga diversa per ciascuna combinazione di metallo/fonderia/paese. | M47: Bu şablon, İzabe Tesisi Arama Listesi kullanılarak izabe tesisi tanımlanabilmesini sağlar. İzabe Tesisi Arama Listesi işlevinin kullanılabilmesi için B ve C sütunlarının soldan sağa doğru doldurulması gerekmektedir._x000D_ Her bir metal/izabe tesisi/ülke kombinasyonu için ayrı bir satır kullanın.
A48: InstructionsA51 | B48: Instructions | C48: A51 | D48: 1. Smelter Identification Input Column - If you know the Smelter Identification Number, input the number in Column A (columns B, C, E, F, G, I, and J will auto-populate). Column A does not autopopulate. | E48: 1. 冶炼厂识别输入列 - 如果您知道冶炼厂识别号码，请在 A 列输入号码（B、C、E、F、G、I 和 J 列将自动填入）。A 列不会自动填入。 | F48: 1. 製錬業者識別番号の入力列－製錬業者識別番号が分かる場合は、その番号をA列に入力してください（B列、C列、E列、F列、G列、I列、およびJ列は自動入力されます）。A列は自動入力されません。 | G48: 1. 제련소 ID 입력 열 – 제련소 ID 번호를 아는 경우 A열에 번호를 입력합니다(B, C, E, F, G, I 및 J열은 자동으로 입력됨). A열은 자동으로 입력되지 않습니다. | H48: 1. Colonne d’entrée de l’identification de la fonderie. Si vous connaissez le numéro d’identification de la fonderie, saisissez-le dans la colonne A (les colonnes B, C, E, F, G, I et J se rempliront automatiquement). La colonne A ne se remplit pas automatiquement. | I48: 1. Coluna de entrada de identificação de fundição - se souber o número de identificação de fundição, coloque-o na coluna A (as colunas B, C, E, F, G, I e J são de preenchimento automático). A coluna A não preenche automaticamente. | J48: 1. Eingabespalte Schmelzhüttenidentifizierung – Wenn Sie die Schmelzhüttenidentifizierungsnummer kennen, geben Sie die Nummer in Spalte A ein (Spalten B, C, E, F, G, I und J füllen sich automatisch aus). Spalte A füllt sich nicht automatisch aus. | K48: 1. Columna para ingresar la identificación del fundidor: si conoce el número de identificación del fundidor, ingréselo en la columna A (las columnas B, C, E, F, G, I y J se completarán automáticamente). La columna A no se completa en forma automática. | L48: 1. Colonna di immissione identificativo fonderia - Se si conosce il numero identificativo della fonderia, immetterlo nella colonna A (le colonne B, C, E, F, G, I e J verranno popolate automaticamente). La colonna A non viene popolata automaticamente. | M48: 1. İzabe Tesisi Tanımlaması Giriş Sütunu - İzabe Tesisi Tanımlama Numarasını biliyorsanız A sütununa girin (B, C, E, F, G, I ve J sütunları otomatik olarak doldurulur). A sütunu otomatik olarak doldurulmaz.
A49: =B49&C49 -> InstructionsA52 | B49: Instructions | C49: A52 | D49: 2. Metal (*) - Use the pull down menu to select the metal for which you are entering smelter information. This field is mandatory. | E49: 2. 金属 (*) - 在下拉菜单中，选择正在输入信息的冶炼厂所提炼的金属。 此为必填字段。 | F49: 2. 金属(*) － ドロップダウンメニューを使用して、製錬業者情報を入力する該当金属を選択してください。この欄は必須です。 | G49: 2. 금속(*) - 드랍다운 메뉴를 이용하여 제련소 정보를 입력하려는 금속을 선택하시오. 이 필드는 필수입니다. | H49: 2. Métal (*) – Utiliser la liste déroulante pour sélectionner le métal pour lequel vous entrez l’information. Ce champ est obligatoire. | I49: 2. Metal (*) - Utilize a lista do menu para selecionar o metal para o qual está a inserir a informação sobre a fundição. _x000D_ Este campo é obrigatório | J49: 2. Metall ( * ) - Verwenden Sie das Pull-down-Menü, um das Metall auszuwählen, für welches Sie Informationen über die Schmelzhütte eingeben. Dies ist ein Pflichteingabefeld. | K49: 2.- Metal (*) - Use el menú de opciones para seleccionar el metal para el cual estas capturando la información del fundidor. Este campo es obligatorio. | L49: 2. Metallo (*) - Usare il menu a tendina per selezionare il metallo per il quale state inserendo l'informazione sulle fonderie. Questo campo è obbligatorio | M49: 2. Metal (*) - İzabe tesisi bilgilerini girdiğiniz metali seçmek için açılır menüyü kullanın. Bu alanın doldurulması zorunludur.
